 Dungeon Crawl Stone Soup version 0.30-a0-170-g85af917532 (webtiles) character file.

Game seed: 273099945990543340

1049200 qw the Demon Slayer (level 27, 0/218 HPs)
             Began as a Gargoyle Fighter on Sept 30, 2022.
             Was a High Priest of the Shining One.
             Slain by an eidolon (8 damage)
             ... on level 7 of Tartarus.
             The game lasted 00:57:35 (94729 turns).

qw the Demon Slayer (Gargoyle Fighter)             Turns: 94729, Time: 00:57:36

Health: 0/218      AC: 69    Str: 34    XL:     27
Magic:  40/40      EV: 10    Int: 17    God:    the Shining One [*****.]
Gold:   12070      SH: 34    Dex:  7    Spells: 26/26 levels left

rFire   + + .      SeeInvis +    A - +9 broad axe (holy)
rCold   + + +      Faith    .    x - +7 tower shield of Past Mistakes {rF+ SInv}
rNeg    + + +      Spirit   .    H - +0 crystal plate armour "Itoez" {rC++ Regen+}
rPois   inf        Reflect  +    B - +2 hat {SInv}
rElec   +          Harm     .    N - +2 cloak
rCorr   .          Rampage  .    y - +2 pair of gloves
Will    +....                    s - +2 pair of boots "Gichiry" {Will+ Int+2}
Stlth   ..........               E - amulet of Zumopt {Reflect rF+ rC+ Str+3 Int+3 SH+5}
HPRegen 1.26/turn                K - +4 ring of protection
MPRegen 0.27/turn                L - +4 ring of protection

@: flying, slowed, silenced, weak-willed, very slow
A: sickness immunity, AC +20, big wings, negative energy resistance 1,
electricity resistance, torment resistance 1, petrification resistance, talons
1, iridescent scales 1, clumsy 1, deformed body, robust 1, inability to read
after injury 1
}: 11/15 runes: decaying, slimy, silver, golden, icy, demonic, glowing, magical,
fiery, dark, gossamer
a: Renounce Religion


You were on level 7 of Tartarus.
You worshipped the Shining One.
The Shining One was extremely pleased with you.
You visited 15 branches of the dungeon, and saw 70 of its levels.
You visited Pandemonium 1 time, and saw 18 of its levels.
You also visited: Sewer.

You collected 15131 gold pieces.
You spent 3061 gold pieces at shops.


Innate Abilities, Weirdness & Mutations

You are immune to sickness and miasma.
Your stone body is resilient. (AC +20)
You are immune to poison.
Your large and strong wings let you fly.
You resist negative energy. (rN+)
You are resistant to electric shocks. (rElec)
You are resistant to unholy torment.
You are immune to petrification.
You have sharp toenails.
You are partially covered in iridescent scales. (AC +2)
You are clumsy. (Dex -2)
Armour fits poorly on your strangely shaped body.
You are robust. (+10% HP)
You occasionally lose the ability to read scrolls when taking damage.


   Skills:
 O Level 27 Fighting
 - Level 5.2 Short Blades
 - Level 24.0 Axes
 + Level 21.8 Throwing
 O Level 27 Armour
 - Level 11.0 Dodging
 - Level 25.4 Shields
 O Level 27 Invocations


You had 26 spell levels left.
You didn't know any spells.
Your spell library was empty.

Inventory:

Hand Weapons
 A - a +9 broad axe of holy wrath (weapon)
 Q - the +8 broad axe of Righteous Anger {protect, rC- Will+ Str+3 Int+5}
   (You found it on level 5 of the Pits of Slime)

   It grants its wielder temporary protection when it strikes (+7 to AC).
   Str:       It affects your strength (+3).
   Int:       It affects your intelligence (+5).
   rC:        It makes you vulnerable to cold.
   Will:      It increases your willpower.
Missiles
 c - 3 silver javelins
 D - 21 boomerangs
 M - 9 silver boomerangs (quivered)
Armour
 s - the +2 pair of boots "Gichiry" (worn) {Will+ Int+2}
   (You found it in Pandemonium)

   Int:       It affects your intelligence (+2).
   Will:      It increases your willpower.
 x - the +7 tower shield of Past Mistakes (worn) {rF+ SInv}
   (Okawaru gifted it to you on level 2 of the Vaults)

   rF:        It protects you from fire.
   SInv:      It lets you see invisible.
 y - a +2 pair of gloves (worn)
 B - a +2 hat of see invisible (worn)
 F - a scarf of resistance
 H - the +0 crystal plate armour "Itoez" (worn) {rC++ Regen+}
   (Okawaru gifted it to you on level 4 of the Swamp)

   rC:        It greatly protects you from cold.
   Regen:     It increases your rate of health regeneration.
 J - the +3 pair of seven-league boots {Rampage+∞}
   (You found it on level 4 of the Spider Nest)

   Its wearer moves as far as possible in that direction when moving towards
   enemies.
 N - a +2 cloak (worn)
Jewellery
 f - a ring of protection from fire
 E - the amulet of Zumopt (around neck) {Reflect rF+ rC+ Str+3 Int+3 SH+5}
   (You found it in Pandemonium)

   [amulet of reflection]

   It reflects blocked missile attacks.
   Str:       It affects your strength (+3).
   Int:       It affects your intelligence (+3).
   rF:        It protects you from fire.
   rC:        It protects you from cold.
   SH:        It affects your SH (+5).
 I - a ring of protection from fire
 K - a +4 ring of protection (left hand)
 L - a +4 ring of protection (right hand)
Wands
 u - a wand of digging (43)
Scrolls
 g - 24 scrolls of identify
 t - 5 scrolls of enchant armour
 v - 14 scrolls of enchant weapon
 C - 4 scrolls of brand weapon
 O - 4 scrolls of teleportation
Potions
 b - 4 potions of cancellation
 d - 14 potions of might
 e - 2 potions of resistance
 i - 14 potions of haste
 k - 6 potions of magic
 l - 17 potions of attraction
 o - 18 potions of lignification
 r - 2 potions of curing
 z - 8 potions of heal wounds

Dungeon Overview and Level Annotations

Branches:
Dungeon (15/15)            Temple (1/1) D:4            Lair (5/5) D:8
  Swamp (4/4) Lair:3       Spider (4/4) Lair:2        Slime (5/5) Lair:4
    Orc (2/2) D:10            Elf (0/3) Orc:2        Vaults (5/5) D:14
  Crypt (3/3) Vaults:3       Tomb (3/3) Crypt:3      Depths (4/4) D:15
   Hell (visited)             Dis (0/7) Hell            Geh (0/7) Hell
    Coc (7/7) Hell            Tar (7/7) Hell            Zot (4/5) Depths:4
  Sewer (visited)

Altars:
Ashenzari
Cheibriados
Dithmenos
Elyvilon
Fedhas
Gozag
Hepliaklqana
Kikubaaqudgha
Makhleb
Nemelex Xobeh
Okawaru
Qazlal
Ru
Sif Muna
Trog
Uskayaw
Vehumet
Wu Jian
Xom
Yredelemnul
Zin
The Shining One
Jiyva
Lugonu

Shops:
D:1 *?=!   D:7 *   D:15 [   Orc:2 :*(*[   Depths:1 =:=

Portals:
Hell: Depths:1 Depths:2 Depths:3 Depths:4
Abyss: Depths:3 Depths:4
Pandemonium: Depths:2*
Ziggurat: Depths:3

Annotations:
D:9 3 runed translucent doors, qw's ghost, novice GrFi
Swamp:1 3 runed translucent doors, Piask's ghost, adept FoAK
Vaults:1 2 transporters
Vaults:3 3 runed translucent doors, Droegar's ghost, adept MiBe
Depths:2 2 transporters
Depths:4 1 runed translucent door
Tar:7 Ereshkigal


Message History

Ereshkigal hits you but does no damage. You block the reaper's attack.
The profane servitor hits you with a +2 demon whip of venom!!
The profane servitor hits you but does no damage.
You block the eidolon's attack. The eidolon barely misses you.
The bone dragon bites you but does no damage.
The bone dragon claws you but does no damage.
The bone dragon tramples you but does no damage.
The Tzitzimitl barely misses you.
The Tzitzimitl bites you but does no damage.
94729 ||| DRINKING 9 potions of heal wounds.
You feel much better.
You block the profane servitor's attack.
The profane servitor hits you but does no damage.
The profane servitor hits you with a +2 demon whip of venom!
You block the profane servitor's attack.
You block Ereshkigal's attack.
The reaper hits you from afar with a +2 scythe of pain!
The profane servitor hits you but does no damage. x2
The Tzitzimitl calls on the powers of darkness!
Your body is wracked with pain!
The eidolon stares piercingly at you.
The bolt of negative energy hits you but does no damage.
You resist.
The bolt of negative energy misses Ereshkigal.
The bolt of negative energy hits the shadow wraith.
The shadow wraith completely resists.
The bolt of negative energy hits the shadow wraith.
The shadow wraith completely resists.
The profane servitor hits you with a +2 demon whip of venom!!
You block the profane servitor's attack.
Ereshkigal hits you but does no damage. You block the bone dragon's attack.
The bone dragon claws you but does no damage.
The bone dragon tramples you but does no damage.
The Tzitzimitl engulfs you. The Tzitzimitl drains your vigour!
You feel as though you will be slow longer.
The Tzitzimitl bites you but does no damage.
The reaper hits you but does no damage.
The profane servitor hits you but does no damage. x2
The eidolon hits you!
You die...

#..# ############ #..#
........# #........... #..#
........# #.#########. #..#
........# #.....#.#... #..#
........# #####.#(#.#. #..#
......1W# #.....#.#. #..#
.....1WW##### #.#####.#. #..#
.....2A&#... #.#...#.#. #..#
.....WA@#.# #.#.#.#.#. #..#
......1WDW# #.#.#.#.#.
#..#############.#####.#.#.#.#.
#..#...........#.#.....#.#...#.
#..#.#######A#.#.#.#####.#####.
#..#.#.....#.#.#...#.....#.#...
#..#.#####.#.#.#####.#####.#.##
#..#.....#.#.#...A.#.#.....#.#.
#..#####.#.#.#####.#.###.#.#.#.


You could see Ereshkigal (silencing, unsilenced), a bone dragon, 2 profane
servitors, 3 Tzitzimimeh, a reaper, an eidolon (unsilenced), a putrid mouth and
4 shadow wraiths.

Vanquished Creatures
  Cerebov (Pan)
  Antaeus (Coc:7)
  the Royal Jelly (Slime:5)
  Gloorx Vloq (Pan)
  2 dread liches
  An ancient lich (Tar:1)
  Mennas (Depths:3)
  16 royal mummies
  Sojobo (Depths:3)
  Frederick (Vaults:3)
  Vv (Zot:3)
  Bai Suzhen (Swamp:3)
  19 shard shrikes
  Saint Roka (Depths:2)
  3 curse toes
  Xtahua (Vaults:3)
  2 Killer Klowns
  Geryon (Hell)
  7 pandemonium lords (Pan)
  Nikola (Vaults:1)
  the Enchantress (Depths:2)
  7 golden dragons
  Jory (Vaults:4)
  7 profane servitors
  17 bone dragons
  9 doom hounds
  Arachne (Spider:3)
  27 Tzitzimimeh
  14 Brimstone Fiends (Pan)
  2 electric golems
  A spectral shard shrike (Tar:4)
  A walking crystal tome (Depths:4)
  12 tentacled monstrosities
  A Hell Sentinel (Pan)
  Rupert (D:15)
  Zenata (Vaults:4)
  23 Ice Fiends
  6 deep elf blademasters
  14 tainted leviathans
  A quicksilver dragon (Zot:1)
  14 acid blobs
  6 liches
  2 walking frostbound tomes
  34 titans
  10 ancient champions
  4 deep elf master archers
  23 Executioners (Pan)
  Gastronok (Lair:1)
  10 sphinxes
  Frances (Swamp:1)
  8 death cobs
  11 shadow dragons
  8 tengu reavers
  Kirke (Lair:4)
  12 storm dragons
  4 draconian monks
  5 revenants
  2 thorn hunters (Swamp:4)
  8 rockslimes
  5 draconian knights
  9 azure jellies
  15 narguns
  9 demonspawn warmongers (Pan)
  15 fire giants
  A deep elf sorcerer (Vaults:5)
  5 emperor scorpions
  15 vault wardens
  An iron dragon (Depths:3)
  8 ghost moths
  3 draconian stormcallers
  Aizul (Swamp:4)
  21 cacodemons
  Louise (Spider:2)
  A caustic shrike zombie (Crypt:1)
  5 draconian scorchers
  15 frost giants
  5 curse skulls
  17 balrugs (Pan)
  2 orc warlords
  8 spriggan defenders
  An angel (Pan)
  9 ghouls
  4 shard shrike simulacra
  5 draconian shifters
  10 quicksilver oozes
  8 demonspawn blood saints (Pan)
  5 draconian annihilators
  20 ironbound preservers
  6 ironbound thunderhulks
  A war gargoyle (Vaults:1)
  A broodmother (Spider:1)
  25 reapers
  4 demonspawn corrupters (Pan)
  2 juggernaut skeletons (Hell)
  39 very ugly things
  25 stone giants
  5 vampire knights
  19 elemental wellsprings
  2 caustic shrike skeletons
  9 red draconians
  5 eleionomae
  2 deep elf demonologists
  14 wendigos
  8 green draconians
  22 lorocyprocas
  4 bennus
  2 deep elf annihilators (Vaults:5)
  5 halazid warlocks (Tar:1)
  3 demonspawn black suns (Pan)
  15 putrid mouths
  2 spectral titans
  4 bunyips
  7 black draconians
  A dire elephant (shapeshifter) (Depths:1)
  9 white draconians
  8 yellow draconians
  9 dire elephants
  9 purple draconians
  19 spark wasps
  4 eidola
  A minotaur (shapeshifter) (Vaults:5)
  Snorg (Lair:4)
  A crystal guardian (Hell)
  25 green deaths
  2 iron golems (Hell)
  A deep elf death mage (Crypt:2)
  20 mummy priests
  3 quicksilver dragon zombies
  25 blizzard demons
  17 jiangshi
  3 spriggan zombies
  10 entropy weavers
  A shambling mangrove (Swamp:4)
  8 fire dragons
  7 ettins
  9 spectral spriggans
  20 yaktaur captains
  A deep elf high priest (Vaults:5)
  Josephine (Swamp:1)
  11 great orbs of eyes
  5 ice dragons
  33 vault guards
  9 caustic shrike simulacra
  13 spriggan air magi
  A quicksilver dragon skeleton (Pan)
  17 hydras
  7 juggernaut simulacra
  Erolcha (D:9)
  7 hell beasts
  5 death knights
  An ogre mage (Vaults:5)
  A jorogumo (Spider:4)
  7 boulder beetles
  8 ironbound frosthearts
  A jorogumo (shapeshifter) (Vaults:5)
  2 catoblepae
  A fenstrider witch skeleton (Crypt:3)
  5 rakshasas
  3 radroaches
  13 centaur warriors
  7 alligators
  A bennu zombie (Crypt:3)
  2 ghost crabs (Swamp:4)
  A two-headed ogre (shapeshifter) (D:15)
  7 two-headed ogres
  53 death scarabs
  5 tengu warriors
  A deep troll earth mage (Depths:3)
  7 deep troll shamans
  23 death yaks
  8 vampire magi
  3 orc high priests
  6 spriggan berserkers
  4 hell hogs (Hell)
  5 spectral nagas
  66 sun demons
  A spectral dire elephant (Tar:5)
  6 hell knights
  5 crystal echidnas (Hell)
  15 deep elf knights
  13 shadow wraiths
  A titan zombie (Crypt:3)
  5 titan skeletons
  30 soul eaters
  A spectral bunyip (Tar:1)
  4 steelbarb worms
  An elf simulacrum (Coc:2)
  A bunyip zombie (Hell)
  27 sixfirhies (Pan)
  A sun moth (Spider:4)
  6 pharaoh ants
  2 spectral anacondas (Tar:1)
  35 skeletal warriors
  5 quicksilver dragon simulacra
  9 shadow demons
  5 flayed ghosts
  An obsidian statue (Depths:4)
  5 iron trolls
  A sea snake (shapeshifter) (Vaults:2)
  9 bog bodies
  A death drake (Swamp:1)
  3 spriggan druids
  57 deep trolls
  14 orb spiders
  10 swamp dragons
  5 goliath frogs
  3 orange crystal statues
  8 glowing orange brains
  10 lindwurms
  14 wizards
  An anaconda skeleton (Crypt:3)
  9 deep elf pyromancers
  3 harpies (Vaults:1)
  11 ironbound convokers
  3 deep elf zephyrmancers
  5 spriggan simulacra
  18 necromancers
  10 deep elf archers
  A sphinx zombie (Crypt:2)
  A bunyip skeleton (Tomb:1)
  3 manticores
  9 orc knights
  6 phantasmal warriors
  A tengu skeleton (Vaults:3)
  43 ugly things
  A spectral ettin (Tar:4)
  24 wolf spiders
  4 orc sorcerers (Orc:2)
  4 shining eyes (Slime:5)
  7 will-o-the-wisps
  3 cyclopes
  A stone giant zombie (Vaults:4)
  7 oklob plants
  A frost giant zombie (Depths:1)
  53 large abominations (Pan)
  A sphinx skeleton (Vaults:4)
  A cyclops (shapeshifter) (Vaults:5)
  24 moths of wrath
  14 elephants
  A spectral centaur (Tar:1)
  24 vault sentinels
  3 centaur zombies
  An ice statue (Coc:7)
  Joseph (D:7)
  2 rust devils (Pan)
  4 black mambas
  Maurice (D:8)
  3 titan simulacra
  7 torpor snails
  36 orange demons
  2 stone giant skeletons
  2 frost giant skeletons
  An eye of devastation (Pan)
  A centaur skeleton (Pan)
  4 molten gargoyles (Hell)
  Psyche (D:8)
  A dire elephant skeleton (Crypt:3)
  An orc skeleton (Pan)
  72 smoke demons
  A gargoyle (D:10)
  9 cane toads
  11 komodo dragons
  6 unseen horrors
  A cane toad (shapeshifter) (D:14)
  16 hellions
  A kobold demonologist (D:14)
  An alligator snapping turtle skeleton (Crypt:1)
  A redback zombie (Crypt:1)
  29 yaktaurs
  9 efreet
  41 demonic crawlers
  A komodo dragon (shapeshifter) (Vaults:5)
  A bunyip simulacrum (Coc:2)
  5 rime drakes
  8 freezing wraiths
  4 ice devils
  4 anaconda simulacra
  3 iron giant simulacra
  22 tormentors
  7 tengu conjurers
  42 guardian mummies
  21 hellwings (Pan)
  11 meliai
  4 spectral harpies
  6 trolls
  A harpy zombie (Crypt:1)
  4 red devils
  2 shadow dragon simulacra
  3 golden dragon simulacra
  2 iron troll skeletons
  3 polar bears (Lair:5)
  14 wind drakes (Pan)
  2 yaktaur skeletons
  A bloated husk (Swamp:1)
  Prince Ribbit (D:8)
  An elf zombie (Vaults:1)
  5 tyrant leeches
  A merfolk (shapeshifter) (D:15)
  A hydra skeleton (Crypt:1)
  109 slime creatures
  A human simulacrum (Crypt:1)
  25 tarantellas
  12 blink frogs
  An iron dragon simulacrum (Coc:3)
  12 dream sheep
  10 hornets
  A culicivora zombie (Crypt:1)
  A harpy skeleton (Pan)
  A deep troll skeleton (Vaults:4)
  17 flying skulls
  23 jumping spiders
  2 ettin skeletons
  5 vampires
  An alligator skeleton (Crypt:2)
  A jumping spider (shapeshifter) (D:15)
  2 shadows
  2 naga simulacra (Coc:4)
  15 spriggans
  Sigmund (D:5)
  7 wraiths
  22 culicivoras
  A wyvern (Lair:5)
  A black mamba zombie (Tomb:1)
  50 yaks
  3 basilisks
  4 dire elephant simulacra
  21 ushabtiu
  49 ynoxinuls
  A golden eye (shapeshifter) (Vaults:5)
  4 hogs (Lair:4)
  An elf skeleton (Vaults:3)
  10 golden eyes
  63 redbacks
  A black mamba skeleton (Pan)
  39 chaos spawn
  3 humans (Lair:4)
  4 vampire mosquitoes (D:15)
  39 neqoxecs (Pan)
  13 swamp worms
  4 wargs
  7 harpy simulacra
  Edmund (D:4)
  A merfolk zombie (Crypt:2)
  4 acid dragons
  8 water moccasins
  A water nymph zombie (Crypt:3)
  A floating eye (shapeshifter) (Depths:4)
  A hydra simulacrum (Coc:2)
  2 naga skeletons
  A demonspawn skeleton (Crypt:3)
  A floating eye (Pan)
  4 ice beasts
  48 orc warriors
  A sky beast (D:6)
  2 black bears
  An elephant zombie (Crypt:2)
  6 ettin simulacra
  A black mamba simulacrum (Coc:1)
  5 boggarts (Vaults:1)
  10 swamp drakes
  A tengu (shapeshifter) (D:15)
  13 ogres
  A manticore skeleton (Crypt:3)
  An elephant skeleton (Crypt:3)
  3 centaurs
  45 wolves
  3 kobold brigands (D:10)
  3 human zombies
  A komodo dragon skeleton (Crypt:1)
  5 gnoll sergeants
  4 scorpions
  7 human skeletons
  12 bullfrogs
  3 necrophages
  A wyvern zombie (Crypt:2)
  11 killer bees
  8 howler monkeys
  An electric eel (Lair:5)
  A quasit (Pan)
  4 hounds
  10 jellies
  A bullfrog skeleton (Crypt:1)
  18 orc priests
  A gnoll bouda (D:9)
  A scorpion zombie (Crypt:1)
  19 iguanas
  6 hell rats (Hell)
  15 orc wizards
  A tengu simulacrum (Depths:1)
  4 lightning spires (Zot:4)
  An ogre skeleton (Crypt:2)
  40 mummies
  14 adders
  16 gnolls
  6 river rats
  A shadow imp (D:8)
  2 white imps
  An ufetubus (D:5)
  3 worms
  3 dart slugs
  82 orcs
  10 ball pythons
  3 bats
  16 endoplasms
  5 giant cockroaches
  10 hobgoblins
  2 jackals (Sewer)
  2 quokkas
  A dart slug zombie (Crypt:2)
  21 frilled lizards
  A frilled lizard zombie (Crypt:3)
  11 goblins
  6 kobolds
  A quokka zombie (Crypt:2)
  10 rats
  A block of ice (Pan)
  5 briar patches (Swamp:4)
3617 creatures vanquished.

Vanquished Creatures (collateral kills)
  Ignacio (Pan)
  Lom Lobon (Pan)
  Mnoleg (Pan)
  3 pandemonium lords (Pan)
  10 royal mummies
  4 shard shrikes (Coc:7)
  4 profane servitors
  3 bone dragons
  2 Brimstone Fiends (Pan)
  5 Tzitzimimeh
  2 doom hounds
  3 Hell Sentinels (Pan)
  A tentacled monstrosity (Pan)
  7 Ice Fiends
  A deep elf blademaster (Crypt:3)
  2 tainted leviathans
  3 titans (Coc:7)
  2 Executioners (Pan)
  2 acid blobs (Slime:5)
  2 demonspawn warmongers (Pan)
  2 revenants
  5 narguns
  2 rockslimes (Slime:5)
  4 azure jellies
  A fire giant (Crypt:3)
  2 frost giants
  3 cacodemons (Pan)
  3 balrugs
  7 reapers
  A demonspawn corrupter (Pan)
  3 quicksilver oozes (Slime:5)
  A stone giant (Crypt:3)
  A vampire knight (Crypt:3)
  2 demonspawn blood saints (Pan)
  2 very ugly things (Pan)
  4 putrid mouths
  A lorocyproca (Pan)
  3 elemental wellsprings
  4 wendigos (Coc:7)
  2 jiangshi (Crypt:3)
  4 blizzard demons (Pan)
  2 mummy priests
  4 green deaths (Pan)
  2 great orbs of eyes
  A caustic shrike simulacrum (Coc:7)
  3 death scarabs (Tomb:3)
  A vampire mage (Crypt:3)
  5 soul eaters (Pan)
  12 sun demons (Pan)
  A deep elf knight (Crypt:3)
  3 shadow demons (Pan)
  A skeletal warrior (Crypt:3)
  3 sixfirhies (Pan)
  A golden dragon zombie (Crypt:3)
  A spriggan simulacrum (Hell)
  A deep elf archer (Crypt:3)
  A necromancer (Hell)
  2 deep elf zephyrmancers (Crypt:3)
  A shining eye (Pan)
  A stone giant skeleton (Tomb:1)
  An eye of devastation (Pan)
  An ice statue (Coc:7)
  A molten gargoyle (Hell)
  3 orange demons (Pan)
  14 smoke demons
  A naga skeleton (Hell)
  5 demonic crawlers (Pan)
  5 hellions
  3 tormentors
  3 hellwings (Pan)
  2 efreet (Pan)
  4 guardian mummies
  An iron giant simulacrum (Coc:7)
  3 red devils (Pan)
  11 large abominations (Pan)
  2 wind drakes (Pan)
  A flying skull (Tomb:2)
  6 ynoxinuls (Pan)
  A vampire (Crypt:3)
  3 golden eyes (Pan)
  13 neqoxecs (Pan)
  5 chaos spawn (Pan)
  A naga zombie (Tomb:1)
  A harpy simulacrum (Coc:7)
  A floating eye (Pan)
  7 mummies
  2 shadow imps (Tar:7)
  A fire vortex (Pan)
264 creatures vanquished.

Vanquished Creatures (others)
  Margery (Vaults:4)
  An Executioner (Pan)
  An eldritch tentacle (Pan)
  A shard shrike simulacrum (Coc:5)
  An ironbound thunderhulk (Vaults:1)
  Nessos (Lair:4)
  An elemental wellspring (Coc:6)
  2 wendigos (Coc:2)
  A blizzard demon (Pan)
  A merfolk javelineer (Depths:2)
  A caustic shrike simulacrum (Coc:7)
  A hydra (Swamp:4)
  A jorogumo (Spider:2)
  A juggernaut simulacrum (Coc:2)
  A death scarab (Tomb:1)
  A steelbarb worm (shapeshifter) (Depths:2)
  2 swamp dragons (Swamp:4)
  A quicksilver dragon simulacrum (Coc:2)
  2 spriggan simulacra
  2 smoke demons (Pan)
  An orange demon (Pan)
  A titan simulacrum (Coc:5)
  An anaconda simulacrum (Coc:7)
  An ice devil (Hell)
  A bloated husk (Swamp:2)
  A hornet (Swamp:4)
  A stone giant simulacrum (Coc:6)
  A water elemental (Depths:2)
  A dire elephant simulacrum (Coc:4)
  A ynoxinul (Pan)
  A golden eye (Pan)
  A neqoxec (Pan)
  A chaos spawn (Pan)
  5 harpy simulacra
  3 ettin simulacra
  An orc (Orc:2)
  6 ball lightnings (Pan)
  A block of ice (Pan)
  17 foxfires
  48 fungi
  3 pillars of salt (Vaults:4)
  46 plants
  5 toadstools (D:1)
172 creatures vanquished.

Grand Total: 4053 creatures vanquished

Notes
Turn   | Place    | Note
-------+----------+-------------------------------------------
     0 | D:1      | qw the Gargoyle Fighter began the quest for the Orb.
     0 | D:1      | Reached XP level 1. HP: 14/14 MP: 1/1
     0 | D:1      | 0 ||| qw: Version: 0.2-a-12-gaebbb33
     0 | D:1      | 0 ||| qw: Game counter: 1656
     0 | D:1      | 0 ||| qw: Always use a shield: true
     0 | D:1      | 0 ||| qw: God list: Okawaru
     0 | D:1      | 0 ||| qw: Allow faded altars: false
     0 | D:1      | 0 ||| qw: Do Orc after D:15 true
     0 | D:1      | 0 ||| qw: Do second Lair branch before Depths: true
     0 | D:1      | 0 ||| qw: Lair rune preference: random
     0 | D:1      | 0 ||| qw: Plans: Normal, Zot:1-4, God:TSO, Crypt, Tomb,
                  | Pan, Slime:5, Hells, Abyss, Orb
     0 | D:1      | 0 ||| PLANNING D:1-11
    45 | D:1      | Found Izeyp's Assorted Antiques.
    50 | D:1      | 50 ||| SHOPLISTING fuming dark potion (18 gold, have 0).
    50 | D:1      | 50 ||| SHOPLISTING glowing mace (126 gold, have 0).
    50 | D:1      | 50 ||| SHOPLISTING runed leather armour (105 gold, have 0).
    50 | D:1      | 50 ||| SHOPLISTING scroll labelled BUUROU ZODUS (21 gold,
                  | have 0).
    50 | D:1      | 50 ||| SHOPLISTING scroll labelled YSIUHA ACHONN (21 gold,
                  | have 0).
   102 | D:1      | Reached XP level 2. HP: 19/19 MP: 2/2
   183 | D:1      | Found Cidwoo's Magic Scroll Shoppe.
   199 | D:1      | 199 ||| SHOPLISTING scroll of identify (24 gold, have 5).
   199 | D:1      | 199 ||| SHOPLISTING scroll of teleportation (36 gold, have
                  | 5).
   199 | D:1      | 199 ||| Stepping ~*~*~tactically~*~*~ (stealth).
   203 | D:1      | 203 ||| Stepping ~*~*~tactically~*~*~ (stealth).
   211 | D:1      | Found Esiogria's Jewellery Emporium.
   217 | D:1      | 217 ||| SHOPLISTING +4 ring of evasion (504 gold, have 5).
   217 | D:1      | 217 ||| SHOPLISTING +4 ring of protection (504 gold, have
                  | 5).
   217 | D:1      | 217 ||| SHOPLISTING amulet of reflection (420 gold, have
                  | 5).
   217 | D:1      | 217 ||| SHOPLISTING ring of ice (350 gold, have 5).
   217 | D:1      | 217 ||| SHOPLISTING ring of resist corrosion (280 gold,
                  | have 5).
   271 | D:1      | 271 ||| Stepping ~*~*~tactically~*~*~ (hiding).
   279 | D:1      | Reached skill level 3 in Axes
   447 | D:1      | Reached XP level 3. HP: 15/23 MP: 3/3
   682 | D:1      | Found Lack's Distillery.
   694 | D:1      | 694 ||| SHOPLISTING potion of attraction (39 gold, have
                  | 16).
   694 | D:1      | 694 ||| SHOPLISTING potion of curing (39 gold, have 16).
   694 | D:1      | 694 ||| SHOPLISTING potion of haste (130 gold, have 16).
   694 | D:1      | 694 ||| SHOPLISTING potion of heal wounds (65 gold, have
                  | 16).
   694 | D:1      | 694 ||| SHOPLISTING potion of might (52 gold, have 16).
   694 | D:1      | 694 ||| SHOPLISTING potion of mutation (104 gold, have 16).
   723 | D:1      | 723 ||| READING scroll labelled JAKKIR FAELEE.
   724 | D:1      | 724 ||| READING scroll labelled BUUROU ZODUS.
   725 | D:1      | 725 ||| READING scroll labelled GIVEFU GOUSTRE.
   726 | D:1      | 726 ||| READING scroll labelled JEDORIRR WIJA.
   727 | D:1      | 727 ||| READING scroll labelled KODUIR PEBAS.
  1079 | D:2      | Found a faded altar of an unknown god.
  1150 | D:2      | 1150 ||| Stepping ~*~*~tactically~*~*~ (stealth).
  1623 | D:2      | 1623 ||| READING scroll labelled ULONGE DETOSMY.
  1624 | D:2      | 1624 ||| DRINKING 2 smoky grey potions.
  1625 | D:2      | 1625 ||| READING 2 scrolls of identify.
  1625 | D:2      | 1625 ||| IDENTIFYING murky grey potion
  1626 | D:2      | 1626 ||| DROPPING potion of degeneration.
  1822 | D:3      | Reached XP level 4. HP: 26/28 MP: 4/4
  2241 | D:3      | 2241 ||| Stepping ~*~*~tactically~*~*~ (hiding).
  2247 | D:3      | Reached XP level 5. HP: 28/32 MP: 5/5
  2405 | D:3      | 2405 ||| DROPPING +0 club.
  2586 | D:3      | 2586 ||| UPGRADING to +0 plate armour.
  2596 | D:3      | 2596 ||| DROPPING +0 scale mail.
  2597 | D:3      | 2597 ||| READING scroll of enchant armour.
  2597 | D:3      | 2597 ||| ENCHANTING +0 plate armour.
  2598 | D:3      | 2598 ||| READING scroll labelled YSIUHA ACHONN.
  2599 | D:3      | 2599 ||| READING scroll labelled UVVAYQAPSI.
  2600 | D:3      | 2600 ||| READING 4 scrolls of identify.
  2600 | D:3      | 2600 ||| IDENTIFYING emerald potion
  2601 | D:3      | 2601 ||| READING 3 scrolls of identify.
  2601 | D:3      | 2601 ||| IDENTIFYING coppery potion
  2602 | D:3      | 2602 ||| READING 2 scrolls of identify.
  2602 | D:3      | 2602 ||| IDENTIFYING viscous coppery potion
  2631 | D:4      | Noticed an ogre
  2632 | D:4      | 2632 ||| PLANNING SEWER
  2632 | D:4      | 2632 ||| STAIRDANCE
  2634 | D:3      | Killed an ogre
  2635 | D:3      | Reached XP level 6. HP: 18/37 MP: 6/6
  2819 | D:4      | Found a glowing drain.
  2820 | D:4      | 2820 ||| FLEEEEING.
  2821 | D:4      | 2821 ||| FLEEEEING.
  2826 | D:4      | 2826 ||| FLEEEEING.
  2827 | D:4      | 2827 ||| FLEEEEING.
  2828 | D:4      | 2828 ||| FLEEEEING.
  2829 | D:4      | 2829 ||| FLEEEEING.
  2830 | D:4      | 2830 ||| FLEEEEING.
  2834 | D:4      | 2834 ||| FLEEEEING.
  2835 | D:4      | 2835 ||| STAIRDANCE
  2840 | D:4      | 2840 ||| STAIRDANCE
  2876 | D:4      | 2876 ||| FLEEEEING.
  2877 | D:4      | 2877 ||| FLEEEEING.
  2878 | D:4      | 2878 ||| FLEEEEING.
  2889 | D:4      | 2889 ||| FLEEEEING.
  2890 | D:4      | 2890 ||| FLEEEEING.
  2891 | D:4      | 2891 ||| FLEEEEING.
  2895 | D:4      | 2895 ||| FLEEEEING.
  2896 | D:4      | 2896 ||| STAIRDANCE
  2900 | D:4      | 2900 ||| STAIRDANCE
  2906 | D:4      | 2906 ||| STAIRDANCE
  2943 | D:4      | Reached skill level 6 in Axes
  3065 | D:4      | 3065 ||| FLEEEEING.
  3085 | Sewer    | Entered a sewer
  3133 | Sewer    | 3133 ||| Stepping ~*~*~tactically~*~*~ (stealth).
  3339 | Sewer    | 3339 ||| Stepping ~*~*~tactically~*~*~ (water).
  3370 | Sewer    | Reached XP level 7. HP: 37/43 MP: 7/7
  3557 | Sewer    | 3557 ||| READING scroll of enchant armour.
  3557 | Sewer    | 3557 ||| ENCHANTING +1 plate armour.
  3797 | Sewer    | 3797 ||| DRINKING 2 fuming dark potions.
  3803 | D:4      | 3803 ||| PLANNING D:1-11
  4519 | D:4      | Found a staircase to the Ecumenical Temple.
  4520 | D:4      | 4520 ||| PLANNING TEMPLE
  4520 | D:4      | 4520 ||| READING scroll labelled JOGUNI XALA.
  4624 | D:4      | Noticed Edmund
  4625 | D:4      | 4625 ||| FLEEEEING.
  4626 | D:4      | 4626 ||| FLEEEEING.
  4631 | D:4      | Killed Edmund
  4632 | D:4      | Reached XP level 8. HP: 39/50 MP: 8/8
  4706 | Temple   | Entered the Ecumenical Temple
  4707 | Temple   | 4707 ||| DROPPING +0 flail.
  4817 | Temple   | 4817 ||| PLANNING OKAWARU WORSHIP
  4930 | Temple   | Became a worshipper of Warmaster Okawaru
  4931 | Temple   | 4931 ||| PLANNING D:1-11
  5209 | D:5      | Entered Level 5 of the Dungeon
  5439 | D:5      | Identified the +9 hand axe "Ezesal" {speed, *Corrode rC+
                  | Str+4 Dex+4}
  5441 | D:5      | 5441 ||| SWAPPING to +9 hand axe "Ezesal" {speed, *Corrode
                  | rC+ Str+4 Dex+4}.
  5442 | D:5      | 5442 ||| DROPPING +0 war axe of electrocution.
  5652 | D:5      | 5652 ||| Stepping ~*~*~tactically~*~*~ (hiding).
  5653 | D:5      | 5653 ||| Stepping ~*~*~tactically~*~*~ (hiding).
  5706 | D:5      | 5706 ||| Stepping ~*~*~tactically~*~*~ (stealth).
  5707 | D:5      | 5707 ||| Stepping ~*~*~tactically~*~*~ (stealth).
  5829 | D:5      | Reached * piety under Okawaru
  5845 | D:5      | Noticed Sigmund
  5846 | D:5      | 5846 ||| Stepping ~*~*~tactically~*~*~ (hiding).
  5847 | D:5      | 5847 ||| INVOKING Heroism.
  5848 | D:5      | 5848 ||| DRINKING 2 potions of curing.
  5848 | D:5      | 5848 ||| (to cure confusion)
  5850 | D:5      | 5850 ||| DRINKING potion of curing.
  5850 | D:5      | 5850 ||| (to cure confusion)
  5852 | D:5      | Killed Sigmund
  5853 | D:5      | Reached skill level 6 in Fighting
  5853 | D:5      | Reached skill level 1 in Invocations
  6258 | D:5      | 6258 ||| UPGRADING to amulet of reflection.
  6263 | D:5      | 6263 ||| READING 3 scrolls labelled SYRCHEPTOW ANTE.
  6264 | D:5      | 6264 ||| DRINKING 2 fuming white potions.
  6265 | D:5      | 6265 ||| READING 3 scrolls of identify.
  6265 | D:5      | 6265 ||| IDENTIFYING white potion
  6266 | D:5      | 6266 ||| READING 2 scrolls of identify.
  6266 | D:5      | 6266 ||| IDENTIFYING clear potion
  6267 | D:5      | 6267 ||| DROPPING potion of invisibility.
  6268 | D:5      | 6268 ||| DROPPING 2 scrolls of fear.
  6446 | D:6      | Reached skill level 3 in Invocations
  6460 | D:6      | Reached XP level 9. HP: 55/55 MP: 11/11
  6522 | D:6      | 6522 ||| DROPPING +1 flail of holy wrath.
  6539 | D:6      | 6539 ||| Stepping ~*~*~tactically~*~*~ (stealth).
  6877 | D:6      | 6877 ||| INVOKING Heroism.
  6987 | D:6      | Reached ** piety under Okawaru
  7034 | D:6      | 7034 ||| INVOKING Heroism.
  7045 | D:6      | Reached skill level 9 in Axes
  7164 | D:6      | 7164 ||| UPGRADING to +6 ring of dexterity.
  7165 | D:6      | 7165 ||| READING scroll labelled MOAHOI POTH.
  7166 | D:6      | 7166 ||| DRINKING 2 silvery potions.
  7167 | D:6      | 7167 ||| DRINKING 2 brown potions.
  7168 | D:6      | 7168 ||| READING 2 scrolls of identify.
  7168 | D:6      | 7168 ||| IDENTIFYING gluggy blue potion
  7169 | D:6      | 7169 ||| DROPPING potion of flight.
  7170 | D:6      | 7170 ||| DROPPING potion of brilliance.
  7277 | D:7      | 7277 ||| INVOKING Heroism.
  7331 | D:7      | Found a shimmering blue altar of Sif Muna.
  7544 | D:7      | Found Mashrorphu's General Store.
  7563 | D:7      | 7563 ||| BUYING potion of might (52 gold).
  7563 | D:7      | Bought a potion of might for 52 gold pieces
  7867 | D:7      | Noticed Joseph
  7868 | D:7      | 7868 ||| Stepping ~*~*~tactically~*~*~ (hiding).
  7874 | D:7      | 7874 ||| INVOKING Heroism.
  7878 | D:7      | Killed Joseph
  8183 | D:7      | 8183 ||| UPGRADING to +0 tower shield.
  8193 | D:7      | 8193 ||| DROPPING +0 buckler.
  8194 | D:7      | 8194 ||| UPGRADING to +0 cloak.
  8199 | D:7      | 8199 ||| UPGRADING to +0 pair of boots.
  8204 | D:7      | 8204 ||| UPGRADING to +0 helmet.
  8209 | D:7      | 8209 ||| DROPPING amulet of the acrobat.
  8210 | D:7      | 8210 ||| READING scroll labelled HUPPAO FOLI.
  8211 | D:7      | 8211 ||| READING scroll labelled POZ OCRALA.
  8212 | D:7      | 8212 ||| READING 2 scrolls of identify.
  8212 | D:7      | 8212 ||| IDENTIFYING metallic orange potion
  8231 | D:8      | 8231 ||| Stepping ~*~*~tactically~*~*~ (stealth).
  8243 | D:8      | Reached *** piety under Okawaru
  8245 | D:8      | 8245 ||| FLEEEEING.
  8246 | D:8      | 8246 ||| FLEEEEING.
  8247 | D:8      | 8247 ||| STAIRDANCE
  8335 | D:8      | Noticed a death yak
  8335 | D:8      | Noticed a death yak
  8336 | D:8      | 8336 ||| Stepping ~*~*~tactically~*~*~ (stealth).
  8337 | D:8      | 8337 ||| INVOKING Heroism.
  8337 | D:8      | Noticed a death yak
  8354 | D:8      | Reached skill level 6 in Shields
  8354 | D:8      | Reached XP level 10. HP: 45/63 MP: 11/13
  8357 | D:8      | Killed a death yak
  8363 | D:8      | Killed a death yak
  8363 | D:8      | Reached **** piety under Okawaru
  8364 | D:8      | 8364 ||| INVOKING Heroism.
  8376 | D:8      | Killed a death yak
  8377 | D:8      | Reached skill level 9 in Shields
  8400 | D:8      | Noticed Maurice
  8401 | D:8      | 8401 ||| FLEEEEING.
  8402 | D:8      | 8402 ||| FLEEEEING.
  8403 | D:8      | 8403 ||| STAIRDANCE
  8599 | D:7      | 8599 ||| UPGRADING to ring of protection from fire.
  8611 | D:8      | 8611 ||| Stepping ~*~*~tactically~*~*~ (hiding).
  8612 | D:8      | 8612 ||| Stepping ~*~*~tactically~*~*~ (hiding).
  8614 | D:8      | Killed Maurice
  8633 | D:8      | Found a staircase to the Lair.
  8637 | D:8      | Noticed Prince Ribbit
  8653 | D:8      | Killed Prince Ribbit
  8704 | D:8      | 8704 ||| Stepping ~*~*~tactically~*~*~ (stealth).
  8709 | D:8      | Reached skill level 6 in Invocations
  8709 | D:8      | 8709 ||| Stepping ~*~*~tactically~*~*~ (hiding).
  8716 | D:8      | 8716 ||| INVOKING Heroism.
  8718 | D:8      | 8718 ||| Stepping ~*~*~tactically~*~*~ (hiding).
  8733 | D:8      | 8733 ||| Stepping ~*~*~tactically~*~*~ (stealth).
  8953 | D:8      | Noticed Psyche
  8954 | D:8      | 8954 ||| INVOKING Heroism.
  8962 | D:8      | Killed Psyche
  8963 | D:8      | Reached skill level 1 in Throwing
  9038 | D:8      | Noticed a manticore
  9040 | D:8      | 9040 ||| INVOKING Heroism.
  9054 | D:8      | Killed a manticore
  9054 | D:8      | Reached ***** piety under Okawaru
  9055 | D:8      | Reached XP level 11. HP: 43/67 MP: 13/16
  9423 | D:8      | 9423 ||| Stepping ~*~*~tactically~*~*~ (hiding).
  9424 | D:8      | 9424 ||| Stepping ~*~*~tactically~*~*~ (hiding).
  9441 | D:8      | 9441 ||| Stepping ~*~*~tactically~*~*~ (hiding).
  9678 | D:8      | 9678 ||| PLANNING LAIR
  9685 | D:8      | 9685 ||| Stepping ~*~*~tactically~*~*~ (stealth).
  9703 | Lair:1   | Entered Level 1 of the Lair of Beasts
  9707 | Lair:1   | 9707 ||| Stepping ~*~*~tactically~*~*~ (stealth).
  9850 | Lair:1   | 9850 ||| Stepping ~*~*~tactically~*~*~ (stealth).
  9851 | Lair:1   | 9851 ||| Stepping ~*~*~tactically~*~*~ (stealth).
  9852 | Lair:1   | 9852 ||| INVOKING Heroism.
  9927 | Lair:1   | Noticed Gastronok
  9928 | Lair:1   | 9928 ||| INVOKING Heroism.
  9953 | Lair:1   | Killed Gastronok
 10203 | Lair:1   | 10203 ||| INVOKING Heroism.
 10656 | Lair:1   | 10656 ||| UPGRADING to +2 hat of see invisible.
 10666 | Lair:1   | 10666 ||| DROPPING +0 helmet.
 10683 | Lair:2   | 10683 ||| INVOKING Heroism.
 10707 | Lair:2   | 10707 ||| Stepping ~*~*~tactically~*~*~ (stealth).
 10770 | Lair:2   | 10770 ||| Stepping ~*~*~tactically~*~*~ (stealth).
 10772 | Lair:2   | 10772 ||| INVOKING Heroism.
 10787 | Lair:2   | Received a gift from Okawaru
 10812 | Lair:2   | 10812 ||| INVOKING Heroism.
 10818 | Lair:2   | Reached skill level 9 in Invocations
 10936 | Lair:2   | 10936 ||| INVOKING Heroism.
 10995 | Lair:2   | 10995 ||| INVOKING Heroism.
 11003 | Lair:2   | 11003 ||| Stepping ~*~*~tactically~*~*~ (water).
 11032 | Lair:2   | 11032 ||| Stepping ~*~*~tactically~*~*~ (stealth).
 11034 | Lair:2   | 11034 ||| INVOKING Heroism.
 11051 | Lair:2   | 11051 ||| Stepping ~*~*~tactically~*~*~ (stealth).
 11079 | Lair:2   | 11079 ||| INVOKING Heroism.
 11095 | Lair:2   | Reached skill level 12 in Shields
 11282 | Lair:2   | 11282 ||| INVOKING Heroism.
 11490 | Lair:2   | 11490 ||| INVOKING Heroism.
 11498 | Lair:2   | Reached skill level 6 in Armour
 11498 | Lair:2   | Reached XP level 12. HP: 72/72 MP: 17/19
 11570 | Lair:2   | 11570 ||| Stepping ~*~*~tactically~*~*~ (stealth).
 11572 | Lair:2   | 11572 ||| Stepping ~*~*~tactically~*~*~ (stealth).
 11587 | Lair:2   | 11587 ||| INVOKING Heroism.
 11714 | Lair:2   | 11714 ||| Stepping ~*~*~tactically~*~*~ (stealth).
 11714 | Lair:2   | Found a hole to the Spider Nest.
 11715 | Lair:2   | 11715 ||| Stepping ~*~*~tactically~*~*~ (stealth).
 11735 | Lair:2   | 11735 ||| FLEEEEING.
 11736 | Lair:2   | 11736 ||| FLEEEEING.
 11737 | Lair:2   | 11737 ||| FLEEEEING.
 11738 | Lair:2   | 11738 ||| FLEEEEING.
 11739 | Lair:2   | 11739 ||| FLEEEEING.
 11740 | Lair:2   | 11740 ||| FLEEEEING.
 11741 | Lair:2   | 11741 ||| FLEEEEING.
 11742 | Lair:2   | 11742 ||| FLEEEEING.
 11743 | Lair:2   | 11743 ||| FLEEEEING.
 11744 | Lair:2   | 11744 ||| FLEEEEING.
 11745 | Lair:2   | 11745 ||| FLEEEEING.
 11746 | Lair:2   | 11746 ||| FLEEEEING.
 11747 | Lair:2   | 11747 ||| FLEEEEING.
 11748 | Lair:2   | 11748 ||| FLEEEEING.
 11749 | Lair:2   | 11749 ||| FLEEEEING.
 11750 | Lair:2   | 11750 ||| FLEEEEING.
 11751 | Lair:2   | 11751 ||| FLEEEEING.
 11752 | Lair:2   | 11752 ||| Stepping ~*~*~tactically~*~*~ (stealth).
 11754 | Lair:2   | 11754 ||| INVOKING Heroism.
 11811 | Lair:2   | 11811 ||| Stepping ~*~*~tactically~*~*~ (hiding).
 12183 | Lair:2   | 12183 ||| DROPPING amulet of faith.
 12184 | Lair:2   | 12184 ||| READING scroll labelled CYAROVI TYROWE.
 12214 | Lair:3   | 12214 ||| INVOKING Heroism.
 12215 | Lair:3   | 12215 ||| STAIRDANCE
 12231 | Lair:3   | 12231 ||| STAIRDANCE
 12242 | Lair:3   | 12242 ||| STAIRDANCE
 12252 | Lair:3   | 12252 ||| STAIRDANCE
 12311 | Lair:3   | 12311 ||| STAIRDANCE
 12323 | Lair:3   | 12323 ||| STAIRDANCE
 12409 | Lair:3   | 12409 ||| STAIRDANCE
 12416 | Lair:2   | Received a gift from Okawaru
 12419 | Lair:2   | 12419 ||| SWAPPING to +3 broad axe of draining.
 12420 | Lair:2   | 12420 ||| UPGRADING to ring of protection from cold.
 12424 | Lair:3   | 12424 ||| STAIRDANCE
 12438 | Lair:3   | 12438 ||| STAIRDANCE
 12455 | Lair:3   | 12455 ||| STAIRDANCE
 12575 | Lair:3   | 12575 ||| Stepping ~*~*~tactically~*~*~ (stealth).
 12576 | Lair:3   | 12576 ||| Stepping ~*~*~tactically~*~*~ (stealth).
 12577 | Lair:3   | 12577 ||| Stepping ~*~*~tactically~*~*~ (stealth).
 12578 | Lair:3   | 12578 ||| INVOKING Heroism.
 12684 | Lair:3   | 12684 ||| INVOKING Heroism.
 12721 | Lair:3   | 12721 ||| Stepping ~*~*~tactically~*~*~ (stealth).
 12736 | Lair:3   | 12736 ||| INVOKING Heroism.
 12745 | Lair:3   | Noticed a death yak
 12746 | Lair:3   | 12746 ||| INVOKING Finesse.
 12751 | Lair:3   | Noticed a death yak
 12757 | Lair:3   | Noticed a death yak
 12759 | Lair:3   | Noticed a death yak
 12761 | Lair:3   | Noticed a death yak
 12765 | Lair:3   | Noticed a death yak
 12768 | Lair:3   | Killed a death yak
 12773 | Lair:3   | Killed a death yak
 12773 | Lair:3   | Received a gift from Okawaru
 12779 | Lair:3   | Killed a death yak
 12780 | Lair:3   | Reached XP level 13. HP: 33/78 MP: 16/20
 12788 | Lair:3   | Reached skill level 9 in Fighting
 12926 | Lair:3   | 12926 ||| INVOKING Heroism.
 13032 | Lair:3   | 13032 ||| Stepping ~*~*~tactically~*~*~ (stealth).
 13033 | Lair:3   | 13033 ||| Stepping ~*~*~tactically~*~*~ (stealth).
 13036 | Lair:3   | 13036 ||| Stepping ~*~*~tactically~*~*~ (stealth).
 13037 | Lair:3   | 13037 ||| INVOKING Heroism.
 13128 | Lair:3   | 13128 ||| INVOKING Heroism.
 13129 | Lair:3   | 13129 ||| INVOKING Finesse.
 13130 | Lair:3   | 13130 ||| SWAPPING to +0 flail of draining.
 13145 | Lair:3   | 13145 ||| SWAPPING to +3 broad axe of draining.
 13253 | Lair:3   | 13253 ||| INVOKING Heroism.
 13277 | Lair:3   | 13277 ||| Stepping ~*~*~tactically~*~*~ (stealth).
 13281 | Lair:3   | 13281 ||| Stepping ~*~*~tactically~*~*~ (stealth).
 13292 | Lair:3   | 13292 ||| Stepping ~*~*~tactically~*~*~ (stealth).
 13294 | Lair:3   | 13294 ||| Stepping ~*~*~tactically~*~*~ (stealth).
 13295 | Lair:3   | 13295 ||| Stepping ~*~*~tactically~*~*~ (stealth).
 13296 | Lair:3   | 13296 ||| Stepping ~*~*~tactically~*~*~ (stealth).
 13298 | Lair:3   | 13298 ||| Stepping ~*~*~tactically~*~*~ (stealth).
 13299 | Lair:3   | 13299 ||| Stepping ~*~*~tactically~*~*~ (stealth).
 13306 | Lair:3   | 13306 ||| INVOKING Heroism.
 13307 | Lair:3   | 13307 ||| INVOKING Finesse.
 13311 | Lair:3   | 13311 ||| SWAPPING to +0 flail of draining.
 13321 | Lair:3   | 13321 ||| SWAPPING to +3 broad axe of draining.
 13324 | Lair:3   | 13324 ||| Stepping ~*~*~tactically~*~*~ (stealth).
 13351 | Lair:3   | 13351 ||| Stepping ~*~*~tactically~*~*~ (stealth).
 13359 | Lair:3   | 13359 ||| Stepping ~*~*~tactically~*~*~ (stealth).
 13387 | Lair:3   | Found a staircase to the Swamp.
 13464 | Lair:3   | 13464 ||| Stepping ~*~*~tactically~*~*~ (stealth).
 13466 | Lair:3   | 13466 ||| INVOKING Heroism.
 13468 | Lair:3   | 13468 ||| SWAPPING to +0 flail of draining.
 13469 | Lair:3   | 13469 ||| INVOKING Finesse.
 13476 | Lair:3   | Reached skill level 3 in Throwing
 13476 | Lair:3   | 13476 ||| SWAPPING to +3 broad axe of draining.
 14059 | Lair:4   | 14059 ||| STAIRDANCE
 14076 | Lair:4   | 14076 ||| STAIRDANCE
 14100 | Lair:4   | 14100 ||| STAIRDANCE
 14108 | Lair:4   | 14108 ||| STAIRDANCE
 14130 | Lair:4   | 14130 ||| STAIRDANCE
 14132 | Lair:3   | 14132 ||| INVOKING Heroism.
 14278 | Lair:4   | 14278 ||| STAIRDANCE
 14280 | Lair:3   | 14280 ||| INVOKING Heroism.
 14294 | Lair:4   | 14294 ||| STAIRDANCE
 14303 | Lair:4   | 14303 ||| STAIRDANCE
 14311 | Lair:3   | Reached skill level 12 in Axes
 14377 | Lair:4   | 14377 ||| STAIRDANCE
 14379 | Lair:3   | 14379 ||| INVOKING Heroism.
 14448 | Lair:4   | 14448 ||| STAIRDANCE
 14450 | Lair:3   | Received a gift from Okawaru
 14452 | Lair:3   | 14452 ||| DROPPING +0 flail of draining.
 14455 | Lair:4   | 14455 ||| INVOKING Heroism.
 14492 | Lair:4   | 14492 ||| Stepping ~*~*~tactically~*~*~ (stealth).
 14493 | Lair:4   | 14493 ||| INVOKING Heroism.
 14537 | Lair:4   | 14537 ||| INVOKING Heroism.
 14823 | Lair:4   | 14823 ||| INVOKING Heroism.
 14863 | Lair:4   | Reached skill level 9 in Armour
 14863 | Lair:4   | Noticed Nessos
 14864 | Lair:4   | 14864 ||| INVOKING Finesse.
 14865 | Lair:4   | Noticed Kirke
 14871 | Lair:4   | Killed Nessos
 14873 | Lair:4   | 14873 ||| INVOKING Heroism.
 14874 | Lair:4   | Noticed Snorg
 14885 | Lair:4   | Killed Kirke
 14898 | Lair:4   | Gained mutation: Your large and strong wings let you fly.
                  | [Gargoyle growth]
 14898 | Lair:4   | Reached XP level 14. HP: 34/88 MP: 16/21
 14900 | Lair:4   | HP: 22/88 [Snorg (3)]
 14901 | Lair:4   | 14901 ||| READING 3 scrolls of teleportation.
 14902 | Lair:4   | 14902 ||| DRINKING potion of heal wounds.
 15263 | Lair:4   | 15263 ||| INVOKING Heroism.
 15264 | Lair:4   | 15264 ||| INVOKING Finesse.
 15276 | Lair:4   | Killed Snorg
 15315 | Lair:4   | 15315 ||| INVOKING Heroism.
 15318 | Lair:4   | 15318 ||| Stepping ~*~*~tactically~*~*~ (stealth).
 15327 | Lair:4   | 15327 ||| INVOKING Finesse.
 15404 | Lair:4   | Found a viscous altar of Jiyva.
 15405 | Lair:4   | Found a staircase to the Slime Pits.
 15406 | Lair:4   | 15406 ||| INVOKING Heroism.
 15407 | Lair:4   | 15407 ||| INVOKING Finesse.
 15431 | Lair:4   | Received a gift from Okawaru
 15463 | Lair:4   | 15463 ||| Stepping ~*~*~tactically~*~*~ (stealth).
 15464 | Lair:4   | 15464 ||| Stepping ~*~*~tactically~*~*~ (stealth).
 15465 | Lair:4   | 15465 ||| Stepping ~*~*~tactically~*~*~ (stealth).
 15466 | Lair:4   | 15466 ||| FLEEEEING.
 15467 | Lair:4   | 15467 ||| INVOKING Heroism.
 15710 | Lair:4   | 15710 ||| INVOKING Heroism.
 15712 | Lair:4   | 15712 ||| Stepping ~*~*~tactically~*~*~ (stealth).
 15714 | Lair:4   | 15714 ||| Stepping ~*~*~tactically~*~*~ (stealth).
 15727 | Lair:4   | 15727 ||| INVOKING Heroism.
 15730 | Lair:4   | 15730 ||| Stepping ~*~*~tactically~*~*~ (stealth).
 15731 | Lair:4   | 15731 ||| Stepping ~*~*~tactically~*~*~ (stealth).
 15771 | Lair:4   | 15771 ||| Stepping ~*~*~tactically~*~*~ (stealth).
 15782 | Lair:4   | 15782 ||| Stepping ~*~*~tactically~*~*~ (stealth).
 15786 | Lair:4   | 15786 ||| Stepping ~*~*~tactically~*~*~ (stealth).
 16094 | Lair:4   | 16094 ||| DROPPING ring of flight.
 16095 | Lair:4   | 16095 ||| READING scroll labelled ZOQUEKLAOS.
 16126 | Lair:5   | Entered Level 5 of the Lair of Beasts
 16128 | Lair:5   | 16128 ||| INVOKING Heroism.
 16132 | Lair:5   | 16132 ||| STAIRDANCE
 16171 | Lair:5   | 16171 ||| Stepping ~*~*~tactically~*~*~ (stealth).
 16175 | Lair:5   | 16175 ||| INVOKING Finesse.
 16178 | Lair:5   | 16178 ||| SWAPPING to +2 hand axe of flaming.
 16181 | Lair:5   | 16181 ||| INVOKING Heroism.
 16185 | Lair:5   | 16185 ||| SWAPPING to +3 broad axe of draining.
 16232 | Lair:5   | 16232 ||| INVOKING Heroism.
 16233 | Lair:5   | 16233 ||| SWAPPING to +2 hand axe of flaming.
 16236 | Lair:5   | 16236 ||| Stepping ~*~*~tactically~*~*~ (stealth).
 16242 | Lair:5   | 16242 ||| SWAPPING to +3 broad axe of draining.
 16251 | Lair:5   | Reached skill level 15 in Shields
 16368 | Lair:5   | 16368 ||| INVOKING Heroism.
 16369 | Lair:5   | 16369 ||| INVOKING Finesse.
 16414 | Lair:5   | 16414 ||| INVOKING Heroism.
 16421 | Lair:5   | 16421 ||| INVOKING Finesse.
 16702 | Lair:5   | 16702 ||| Stepping ~*~*~tactically~*~*~ (stealth).
 16707 | Lair:5   | 16707 ||| Stepping ~*~*~tactically~*~*~ (stealth).
 16713 | Lair:5   | 16713 ||| INVOKING Heroism.
 16891 | Lair:5   | 16891 ||| Stepping ~*~*~tactically~*~*~ (stealth).
 16893 | Lair:5   | 16893 ||| INVOKING Heroism.
 16894 | Lair:5   | 16894 ||| INVOKING Finesse.
 16920 | Lair:5   | 16920 ||| Stepping ~*~*~tactically~*~*~ (hiding).
 16921 | Lair:5   | 16921 ||| INVOKING Heroism.
 16953 | Lair:5   | 16953 ||| Stepping ~*~*~tactically~*~*~ (stealth).
 16996 | Lair:5   | 16996 ||| INVOKING Heroism.
 16997 | Lair:5   | 16997 ||| INVOKING Finesse.
 17068 | Lair:5   | Identified the +6 shortbow of the Scars {speed, SInv}
 17104 | Lair:5   | 17104 ||| Stepping ~*~*~tactically~*~*~ (stealth).
 17105 | Lair:5   | 17105 ||| Stepping ~*~*~tactically~*~*~ (stealth).
 17280 | Lair:5   | 17280 ||| INVOKING Heroism.
 17281 | Lair:5   | 17281 ||| INVOKING Finesse.
 17287 | Lair:5   | 17287 ||| SWAPPING to +2 hand axe of flaming.
 17298 | Lair:5   | 17298 ||| SWAPPING to +3 broad axe of draining.
 17416 | Lair:5   | 17416 ||| INVOKING Heroism.
 17417 | Lair:5   | 17417 ||| Stepping ~*~*~tactically~*~*~ (stealth).
 17418 | Lair:5   | 17418 ||| SWAPPING to +2 hand axe of flaming.
 17426 | Lair:5   | 17426 ||| SWAPPING to +3 broad axe of draining.
 17471 | Lair:5   | 17471 ||| INVOKING Heroism.
 17492 | Lair:5   | Reached XP level 15. HP: 93/93 MP: 22/22
 17503 | Lair:5   | 17503 ||| READING scroll of brand weapon.
 17503 | Lair:5   | 17503 ||| BRANDING +3 broad axe of draining.
 17526 | Lair:5   | 17526 ||| READING scroll of enchant armour.
 17526 | Lair:5   | 17526 ||| ENCHANTING +0 pair of boots.
 17723 | Lair:5   | 17723 ||| PLANNING D:1-11
 17818 | D:9      | Identified the +4 rapier of Adioz {drain, MP+9}
 17972 | D:9      | Noticed Erolcha
 17973 | D:9      | 17973 ||| Stepping ~*~*~tactically~*~*~ (hiding).
 17975 | D:9      | 17975 ||| Stepping ~*~*~tactically~*~*~ (hiding).
 17992 | D:9      | Killed Erolcha
 18102 | D:9      | Found a runed translucent gate.
 18102 | D:9      | Found a runed translucent gate.
 18102 | D:9      | Found a runed translucent gate.
 18104 | D:9      | Noticed qw's ghost (novice GrFi)
 18107 | D:9      | Identified the +7 plate armour "Janis" {rC- rN+ Int+4}
 18248 | D:9      | 18248 ||| Stepping ~*~*~tactically~*~*~ (stealth).
 18250 | D:9      | 18250 ||| Stepping ~*~*~tactically~*~*~ (hiding).
 18254 | D:9      | 18254 ||| INVOKING Heroism.
 18289 | D:9      | 18289 ||| Stepping ~*~*~tactically~*~*~ (stealth).
 18307 | D:9      | 18307 ||| Stepping ~*~*~tactically~*~*~ (hiding).
 18332 | D:9      | 18332 ||| Stepping ~*~*~tactically~*~*~ (hiding).
 18393 | D:9      | 18393 ||| INVOKING Heroism.
 18407 | D:9      | 18407 ||| Stepping ~*~*~tactically~*~*~ (hiding).
 18629 | D:10     | Entered Level 10 of the Dungeon
 18715 | D:10     | 18715 ||| INVOKING Heroism.
 19062 | D:10     | 19062 ||| Stepping ~*~*~tactically~*~*~ (hiding).
 19104 | D:10     | Received a gift from Okawaru
 19210 | D:10     | Found a staircase to the Orcish Mines.
 19211 | D:10     | 19211 ||| INVOKING Heroism.
 19474 | D:10     | 19474 ||| Stepping ~*~*~tactically~*~*~ (stealth).
 19475 | D:10     | 19475 ||| Stepping ~*~*~tactically~*~*~ (stealth).
 19477 | D:10     | 19477 ||| Stepping ~*~*~tactically~*~*~ (stealth).
 19482 | D:10     | 19482 ||| Stepping ~*~*~tactically~*~*~ (stealth).
 19484 | D:10     | 19484 ||| INVOKING Heroism.
 19692 | D:11     | 19692 ||| READING scroll of enchant weapon.
 19692 | D:11     | 19692 ||| ENCHANTING +3 broad axe of freezing.
 19720 | D:11     | 19720 ||| Stepping ~*~*~tactically~*~*~ (stealth).
 19925 | D:11     | 19925 ||| READING scroll of brand weapon.
 19925 | D:11     | 19925 ||| BRANDING +4 broad axe of freezing.
 19956 | D:11     | Identified the +9 broad axe of Truth {venom, rPois Str+3
                  | Int+5} (Okawaru gifted it to you on level 11 of the
                  | Dungeon)
 19956 | D:11     | Received a gift from Okawaru
 19968 | D:11     | 19968 ||| DROPPING +9 hand axe "Ezesal" {speed, *Corrode
                  | rC+ Str+4 Dex+4}.
 20053 | D:11     | 20053 ||| INVOKING Heroism.
 20455 | D:11     | 20455 ||| PLANNING D
 20534 | D:12     | 20534 ||| INVOKING Heroism.
 20642 | D:12     | 20642 ||| Stepping ~*~*~tactically~*~*~ (hiding).
 20645 | D:12     | 20645 ||| Stepping ~*~*~tactically~*~*~ (hiding).
 20757 | D:12     | 20757 ||| DROPPING ring of ice.
 20758 | D:12     | 20758 ||| READING 3 scrolls of teleportation.
 20777 | D:12     | 20777 ||| READING 2 scrolls of teleportation.
 20781 | D:12     | 20781 ||| READING scroll of teleportation.
 20784 | D:12     | 20784 ||| INVOKING Heroism.
 20805 | D:12     | Reached skill level 15 in Axes
 21071 | D:12     | 21071 ||| Stepping randomly (stuck).
 21072 | D:12     | 21072 ||| Stepping randomly (stuck).
 21073 | D:12     | 21073 ||| Stepping randomly (stuck).
 21074 | D:12     | 21074 ||| Stepping randomly (stuck).
 21075 | D:12     | 21075 ||| Stepping randomly (stuck).
 21076 | D:12     | 21076 ||| Stepping randomly (stuck).
 21077 | D:12     | 21077 ||| Stepping randomly (stuck).
 21078 | D:12     | 21078 ||| Stepping randomly (stuck).
 21296 | D:13     | 21296 ||| Stepping ~*~*~tactically~*~*~ (hiding).
 21303 | D:13     | 21303 ||| INVOKING Heroism.
 21318 | D:13     | Received a gift from Okawaru
 21324 | D:13     | 21324 ||| DRINKING 4 potions of curing.
 21324 | D:13     | 21324 ||| (to cure confusion)
 21346 | D:13     | 21346 ||| DROPPING +0 vorpal broad axe.
 21405 | D:13     | 21405 ||| Stepping ~*~*~tactically~*~*~ (hiding).
 21517 | D:13     | Found a sacrificial altar of Ru.
 21525 | D:13     | 21525 ||| Stepping ~*~*~tactically~*~*~ (hiding).
 21606 | D:13     | 21606 ||| FLEEEEING.
 21609 | D:13     | 21609 ||| FLEEEEING.
 21613 | D:13     | 21613 ||| FLEEEEING.
 21614 | D:13     | 21614 ||| FLEEEEING.
 21615 | D:13     | 21615 ||| FLEEEEING.
 21616 | D:13     | 21616 ||| FLEEEEING.
 21617 | D:13     | 21617 ||| FLEEEEING.
 21618 | D:13     | 21618 ||| FLEEEEING.
 21634 | D:13     | 21634 ||| FLEEEEING.
 21635 | D:13     | 21635 ||| FLEEEEING.
 21636 | D:13     | 21636 ||| FLEEEEING.
 21639 | D:13     | 21639 ||| STAIRDANCE
 21903 | D:13     | 21903 ||| INVOKING Heroism.
 22237 | D:13     | 22237 ||| UPGRADING to scarf of resistance.
 22247 | D:13     | 22247 ||| UPGRADING to +6 ring of dexterity.
 22272 | D:14     | 22272 ||| STAIRDANCE
 22386 | D:14     | 22386 ||| Stepping ~*~*~tactically~*~*~ (stealth).
 22394 | D:14     | Reached skill level 3 in Dodging
 22677 | D:14     | Found a gate to the Vaults.
 22682 | D:14     | 22682 ||| INVOKING Heroism.
 23098 | D:14     | 23098 ||| INVOKING Heroism.
 23157 | D:14     | 23157 ||| Stepping ~*~*~tactically~*~*~ (stealth).
 23159 | D:14     | 23159 ||| DRINKING 4 potions of curing.
 23159 | D:14     | 23159 ||| (to cure confusion)
 23160 | D:14     | 23160 ||| INVOKING Heroism.
 23161 | D:14     | 23161 ||| INVOKING Finesse.
 23164 | D:14     | 23164 ||| DRINKING 3 potions of curing.
 23164 | D:14     | 23164 ||| (to cure confusion)
 23226 | D:14     | 23226 ||| INVOKING Heroism.
 23227 | D:14     | 23227 ||| INVOKING Finesse.
 23276 | D:14     | 23276 ||| DRINKING 2 potions of curing.
 23276 | D:14     | 23276 ||| (to cure confusion)
 23283 | D:14     | 23283 ||| DRINKING potion of curing.
 23283 | D:14     | 23283 ||| (to cure confusion)
 23292 | D:14     | Reached skill level 12 in Fighting
 23401 | D:14     | Identified the +2 arbalest "Zyitey" {flame, rElec rN+
                  | Str+3}
 23521 | D:14     | 23521 ||| INVOKING Heroism.
 23522 | D:14     | 23522 ||| INVOKING Finesse.
 23523 | D:14     | 23523 ||| SWAPPING to +2 hand axe of flaming.
 23530 | D:14     | 23530 ||| SWAPPING to +4 vampiric broad axe.
 23769 | D:15     | Entered Level 15 of the Dungeon
 23811 | D:15     | 23811 ||| INVOKING Heroism.
 23822 | D:15     | 23822 ||| Stepping ~*~*~tactically~*~*~ (hiding).
 23889 | D:15     | Found Mafos's Antique Armour Emporium.
 23897 | D:15     | 23897 ||| BUYING pair of gloves (103 gold).
 23897 | D:15     | Bought a pair of gloves for 103 gold pieces
 23897 | D:15     | 23897 ||| BUYING runed chain mail (172 gold).
 23897 | D:15     | Bought a runed chain mail for 172 gold pieces
 23989 | D:15     | 23989 ||| INVOKING Heroism.
 24014 | D:15     | 24014 ||| INVOKING Heroism.
 24034 | D:15     | Reached XP level 16. HP: 92/98 MP: 23/23
 24052 | D:15     | Noticed Rupert
 24053 | D:15     | 24053 ||| INVOKING Finesse.
 24080 | D:15     | Killed Rupert
 24132 | D:15     | Found a staircase to the Depths.
 24154 | D:15     | 24154 ||| Stepping ~*~*~tactically~*~*~ (hiding).
 24343 | D:15     | 24343 ||| INVOKING Heroism.
 24344 | D:15     | 24344 ||| SWAPPING to +2 hand axe of flaming.
 24351 | D:15     | 24351 ||| SWAPPING to +4 vampiric broad axe.
 24599 | D:15     | 24599 ||| Stepping ~*~*~tactically~*~*~ (hiding).
 24600 | D:15     | 24600 ||| Stepping ~*~*~tactically~*~*~ (hiding).
 24698 | D:15     | 24698 ||| PLANNING ORC
 24698 | D:15     | 24698 ||| DROPPING +1 chain mail of fire resistance.
 24699 | D:15     | 24699 ||| UPGRADING to +0 pair of gloves.
 24704 | D:15     | 24704 ||| DROPPING ring of fire.
 24846 | Orc:1    | Entered Level 1 of the Orcish Mines
 24847 | Orc:1    | 24847 ||| INVOKING Heroism.
 24908 | Orc:2    | Entered Level 2 of the Orcish Mines
 24908 | Orc:2    | Found Gusoah's Antique Armour Emporium.
 24909 | Orc:2    | 24909 ||| INVOKING Heroism.
 24910 | Orc:2    | 24910 ||| INVOKING Finesse.
 24978 | Orc:2    | 24978 ||| BUYING runed helmet (180 gold).
 24978 | Orc:2    | Bought a runed helmet for 180 gold pieces
 25005 | Orc:2    | 25005 ||| INVOKING Heroism.
 25006 | Orc:2    | 25006 ||| Stepping ~*~*~tactically~*~*~ (hiding).
 25007 | Orc:2    | Found Tewontun's General Store.
 25030 | Orc:2    | 25030 ||| INVOKING Heroism.
 25049 | Orc:2    | Received a gift from Okawaru
 25058 | Orc:2    | Found Zinown's Book Emporium.
 25071 | Orc:2    | Found a staircase to the Elven Halls.
 25074 | Orc:2    | 25074 ||| BUYING scroll of teleportation (39 gold).
 25074 | Orc:2    | Bought a scroll of teleportation for 39 gold pieces
 25183 | Orc:2    | Found Hajymasch's General Store.
 25192 | Orc:2    | 25192 ||| BUYING potion of magic (96 gold).
 25192 | Orc:2    | Bought a potion of magic for 96 gold pieces
 25196 | Orc:2    | 25196 ||| Stepping ~*~*~tactically~*~*~ (hiding).
 25199 | Orc:2    | 25199 ||| Stepping ~*~*~tactically~*~*~ (hiding).
 25242 | Orc:2    | 25242 ||| Stepping ~*~*~tactically~*~*~ (stealth).
 25243 | Orc:2    | 25243 ||| Stepping ~*~*~tactically~*~*~ (hiding).
 25247 | Orc:2    | 25247 ||| INVOKING Heroism.
 25293 | Orc:2    | Found Ycruin's Antique Weapon Shop.
 25608 | Orc:2    | 25608 ||| DROPPING +0 helmet of intelligence.
 25725 | Orc:1    | 25725 ||| INVOKING Heroism.
 25785 | Orc:1    | 25785 ||| INVOKING Heroism.
 25830 | Orc:1    | 25830 ||| INVOKING Heroism.
 26214 | Orc:1    | 26214 ||| PLANNING SWAMP:1-3
 26382 | Swamp:1  | Entered Level 1 of the Swamp
 26408 | Swamp:1  | Found a runed translucent gate.
 26408 | Swamp:1  | Found a runed translucent gate.
 26408 | Swamp:1  | Found a runed translucent gate.
 26409 | Swamp:1  | Noticed a thorn hunter
 26410 | Swamp:1  | Noticed a fenstrider witch
 26411 | Swamp:1  | Noticed Piask's ghost (adept FoAK)
 26427 | Swamp:1  | 26427 ||| INVOKING Heroism.
 26776 | Swamp:1  | Noticed Frances
 26777 | Swamp:1  | 26777 ||| INVOKING Heroism.
 26778 | Swamp:1  | 26778 ||| INVOKING Finesse.
 26793 | Swamp:1  | Killed Frances
 26793 | Swamp:1  | Received a gift from Okawaru
 26809 | Swamp:1  | 26809 ||| INVOKING Heroism.
 26812 | Swamp:1  | 26812 ||| SWAPPING to +2 hand axe of flaming.
 26818 | Swamp:1  | 26818 ||| SWAPPING to +4 vampiric broad axe.
 26926 | Swamp:1  | 26926 ||| READING scroll of enchant armour.
 26926 | Swamp:1  | 26926 ||| ENCHANTING +0 pair of gloves.
 26980 | Swamp:1  | 26980 ||| INVOKING Heroism.
 27009 | Swamp:1  | Noticed Josephine
 27019 | Swamp:1  | Killed Josephine
 27254 | Swamp:1  | 27254 ||| Stepping ~*~*~tactically~*~*~ (stealth).
 27669 | Swamp:2  | 27669 ||| INVOKING Heroism.
 27670 | Swamp:2  | 27670 ||| STAIRDANCE
 27697 | Swamp:2  | 27697 ||| INVOKING Heroism.
 27751 | Swamp:2  | 27751 ||| Stepping ~*~*~tactically~*~*~ (hiding).
 27752 | Swamp:2  | 27752 ||| INVOKING Heroism.
 27883 | Swamp:2  | 27883 ||| Stepping ~*~*~tactically~*~*~ (hiding).
 27927 | Swamp:2  | 27927 ||| INVOKING Heroism.
 28024 | Swamp:2  | Received a gift from Okawaru
 28029 | Swamp:2  | 28029 ||| Stepping ~*~*~tactically~*~*~ (hiding).
 28030 | Swamp:2  | 28030 ||| Stepping ~*~*~tactically~*~*~ (hiding).
 28032 | Swamp:2  | 28032 ||| Stepping ~*~*~tactically~*~*~ (hiding).
 28033 | Swamp:2  | 28033 ||| Stepping ~*~*~tactically~*~*~ (hiding).
 28034 | Swamp:2  | 28034 ||| Stepping ~*~*~tactically~*~*~ (hiding).
 28156 | Swamp:2  | 28156 ||| Stepping ~*~*~tactically~*~*~ (stealth).
 28157 | Swamp:2  | 28157 ||| Stepping ~*~*~tactically~*~*~ (stealth).
 28158 | Swamp:2  | 28158 ||| Stepping ~*~*~tactically~*~*~ (stealth).
 28159 | Swamp:2  | 28159 ||| Stepping ~*~*~tactically~*~*~ (stealth).
 28210 | Swamp:2  | 28210 ||| Stepping ~*~*~tactically~*~*~ (hiding).
 28214 | Swamp:2  | 28214 ||| INVOKING Heroism.
 28233 | Swamp:2  | Identified the +3 halberd of the Scorching Saviour {freeze,
                  | +Blink rPois rC- Stlth+}
 28502 | Swamp:3  | 28502 ||| INVOKING Heroism.
 28603 | Swamp:3  | 28603 ||| INVOKING Heroism.
 28644 | Swamp:3  | 28644 ||| INVOKING Heroism.
 28646 | Swamp:3  | Received a gift from Okawaru
 28686 | Swamp:3  | 28686 ||| FLEEEEING.
 28687 | Swamp:3  | 28687 ||| FLEEEEING.
 28700 | Swamp:3  | 28700 ||| FLEEEEING.
 28702 | Swamp:3  | 28702 ||| FLEEEEING.
 28703 | Swamp:3  | 28703 ||| FLEEEEING.
 28705 | Swamp:3  | 28705 ||| FLEEEEING.
 28706 | Swamp:3  | 28706 ||| FLEEEEING.
 28709 | Swamp:3  | 28709 ||| STAIRDANCE
 28794 | Swamp:3  | 28794 ||| STAIRDANCE
 28863 | Swamp:3  | 28863 ||| INVOKING Heroism.
 28891 | Swamp:3  | Reached XP level 17. HP: 108/108 MP: 24/24
 29049 | Swamp:3  | Noticed Bai Suzhen
 29050 | Swamp:3  | 29050 ||| INVOKING Heroism.
 29051 | Swamp:3  | 29051 ||| INVOKING Finesse.
 29082 | Swamp:3  | Killed Bai Suzhen
 29208 | Swamp:3  | 29208 ||| Stepping ~*~*~tactically~*~*~ (stealth).
 29347 | Swamp:3  | 29347 ||| INVOKING Heroism.
 29441 | Swamp:3  | 29441 ||| PLANNING SPIDER:1-3
 29441 | Swamp:3  | 29441 ||| DROPPING scarf of invisibility.
 29540 | Spider:1 | Entered Level 1 of the Spider Nest
 29554 | Spider:1 | 29554 ||| READING scroll of enchant weapon.
 29554 | Spider:1 | 29554 ||| ENCHANTING +4 vampiric broad axe.
 29590 | Spider:1 | 29590 ||| Stepping ~*~*~tactically~*~*~ (hiding).
 29621 | Spider:1 | 29621 ||| INVOKING Heroism.
 29650 | Spider:1 | 29650 ||| Stepping ~*~*~tactically~*~*~ (stealth).
 29651 | Spider:1 | 29651 ||| Stepping ~*~*~tactically~*~*~ (stealth).
 29709 | Spider:1 | 29709 ||| INVOKING Heroism.
 29722 | Spider:1 | Gained mutation: You are weak. (Str -2) [mutagenic glow]
 29733 | Spider:1 | Gained mutation: You are clumsy. (Dex -2) [mutagenic glow]
 29767 | Spider:1 | 29767 ||| INVOKING Finesse.
 29782 | Spider:1 | 29782 ||| INVOKING Heroism.
 30046 | Spider:1 | Identified the +6 spear of Faluumuig {drain, Stlth+}
 30064 | Spider:1 | 30064 ||| INVOKING Heroism.
 30073 | Spider:1 | Reached skill level 12 in Armour
 30142 | Spider:1 | 30142 ||| Stepping ~*~*~tactically~*~*~ (stealth).
 30147 | Spider:1 | 30147 ||| Stepping ~*~*~tactically~*~*~ (stealth).
 30252 | Spider:1 | 30252 ||| READING scroll of enchant armour.
 30252 | Spider:1 | 30252 ||| ENCHANTING +1 pair of gloves.
 30496 | Spider:1 | 30496 ||| INVOKING Heroism.
 30504 | Spider:1 | 30504 ||| INVOKING Finesse.
 31014 | Spider:1 | 31014 ||| DROPPING +6 ring of intelligence.
 31039 | Spider:2 | 31039 ||| INVOKING Heroism.
 31050 | Spider:2 | 31050 ||| DRINKING 4 potions of cancellation.
 31065 | Spider:2 | 31065 ||| INVOKING Finesse.
 31068 | Spider:2 | 31068 ||| DRINKING 3 potions of cancellation.
 31089 | Spider:2 | 31089 ||| STAIRDANCE
 31110 | Spider:2 | Received a gift from Okawaru
 31124 | Spider:2 | 31124 ||| Stepping ~*~*~tactically~*~*~ (stealth).
 31267 | Spider:2 | 31267 ||| Stepping ~*~*~tactically~*~*~ (stealth).
 31271 | Spider:2 | 31271 ||| Stepping ~*~*~tactically~*~*~ (hiding).
 31275 | Spider:2 | 31275 ||| INVOKING Heroism.
 31426 | Spider:2 | 31426 ||| Stepping ~*~*~tactically~*~*~ (stealth).
 31523 | Spider:2 | 31523 ||| Stepping ~*~*~tactically~*~*~ (stealth).
 31585 | Spider:2 | 31585 ||| Stepping ~*~*~tactically~*~*~ (stealth).
 31588 | Spider:2 | 31588 ||| Stepping ~*~*~tactically~*~*~ (stealth).
 31691 | Spider:2 | Noticed Louise
 31692 | Spider:2 | 31692 ||| Stepping ~*~*~tactically~*~*~ (stealth).
 31702 | Spider:2 | Killed Louise
 31708 | Spider:2 | 31708 ||| INVOKING Heroism.
 31843 | Spider:2 | 31843 ||| Stepping ~*~*~tactically~*~*~ (stealth).
 31846 | Spider:2 | 31846 ||| INVOKING Finesse.
 32055 | Spider:2 | 32055 ||| Stepping ~*~*~tactically~*~*~ (hiding).
 32060 | Spider:2 | 32060 ||| INVOKING Finesse.
 32226 | Spider:2 | 32226 ||| Stepping ~*~*~tactically~*~*~ (stealth).
 32242 | Spider:2 | Reached skill level 6 in Throwing
 32437 | Spider:2 | 32437 ||| Stepping ~*~*~tactically~*~*~ (stealth).
 32450 | Spider:2 | 32450 ||| Stepping ~*~*~tactically~*~*~ (stealth).
 32718 | Spider:2 | 32718 ||| Stepping ~*~*~tactically~*~*~ (stealth).
 32759 | Spider:3 | 32759 ||| STAIRDANCE
 32817 | Spider:3 | 32817 ||| INVOKING Heroism.
 32893 | Spider:3 | 32893 ||| Stepping ~*~*~tactically~*~*~ (stealth).
 32895 | Spider:3 | 32895 ||| Stepping ~*~*~tactically~*~*~ (stealth).
 32907 | Spider:3 | 32907 ||| DRINKING 2 potions of curing.
 32907 | Spider:3 | 32907 ||| (to cure confusion)
 32910 | Spider:3 | 32910 ||| DRINKING potion of curing.
 32910 | Spider:3 | 32910 ||| (to cure confusion)
 33075 | Spider:3 | 33075 ||| Stepping ~*~*~tactically~*~*~ (hiding).
 33221 | Spider:3 | Noticed Arachne
 33222 | Spider:3 | 33222 ||| INVOKING Finesse.
 33240 | Spider:3 | 33240 ||| INVOKING Heroism.
 33249 | Spider:3 | Killed Arachne
 33264 | Spider:3 | Reached skill level 18 in Axes
 33355 | Spider:3 | 33355 ||| INVOKING Heroism.
 33369 | Spider:3 | 33369 ||| Stepping ~*~*~tactically~*~*~ (stealth).
 33379 | Spider:3 | Received a gift from Okawaru
 33396 | Spider:3 | 33396 ||| Stepping ~*~*~tactically~*~*~ (stealth).
 33424 | Spider:3 | 33424 ||| Stepping ~*~*~tactically~*~*~ (stealth).
 33483 | Spider:3 | 33483 ||| Stepping ~*~*~tactically~*~*~ (stealth).
 33828 | Spider:3 | Received a gift from Okawaru
 33846 | Spider:3 | 33846 ||| READING scroll of enchant weapon.
 33846 | Spider:3 | 33846 ||| ENCHANTING +5 vampiric broad axe.
 33863 | Spider:3 | 33863 ||| INVOKING Heroism.
 33870 | Spider:3 | Reached XP level 18. HP: 108/115 MP: 0/25
 33900 | Spider:3 | 33900 ||| DROPPING +2 hand axe of flaming.
 34403 | Spider:3 | 34403 ||| PLANNING SWAMP:4
 34540 | Swamp:4  | Entered Level 4 of the Swamp
 34548 | Swamp:4  | 34548 ||| INVOKING Heroism.
 34668 | Swamp:4  | Received a gift from Okawaru
 34856 | Swamp:4  | 34856 ||| INVOKING Heroism.
 34953 | Swamp:4  | 34953 ||| INVOKING Heroism.
 34959 | Swamp:4  | Reached skill level 18 in Shields
 34983 | Swamp:4  | 34983 ||| READING 18 scrolls of identify.
 34983 | Swamp:4  | 34983 ||| IDENTIFYING pink potion
 34984 | Swamp:4  | 34984 ||| DROPPING potion of berserk rage.
 35011 | Swamp:4  | Noticed Aizul
 35012 | Swamp:4  | 35012 ||| INVOKING Heroism.
 35013 | Swamp:4  | 35013 ||| INVOKING Finesse.
 35034 | Swamp:4  | Killed Aizul
 35088 | Swamp:4  | Identified the +6 plate armour of Vanity {Int+8 Dex-2
                  | Slay-2}
 35148 | Swamp:4  | 35148 ||| Stepping ~*~*~tactically~*~*~ (stealth).
 35149 | Swamp:4  | 35149 ||| Stepping ~*~*~tactically~*~*~ (stealth).
 35151 | Swamp:4  | 35151 ||| Stepping ~*~*~tactically~*~*~ (hiding).
 35165 | Swamp:4  | 35165 ||| Stepping ~*~*~tactically~*~*~ (hiding).
 35166 | Swamp:4  | 35166 ||| Stepping ~*~*~tactically~*~*~ (hiding).
 35276 | Swamp:4  | 35276 ||| INVOKING Heroism.
 35298 | Swamp:4  | HP: 24/116 [bog body (8)]
 35299 | Swamp:4  | 35299 ||| READING 4 scrolls of teleportation.
 35299 | Swamp:4  | HP: 10/116 [17-headed hydra (4)]
 35300 | Swamp:4  | 35300 ||| DRINKING 8 potions of heal wounds.
 35301 | Swamp:4  | 35301 ||| DRINKING 7 potions of heal wounds.
 35302 | Swamp:4  | 35302 ||| DRINKING 6 potions of heal wounds.
 35553 | Swamp:4  | 35553 ||| Stepping ~*~*~tactically~*~*~ (hiding).
 35555 | Swamp:4  | 35555 ||| Stepping ~*~*~tactically~*~*~ (hiding).
 35700 | Swamp:4  | 35700 ||| Stepping ~*~*~tactically~*~*~ (stealth).
 35702 | Swamp:4  | 35702 ||| INVOKING Heroism.
 35725 | Swamp:4  | 35725 ||| Stepping ~*~*~tactically~*~*~ (stealth).
 35729 | Swamp:4  | 35729 ||| Stepping ~*~*~tactically~*~*~ (stealth).
 35802 | Swamp:4  | 35802 ||| Stepping ~*~*~tactically~*~*~ (stealth).
 35804 | Swamp:4  | 35804 ||| Stepping ~*~*~tactically~*~*~ (stealth).
 35805 | Swamp:4  | 35805 ||| Stepping ~*~*~tactically~*~*~ (stealth).
 35878 | Swamp:4  | 35878 ||| Stepping ~*~*~tactically~*~*~ (stealth).
 35879 | Swamp:4  | 35879 ||| Stepping ~*~*~tactically~*~*~ (stealth).
 35880 | Swamp:4  | 35880 ||| Stepping ~*~*~tactically~*~*~ (stealth).
 35881 | Swamp:4  | 35881 ||| Stepping ~*~*~tactically~*~*~ (stealth).
 35890 | Swamp:4  | 35890 ||| Stepping ~*~*~tactically~*~*~ (hiding).
 35891 | Swamp:4  | 35891 ||| Stepping ~*~*~tactically~*~*~ (hiding).
 35895 | Swamp:4  | 35895 ||| Stepping ~*~*~tactically~*~*~ (hiding).
 35912 | Swamp:4  | 35912 ||| INVOKING Heroism.
 35943 | Swamp:4  | 35943 ||| Stepping ~*~*~tactically~*~*~ (stealth).
 35948 | Swamp:4  | 35948 ||| Stepping ~*~*~tactically~*~*~ (hiding).
 35949 | Swamp:4  | 35949 ||| Stepping ~*~*~tactically~*~*~ (hiding).
 35953 | Swamp:4  | 35953 ||| INVOKING Heroism.
 35968 | Swamp:4  | 35968 ||| INVOKING Finesse.
 35984 | Swamp:4  | Identified the +0 crystal plate armour "Itoez" {rC++
                  | Regen+} (Okawaru gifted it to you on level 4 of the Swamp)
 35984 | Swamp:4  | Received a gift from Okawaru
 35990 | Swamp:4  | 35990 ||| Stepping ~*~*~tactically~*~*~ (stealth).
 36010 | Swamp:4  | 36010 ||| Stepping ~*~*~tactically~*~*~ (hiding).
 36012 | Swamp:4  | 36012 ||| Stepping ~*~*~tactically~*~*~ (hiding).
 36057 | Swamp:4  | 36057 ||| Stepping ~*~*~tactically~*~*~ (stealth).
 36083 | Swamp:4  | 36083 ||| INVOKING Heroism.
 36084 | Swamp:4  | 36084 ||| Stepping ~*~*~tactically~*~*~ (stealth).
 36109 | Swamp:4  | 36109 ||| INVOKING Finesse.
 36171 | Swamp:4  | 36171 ||| Stepping ~*~*~tactically~*~*~ (hiding).
 36204 | Swamp:4  | 36204 ||| READING scroll of enchant weapon.
 36204 | Swamp:4  | 36204 ||| ENCHANTING +6 vampiric broad axe.
 36206 | Swamp:4  | Got a decaying rune of Zot
 36207 | Swamp:4  | 36207 ||| PLANNING VAULTS:1-4
 36207 | Swamp:4  | 36207 ||| UPGRADING to +6 plate armour of Vanity {Int+8
                  | Dex-2 Slay-2}.
 36217 | Swamp:4  | 36217 ||| DROPPING +2 plate armour.
 36218 | Swamp:4  | 36218 ||| DROPPING +3 chain mail of fire resistance.
 36219 | Swamp:4  | 36219 ||| UPGRADING to +0 crystal plate armour "Itoez"
                  | {rC++ Regen+}.
 36229 | Swamp:4  | 36229 ||| DROPPING +6 plate armour of Vanity {Int+8 Dex-2
                  | Slay-2}.
 36503 | Vaults:1 | Entered Level 1 of the Vaults
 36553 | Vaults:1 | 36553 ||| INVOKING Heroism.
 36554 | Vaults:1 | 36554 ||| INVOKING Finesse.
 36634 | Vaults:1 | 36634 ||| READING 3 scrolls of teleportation.
 36708 | Vaults:1 | 36708 ||| Stepping ~*~*~tactically~*~*~ (hiding).
 36709 | Vaults:1 | Noticed Nikola
 36709 | Vaults:1 | 36709 ||| Stepping ~*~*~tactically~*~*~ (hiding).
 36712 | Vaults:1 | 36712 ||| INVOKING Heroism.
 36714 | Vaults:1 | 36714 ||| INVOKING Finesse.
 36738 | Vaults:1 | Killed Nikola
 36806 | Vaults:1 | 36806 ||| INVOKING Heroism.
 36825 | Vaults:1 | Paralysed by a great orb of eyes for 3 turns
 36860 | Vaults:1 | 36860 ||| INVOKING Heroism.
 36881 | Vaults:1 | 36881 ||| Stepping ~*~*~tactically~*~*~ (hiding).
 36890 | Vaults:1 | HP: 21/117 [dire elephant[a boggart] (36)]
 36890 | Vaults:1 | HP: 10/117 [dire elephant[a boggart] (11)]
 36891 | Vaults:1 | 36891 ||| READING 2 scrolls of teleportation.
 36892 | Vaults:1 | 36892 ||| DRINKING 5 potions of heal wounds.
 36988 | Vaults:1 | Found a transporter.
 37036 | Vaults:1 | 37036 ||| Stepping ~*~*~tactically~*~*~ (hiding).
 37199 | Vaults:1 | Found a transporter.
 37307 | Vaults:1 | 37307 ||| Stepping ~*~*~tactically~*~*~ (hiding).
 37449 | Vaults:1 | 37449 ||| Stepping ~*~*~tactically~*~*~ (stealth).
 37451 | Vaults:1 | 37451 ||| Stepping ~*~*~tactically~*~*~ (stealth).
 37455 | Vaults:1 | 37455 ||| Stepping ~*~*~tactically~*~*~ (hiding).
 37459 | Vaults:1 | 37459 ||| INVOKING Heroism.
 37505 | Vaults:1 | 37505 ||| INVOKING Heroism.
 37533 | Vaults:1 | 37533 ||| Stepping ~*~*~tactically~*~*~ (hiding).
 37547 | Vaults:1 | Reached skill level 15 in Armour
 38115 | Vaults:1 | 38115 ||| READING 3 scrolls labelled ITUUSI XYOMM.
 38116 | Vaults:1 | 38116 ||| DROPPING 2 scrolls of summoning.
 38243 | Vaults:2 | 38243 ||| Stepping ~*~*~tactically~*~*~ (hiding).
 38358 | Vaults:2 | 38358 ||| INVOKING Heroism.
 38384 | Vaults:2 | Reached XP level 19. HP: 103/122 MP: 26/26
 38399 | Vaults:2 | Received a gift from Okawaru
 38432 | Vaults:2 | Identified the +7 tower shield of Past Mistakes {rF+ SInv}
                  | (Okawaru gifted it to you on level 2 of the Vaults)
 38432 | Vaults:2 | Received a gift from Okawaru
 38615 | Vaults:2 | 38615 ||| INVOKING Heroism.
 38658 | Vaults:2 | 38658 ||| Stepping ~*~*~tactically~*~*~ (hiding).
 38692 | Vaults:2 | 38692 ||| Stepping ~*~*~tactically~*~*~ (hiding).
 38694 | Vaults:2 | 38694 ||| INVOKING Heroism.
 38695 | Vaults:2 | 38695 ||| INVOKING Finesse.
 38746 | Vaults:2 | 38746 ||| Stepping ~*~*~tactically~*~*~ (stealth).
 38749 | Vaults:2 | 38749 ||| Stepping ~*~*~tactically~*~*~ (hiding).
 38750 | Vaults:2 | 38750 ||| Stepping ~*~*~tactically~*~*~ (hiding).
 38755 | Vaults:2 | 38755 ||| INVOKING Finesse.
 38769 | Vaults:2 | Reached skill level 15 in Fighting
 38820 | Vaults:2 | 38820 ||| FLEEEEING.
 38821 | Vaults:2 | 38821 ||| FLEEEEING.
 38822 | Vaults:2 | 38822 ||| FLEEEEING.
 38823 | Vaults:2 | 38823 ||| FLEEEEING.
 38824 | Vaults:2 | 38824 ||| FLEEEEING.
 38825 | Vaults:2 | 38825 ||| FLEEEEING.
 38826 | Vaults:2 | 38826 ||| FLEEEEING.
 38827 | Vaults:2 | 38827 ||| FLEEEEING.
 38828 | Vaults:2 | 38828 ||| FLEEEEING.
 38831 | Vaults:2 | 38831 ||| STAIRDANCE
 38933 | Vaults:1 | 38933 ||| UPGRADING to +7 tower shield of Past Mistakes
                  | {rF+ SInv}.
 38943 | Vaults:1 | 38943 ||| DROPPING +0 tower shield.
 38949 | Vaults:2 | 38949 ||| DRINKING potion of curing.
 38949 | Vaults:2 | 38949 ||| (to cure confusion)
 38967 | Vaults:2 | 38967 ||| INVOKING Heroism.
 39172 | Vaults:2 | 39172 ||| Stepping ~*~*~tactically~*~*~ (stealth).
 39176 | Vaults:2 | 39176 ||| FLEEEEING.
 39179 | Vaults:2 | 39179 ||| STAIRDANCE
 39285 | Vaults:2 | 39285 ||| STAIRDANCE
 39420 | Vaults:2 | 39420 ||| FLEEEEING.
 39421 | Vaults:2 | 39421 ||| FLEEEEING.
 39422 | Vaults:2 | 39422 ||| FLEEEEING.
 39423 | Vaults:2 | 39423 ||| FLEEEEING.
 39424 | Vaults:2 | 39424 ||| FLEEEEING.
 39425 | Vaults:2 | 39425 ||| FLEEEEING.
 39426 | Vaults:2 | 39426 ||| FLEEEEING.
 39427 | Vaults:2 | 39427 ||| FLEEEEING.
 39428 | Vaults:2 | 39428 ||| FLEEEEING.
 39431 | Vaults:2 | 39431 ||| STAIRDANCE
 39693 | Vaults:2 | 39693 ||| Stepping ~*~*~tactically~*~*~ (hiding).
 39696 | Vaults:2 | 39696 ||| INVOKING Heroism.
 40617 | Vaults:3 | 40617 ||| Stepping ~*~*~tactically~*~*~ (hiding).
 40677 | Vaults:3 | 40677 ||| INVOKING Heroism.
 40704 | Vaults:3 | 40704 ||| DRINKING 2 potions of cancellation.
 40713 | Vaults:3 | 40713 ||| DRINKING potion of curing.
 40713 | Vaults:3 | 40713 ||| (to cure confusion)
 40794 | Vaults:3 | 40794 ||| Stepping ~*~*~tactically~*~*~ (hiding).
 40795 | Vaults:3 | 40795 ||| Stepping ~*~*~tactically~*~*~ (hiding).
 40802 | Vaults:3 | 40802 ||| INVOKING Heroism.
 40813 | Vaults:3 | Reached skill level 18 in Armour
 40825 | Vaults:3 | 40825 ||| Stepping ~*~*~tactically~*~*~ (hiding).
 40881 | Vaults:3 | 40881 ||| INVOKING Heroism.
 41102 | Vaults:3 | 41102 ||| FLEEEEING.
 41107 | Vaults:3 | 41107 ||| FLEEEEING.
 41108 | Vaults:3 | 41108 ||| FLEEEEING.
 41109 | Vaults:3 | 41109 ||| FLEEEEING.
 41110 | Vaults:3 | 41110 ||| FLEEEEING.
 41110 | Vaults:3 | Noticed Xtahua
 41111 | Vaults:3 | 41111 ||| FLEEEEING.
 41112 | Vaults:3 | 41112 ||| FLEEEEING.
 41113 | Vaults:3 | 41113 ||| FLEEEEING.
 41114 | Vaults:3 | 41114 ||| FLEEEEING.
 41115 | Vaults:3 | 41115 ||| FLEEEEING.
 41116 | Vaults:3 | 41116 ||| FLEEEEING.
 41117 | Vaults:3 | 41117 ||| FLEEEEING.
 41118 | Vaults:3 | 41118 ||| FLEEEEING.
 41119 | Vaults:3 | 41119 ||| FLEEEEING.
 41124 | Vaults:3 | 41124 ||| FLEEEEING.
 41125 | Vaults:3 | 41125 ||| FLEEEEING.
 41126 | Vaults:3 | 41126 ||| FLEEEEING.
 41127 | Vaults:3 | 41127 ||| FLEEEEING.
 41128 | Vaults:3 | 41128 ||| FLEEEEING.
 41129 | Vaults:3 | 41129 ||| FLEEEEING.
 41130 | Vaults:3 | 41130 ||| FLEEEEING.
 41131 | Vaults:3 | 41131 ||| FLEEEEING.
 41132 | Vaults:3 | 41132 ||| FLEEEEING.
 41133 | Vaults:3 | 41133 ||| FLEEEEING.
 41134 | Vaults:3 | 41134 ||| FLEEEEING.
 41135 | Vaults:3 | 41135 ||| FLEEEEING.
 41136 | Vaults:3 | 41136 ||| FLEEEEING.
 41137 | Vaults:3 | 41137 ||| FLEEEEING.
 41138 | Vaults:3 | 41138 ||| FLEEEEING.
 41139 | Vaults:3 | 41139 ||| FLEEEEING.
 41142 | Vaults:3 | 41142 ||| FLEEEEING.
 41143 | Vaults:3 | 41143 ||| FLEEEEING.
 41144 | Vaults:3 | 41144 ||| FLEEEEING.
 41145 | Vaults:3 | 41145 ||| FLEEEEING.
 41146 | Vaults:3 | 41146 ||| FLEEEEING.
 41157 | Vaults:3 | 41157 ||| FLEEEEING.
 41158 | Vaults:3 | 41158 ||| FLEEEEING.
 41159 | Vaults:3 | 41159 ||| FLEEEEING.
 41160 | Vaults:3 | 41160 ||| FLEEEEING.
 41163 | Vaults:3 | 41163 ||| FLEEEEING.
 41165 | Vaults:3 | 41165 ||| STAIRDANCE
 41267 | Vaults:2 | 41267 ||| UPGRADING to +6 ring of strength.
 41269 | Vaults:2 | 41269 ||| UPGRADING to +6 ring of dexterity.
 41284 | Vaults:3 | Paralysed by Xtahua for 2 turns
 41287 | Vaults:3 | 41287 ||| INVOKING Heroism.
 41297 | Vaults:3 | Killed Xtahua
 41297 | Vaults:3 | Received a gift from Okawaru
 41322 | Vaults:3 | Noticed Frederick
 41323 | Vaults:3 | 41323 ||| INVOKING Finesse.
 41346 | Vaults:3 | Killed Frederick
 41347 | Vaults:3 | Reached XP level 20. HP: 120/131 MP: 23/27
 41347 | Vaults:3 | 41347 ||| Stepping ~*~*~tactically~*~*~ (hiding).
 41353 | Vaults:3 | 41353 ||| Stepping ~*~*~tactically~*~*~ (hiding).
 41379 | Vaults:3 | 41379 ||| INVOKING Heroism.
 41381 | Vaults:3 | Identified the +4 war axe of Bile {vorpal, Fragile rC+++
                  | Dex-3 Stlth+} (Okawaru gifted it to you on level 3 of the
                  | Vaults)
 41381 | Vaults:3 | Received a gift from Okawaru
 41541 | Vaults:3 | 41541 ||| Stepping ~*~*~tactically~*~*~ (hiding).
 41549 | Vaults:3 | 41549 ||| FLEEEEING.
 41550 | Vaults:3 | 41550 ||| Stepping ~*~*~tactically~*~*~ (hiding).
 41551 | Vaults:3 | 41551 ||| Stepping ~*~*~tactically~*~*~ (hiding).
 41566 | Vaults:3 | 41566 ||| INVOKING Heroism.
 41778 | Vaults:3 | 41778 ||| Stepping ~*~*~tactically~*~*~ (hiding).
 41782 | Vaults:3 | 41782 ||| Stepping ~*~*~tactically~*~*~ (hiding).
 41785 | Vaults:3 | 41785 ||| Stepping ~*~*~tactically~*~*~ (hiding).
 41797 | Vaults:3 | 41797 ||| FLEEEEING.
 41800 | Vaults:3 | Found a runed translucent gate.
 41802 | Vaults:3 | 41802 ||| FLEEEEING.
 41803 | Vaults:3 | 41803 ||| FLEEEEING.
 41804 | Vaults:3 | 41804 ||| FLEEEEING.
 41805 | Vaults:3 | 41805 ||| FLEEEEING.
 41806 | Vaults:3 | 41806 ||| FLEEEEING.
 41807 | Vaults:3 | 41807 ||| FLEEEEING.
 41808 | Vaults:3 | 41808 ||| FLEEEEING.
 41809 | Vaults:3 | 41809 ||| FLEEEEING.
 41810 | Vaults:3 | 41810 ||| FLEEEEING.
 41821 | Vaults:3 | 41821 ||| FLEEEEING.
 41825 | Vaults:3 | 41825 ||| STAIRDANCE
 41975 | Vaults:3 | Found a runed translucent gate.
 41976 | Vaults:3 | Found a runed translucent gate.
 41976 | Vaults:3 | Noticed Droegar's ghost (adept MiBe)
 42125 | Vaults:3 | 42125 ||| INVOKING Heroism.
 42369 | Vaults:3 | 42369 ||| Stepping ~*~*~tactically~*~*~ (hiding).
 42395 | Vaults:3 | 42395 ||| Stepping ~*~*~tactically~*~*~ (stealth).
 42396 | Vaults:3 | 42396 ||| Stepping ~*~*~tactically~*~*~ (stealth).
 42398 | Vaults:3 | 42398 ||| Stepping ~*~*~tactically~*~*~ (stealth).
 42438 | Vaults:3 | 42438 ||| INVOKING Heroism.
 42455 | Vaults:3 | 42455 ||| Stepping ~*~*~tactically~*~*~ (stealth).
 42494 | Vaults:3 | Found a staircase to the Crypt.
 42619 | Vaults:4 | 42619 ||| PLANNING DESOLATION
 42619 | Vaults:4 | 42619 ||| INVOKING Heroism.
 42622 | Vaults:4 | 42622 ||| STAIRDANCE
 42759 | Vaults:4 | 42759 ||| STAIRDANCE
 42761 | Vaults:3 | 42761 ||| INVOKING Heroism.
 42901 | Vaults:4 | 42901 ||| INVOKING Heroism.
 42905 | Vaults:4 | 42905 ||| STAIRDANCE
 43058 | Vaults:4 | 43058 ||| Stepping ~*~*~tactically~*~*~ (hiding).
 43070 | Vaults:4 | Received a gift from Okawaru
 43176 | Vaults:4 | 43176 ||| INVOKING Heroism.
 43214 | Vaults:4 | 43214 ||| INVOKING Finesse.
 43298 | Vaults:4 | 43298 ||| READING scroll of enchant armour.
 43298 | Vaults:4 | 43298 ||| ENCHANTING +1 pair of boots.
 43327 | Vaults:4 | 43327 ||| INVOKING Heroism.
 43343 | Vaults:4 | Noticed Zenata
 43344 | Vaults:4 | 43344 ||| INVOKING Finesse.
 43378 | Vaults:4 | Killed Zenata
 43384 | Vaults:4 | 43384 ||| RIP DESOLATION
 43390 | Vaults:4 | 43390 ||| PLANNING VAULTS:1-4
 43410 | Vaults:4 | 43410 ||| Stepping ~*~*~tactically~*~*~ (hiding).
 43413 | Vaults:4 | 43413 ||| INVOKING Heroism.
 43420 | Vaults:4 | 43420 ||| Stepping ~*~*~tactically~*~*~ (hiding).
 43595 | Vaults:4 | Received a gift from Okawaru
 43627 | Vaults:4 | 43627 ||| Stepping ~*~*~tactically~*~*~ (stealth).
 43628 | Vaults:4 | 43628 ||| Stepping ~*~*~tactically~*~*~ (stealth).
 43797 | Vaults:4 | Noticed Jory
 43798 | Vaults:4 | 43798 ||| Stepping ~*~*~tactically~*~*~ (hiding).
 43812 | Vaults:4 | 43812 ||| INVOKING Heroism.
 43828 | Vaults:4 | Killed Jory
 43906 | Vaults:4 | Identified the +1 chain mail of Winter {Str+6} (Okawaru
                  | gifted it to you on level 4 of the Vaults)
 43906 | Vaults:4 | Received a gift from Okawaru
 43965 | Vaults:4 | 43965 ||| FLEEEEING.
 43966 | Vaults:4 | 43966 ||| FLEEEEING.
 43967 | Vaults:4 | 43967 ||| FLEEEEING.
 43968 | Vaults:4 | 43968 ||| FLEEEEING.
 43969 | Vaults:4 | 43969 ||| FLEEEEING.
 43970 | Vaults:4 | 43970 ||| FLEEEEING.
 43971 | Vaults:4 | 43971 ||| FLEEEEING.
 43972 | Vaults:4 | 43972 ||| FLEEEEING.
 43973 | Vaults:4 | 43973 ||| FLEEEEING.
 43974 | Vaults:4 | 43974 ||| FLEEEEING.
 43975 | Vaults:4 | 43975 ||| FLEEEEING.
 43976 | Vaults:4 | 43976 ||| FLEEEEING.
 43977 | Vaults:4 | 43977 ||| FLEEEEING.
 43984 | Vaults:4 | 43984 ||| FLEEEEING.
 43985 | Vaults:4 | 43985 ||| FLEEEEING.
 43986 | Vaults:4 | 43986 ||| FLEEEEING.
 43987 | Vaults:4 | 43987 ||| FLEEEEING.
 43988 | Vaults:4 | 43988 ||| FLEEEEING.
 43989 | Vaults:4 | 43989 ||| FLEEEEING.
 43991 | Vaults:4 | 43991 ||| FLEEEEING.
 43992 | Vaults:4 | 43992 ||| STAIRDANCE
 44168 | Vaults:3 | 44168 ||| DROPPING amulet of guardian spirit.
 44272 | Vaults:4 | 44272 ||| Stepping ~*~*~tactically~*~*~ (stealth).
 44278 | Vaults:4 | 44278 ||| Stepping ~*~*~tactically~*~*~ (stealth).
 44439 | Vaults:4 | 44439 ||| Stepping ~*~*~tactically~*~*~ (hiding).
 44440 | Vaults:4 | 44440 ||| Stepping ~*~*~tactically~*~*~ (hiding).
 44576 | Vaults:4 | Noticed Margery
 44577 | Vaults:4 | 44577 ||| Stepping ~*~*~tactically~*~*~ (hiding).
 44578 | Vaults:4 | 44578 ||| Stepping ~*~*~tactically~*~*~ (hiding).
 44582 | Vaults:4 | 44582 ||| INVOKING Heroism.
 44592 | Vaults:4 | Reached skill level 9 in Throwing
 44594 | Vaults:4 | Killed Margery
 44611 | Vaults:4 | 44611 ||| INVOKING Heroism.
 44738 | Vaults:4 | 44738 ||| READING scroll of teleportation.
 44781 | Vaults:4 | 44781 ||| Stepping ~*~*~tactically~*~*~ (stealth).
 44782 | Vaults:4 | 44782 ||| Stepping ~*~*~tactically~*~*~ (stealth).
 44783 | Vaults:4 | 44783 ||| Stepping ~*~*~tactically~*~*~ (stealth).
 44788 | Vaults:4 | 44788 ||| Stepping ~*~*~tactically~*~*~ (stealth).
 44791 | Vaults:4 | 44791 ||| Stepping ~*~*~tactically~*~*~ (stealth).
 44794 | Vaults:4 | 44794 ||| INVOKING Heroism.
 44853 | Vaults:4 | 44853 ||| Stepping ~*~*~tactically~*~*~ (stealth).
 44857 | Vaults:4 | 44857 ||| Stepping ~*~*~tactically~*~*~ (stealth).
 44859 | Vaults:4 | 44859 ||| INVOKING Heroism.
 44897 | Vaults:4 | 44897 ||| PLANNING SPIDER:4
 45228 | Spider:4 | Entered Level 4 of the Spider Nest
 45242 | Spider:4 | 45242 ||| INVOKING Heroism.
 45255 | Spider:4 | Reached XP level 21. HP: 139/139 MP: 28/28
 45291 | Spider:4 | 45291 ||| INVOKING Heroism.
 45356 | Spider:4 | 45356 ||| Stepping ~*~*~tactically~*~*~ (stealth).
 45622 | Spider:4 | 45622 ||| INVOKING Finesse.
 45658 | Spider:4 | Reached skill level 18 in Fighting
 45695 | Spider:4 | 45695 ||| Stepping ~*~*~tactically~*~*~ (stealth).
 45770 | Spider:4 | 45770 ||| INVOKING Heroism.
 45786 | Spider:4 | 45786 ||| Stepping ~*~*~tactically~*~*~ (stealth).
 45896 | Spider:4 | 45896 ||| Stepping ~*~*~tactically~*~*~ (stealth).
 45897 | Spider:4 | 45897 ||| Stepping ~*~*~tactically~*~*~ (stealth).
 45906 | Spider:4 | 45906 ||| Stepping ~*~*~tactically~*~*~ (stealth).
 45922 | Spider:4 | 45922 ||| Stepping ~*~*~tactically~*~*~ (stealth).
 45960 | Spider:4 | 45960 ||| INVOKING Finesse.
 45977 | Spider:4 | 45977 ||| INVOKING Heroism.
 46037 | Spider:4 | 46037 ||| Stepping randomly (stuck).
 46038 | Spider:4 | 46038 ||| Stepping randomly (stuck).
 46039 | Spider:4 | 46039 ||| Stepping randomly (stuck).
 46040 | Spider:4 | 46040 ||| Stepping randomly (stuck).
 46041 | Spider:4 | 46041 ||| Stepping randomly (stuck).
 46042 | Spider:4 | 46042 ||| Stepping randomly (stuck).
 46043 | Spider:4 | 46043 ||| Stepping randomly (stuck).
 46091 | Spider:4 | 46091 ||| Stepping ~*~*~tactically~*~*~ (stealth).
 46092 | Spider:4 | 46092 ||| Stepping ~*~*~tactically~*~*~ (stealth).
 46093 | Spider:4 | 46093 ||| Stepping ~*~*~tactically~*~*~ (stealth).
 46099 | Spider:4 | Reached skill level 6 in Dodging
 46155 | Spider:4 | Found the +3 pair of seven-league boots {Rampage+∞}
 46162 | Spider:4 | Got a gossamer rune of Zot
 46224 | Spider:4 | 46224 ||| INVOKING Finesse.
 46231 | Spider:4 | 46231 ||| Stepping ~*~*~tactically~*~*~ (stealth).
 46467 | Spider:4 | 46467 ||| Stepping ~*~*~tactically~*~*~ (stealth).
 46568 | Spider:4 | 46568 ||| PLANNING DEPTHS
 46568 | Spider:4 | 46568 ||| UPGRADING to +3 pair of seven-league boots
                  | {Rampage+∞}.
 46578 | Spider:4 | 46578 ||| DROPPING +2 pair of boots.
 46579 | Spider:4 | 46579 ||| DROPPING +0 hat of stealth.
 46842 | Depths:1 | Entered Level 1 of the Depths
 46864 | Depths:1 | 46864 ||| Stepping ~*~*~tactically~*~*~ (stealth).
 46867 | Depths:1 | 46867 ||| Stepping ~*~*~tactically~*~*~ (stealth).
 46868 | Depths:1 | 46868 ||| Stepping ~*~*~tactically~*~*~ (stealth).
 46870 | Depths:1 | 46870 ||| INVOKING Heroism.
 46880 | Depths:1 | Received a gift from Okawaru
 47018 | Depths:1 | Paralysed by a sphinx for 3 turns
 47136 | Depths:1 | 47136 ||| Stepping ~*~*~tactically~*~*~ (hiding).
 47137 | Depths:1 | 47137 ||| Stepping ~*~*~tactically~*~*~ (hiding).
 47261 | Depths:1 | 47261 ||| Stepping ~*~*~tactically~*~*~ (stealth).
 47262 | Depths:1 | 47262 ||| Stepping ~*~*~tactically~*~*~ (stealth).
 47267 | Depths:1 | 47267 ||| INVOKING Heroism.
 47270 | Depths:1 | 47270 ||| Stepping ~*~*~tactically~*~*~ (hiding).
 47286 | Depths:1 | 47286 ||| Stepping ~*~*~tactically~*~*~ (hiding).
 47295 | Depths:1 | 47295 ||| INVOKING Finesse.
 47328 | Depths:1 | 47328 ||| INVOKING Heroism.
 47414 | Depths:1 | Found a gateway to Hell.
 47469 | Depths:1 | 47469 ||| INVOKING Heroism.
 47499 | Depths:1 | Found a hide-covered altar of Uskayaw.
 47719 | Depths:1 | Found Sinosuy's Jewellery Emporium.
 47720 | Depths:1 | Found Vybeuh's Book Shop.
 47722 | Depths:1 | Found Myhum's Jewellery Emporium.
 47732 | Depths:1 | 47732 ||| BUYING +4 ring of protection (756 gold).
 47732 | Depths:1 | Bought a +4 ring of protection for 756 gold pieces
 47732 | Depths:1 | 47732 ||| BUYING +4 ring of protection (756 gold).
 47732 | Depths:1 | Bought a +4 ring of protection for 756 gold pieces
 47757 | Depths:1 | 47757 ||| DROPPING ring of see invisible.
 47758 | Depths:1 | 47758 ||| UPGRADING to +4 ring of protection.
 47760 | Depths:1 | 47760 ||| UPGRADING to +4 ring of protection.
 47762 | Depths:1 | 47762 ||| DROPPING +6 ring of strength.
 47763 | Depths:1 | 47763 ||| DROPPING +6 ring of dexterity.
 47764 | Depths:1 | 47764 ||| READING scroll labelled FOACAG ROAM.
 47764 | Depths:1 | Identified a scroll of acquirement
 47764 | Depths:1 | 47764 ||| ACQUIRING +0 pair of gloves of Anarchy {rElec
                  | Will+ rCorr Str-2}
 47764 | Depths:1 | Acquired the +0 pair of gloves of Anarchy {rElec Will+
                  | rCorr Str-2}
 47799 | Depths:2 | 47799 ||| STAIRDANCE
 47814 | Depths:2 | 47814 ||| STAIRDANCE
 47815 | Depths:2 | 47815 ||| INVOKING Heroism.
 47830 | Depths:2 | Received a gift from Okawaru
 47838 | Depths:2 | 47838 ||| INVOKING Finesse.
 47909 | Depths:2 | Found a faded altar of an unknown god.
 47936 | Depths:2 | 47936 ||| INVOKING Heroism.
 47937 | Depths:2 | 47937 ||| INVOKING Finesse.
 48031 | Depths:2 | 48031 ||| Stepping ~*~*~tactically~*~*~ (hiding).
 48036 | Depths:2 | Noticed Saint Roka
 48037 | Depths:2 | 48037 ||| INVOKING Heroism.
 48060 | Depths:2 | 48060 ||| INVOKING Heroism.
 48070 | Depths:2 | Killed Saint Roka
 48114 | Depths:2 | Received a gift from Okawaru
 48154 | Depths:2 | 48154 ||| Stepping ~*~*~tactically~*~*~ (stealth).
 48155 | Depths:2 | 48155 ||| INVOKING Heroism.
 48189 | Depths:2 | Reached XP level 22. HP: 147/147 MP: 29/29
 48193 | Depths:2 | Reached skill level 21 in Armour
 48229 | Depths:2 | Noticed the Enchantress
 48230 | Depths:2 | 48230 ||| INVOKING Heroism.
 48241 | Depths:2 | 48241 ||| INVOKING Finesse.
 48267 | Depths:2 | Killed the Enchantress
 48304 | Depths:2 | Found a corrupted altar of Lugonu.
 48335 | Depths:2 | 48335 ||| INVOKING Heroism.
 48412 | Depths:2 | Found a transporter.
 48440 | Depths:2 | 48440 ||| Stepping ~*~*~tactically~*~*~ (stealth).
 48445 | Depths:2 | Received a gift from Okawaru
 48459 | Depths:2 | 48459 ||| Stepping ~*~*~tactically~*~*~ (hiding).
 48460 | Depths:2 | 48460 ||| Stepping ~*~*~tactically~*~*~ (hiding).
 48461 | Depths:2 | 48461 ||| Stepping ~*~*~tactically~*~*~ (hiding).
 48462 | Depths:2 | 48462 ||| Stepping ~*~*~tactically~*~*~ (hiding).
 48463 | Depths:2 | 48463 ||| Stepping ~*~*~tactically~*~*~ (hiding).
 48464 | Depths:2 | 48464 ||| Stepping ~*~*~tactically~*~*~ (hiding).
 48475 | Depths:2 | 48475 ||| Stepping ~*~*~tactically~*~*~ (stealth).
 48482 | Depths:2 | Found a one-way gate leading to the halls of Pandemonium.
 48485 | Depths:2 | 48485 ||| INVOKING Heroism.
 48607 | Depths:2 | 48607 ||| Stepping ~*~*~tactically~*~*~ (hiding).
 48681 | Depths:2 | 48681 ||| INVOKING Heroism.
 48719 | Depths:2 | Found the +8 arc blade {discharge, rElec}
 48839 | Depths:2 | Found a transporter.
 48926 | Depths:2 | 48926 ||| Stepping ~*~*~tactically~*~*~ (hiding).
 49177 | Depths:3 | Noticed Mennas
 49178 | Depths:3 | 49178 ||| Stepping ~*~*~tactically~*~*~ (hiding).
 49183 | Depths:3 | 49183 ||| INVOKING Heroism.
 49204 | Depths:3 | Noticed Sojobo
 49205 | Depths:3 | 49205 ||| Stepping ~*~*~tactically~*~*~ (hiding).
 49211 | Depths:3 | 49211 ||| INVOKING Finesse.
 49239 | Depths:3 | Killed Sojobo
 49264 | Depths:3 | 49264 ||| INVOKING Heroism.
 49300 | Depths:3 | Found a one-way gateway to a ziggurat.
 49312 | Depths:3 | 49312 ||| INVOKING Heroism.
 49313 | Depths:3 | 49313 ||| INVOKING Finesse.
 49324 | Depths:3 | Received a gift from Okawaru
 49326 | Depths:3 | Killed Mennas
 49422 | Depths:3 | Found a one-way gate to the infinite horrors of the Abyss.
 49432 | Depths:3 | 49432 ||| INVOKING Heroism.
 49433 | Depths:3 | 49433 ||| INVOKING Finesse.
 49509 | Depths:3 | 49509 ||| Stepping ~*~*~tactically~*~*~ (hiding).
 49515 | Depths:3 | 49515 ||| INVOKING Heroism.
 49568 | Depths:3 | 49568 ||| Stepping ~*~*~tactically~*~*~ (hiding).
 49620 | Depths:3 | 49620 ||| INVOKING Heroism.
 49633 | Depths:3 | Received a gift from Okawaru
 49868 | Depths:3 | 49868 ||| READING scroll of enchant weapon.
 49868 | Depths:3 | 49868 ||| ENCHANTING +7 vampiric broad axe.
 49882 | Depths:3 | 49882 ||| Stepping ~*~*~tactically~*~*~ (stealth).
 49883 | Depths:3 | 49883 ||| Stepping ~*~*~tactically~*~*~ (stealth).
 49885 | Depths:3 | 49885 ||| INVOKING Heroism.
 50038 | Depths:3 | 50038 ||| INVOKING Heroism.
 50039 | Depths:3 | 50039 ||| INVOKING Finesse.
 50048 | Depths:3 | Noticed a golden dragon
 50058 | Depths:3 | 50058 ||| Stepping ~*~*~tactically~*~*~ (hiding).
 50069 | Depths:3 | 50069 ||| INVOKING Heroism.
 50073 | Depths:3 | Killed a golden dragon
 50079 | Depths:3 | Received a gift from Okawaru
 50186 | Depths:3 | Noticed a golden dragon
 50187 | Depths:3 | 50187 ||| INVOKING Heroism.
 50188 | Depths:3 | 50188 ||| INVOKING Finesse.
 50190 | Depths:3 | 50190 ||| Stepping ~*~*~tactically~*~*~ (hiding).
 50201 | Depths:3 | Killed a golden dragon
 50201 | Depths:3 | Received a gift from Okawaru
 50496 | Depths:3 | 50496 ||| DROPPING +2 hat.
 50529 | Depths:4 | Entered Level 4 of the Depths
 50563 | Depths:4 | 50563 ||| INVOKING Heroism.
 50569 | Depths:4 | Received a gift from Okawaru
 50641 | Depths:4 | 50641 ||| Stepping ~*~*~tactically~*~*~ (hiding).
 50644 | Depths:4 | 50644 ||| INVOKING Heroism.
 50700 | Depths:4 | 50700 ||| Stepping ~*~*~tactically~*~*~ (stealth).
 50702 | Depths:4 | 50702 ||| INVOKING Heroism.
 50706 | Depths:4 | 50706 ||| Stepping ~*~*~tactically~*~*~ (hiding).
 50724 | Depths:4 | 50724 ||| INVOKING Finesse.
 50753 | Depths:4 | 50753 ||| INVOKING Heroism.
 50804 | Depths:4 | Received a gift from Okawaru
 50808 | Depths:4 | Reached XP level 23. HP: 156/156 MP: 28/30
 50824 | Depths:4 | 50824 ||| INVOKING Finesse.
 50847 | Depths:4 | Received a gift from Okawaru
 50877 | Depths:4 | 50877 ||| INVOKING Heroism.
 50885 | Depths:4 | Reached skill level 21 in Shields
 50885 | Depths:4 | Noticed a golden dragon
 50914 | Depths:4 | Killed a golden dragon
 50928 | Depths:4 | Gained mutation: Armour fits poorly on your strangely
                  | shaped body. [a cacodemon]
 50945 | Depths:4 | 50945 ||| DRINKING 7 potions of mutation.
 50945 | Depths:4 | Lost mutation: Armour fits poorly on your strangely shaped
                  | body. [potion of mutation]
 50945 | Depths:4 | Lost mutation: You are weak. (Str -2) [potion of mutation]
 50945 | Depths:4 | Lost mutation: You are clumsy. (Dex -2) [potion of
                  | mutation]
 50945 | Depths:4 | Gained mutation: You occasionally shout uncontrollably at
                  | your foes. [potion of mutation]
 51024 | Depths:4 | 51024 ||| Stepping ~*~*~tactically~*~*~ (stealth).
 51081 | Depths:4 | 51081 ||| INVOKING Heroism.
 51087 | Depths:4 | 51087 ||| INVOKING Finesse.
 51213 | Depths:4 | Found a gate to the Realm of Zot.
 51247 | Depths:4 | Found an opulent altar of Gozag.
 51339 | Depths:4 | 51339 ||| INVOKING Heroism.
 51340 | Depths:4 | 51340 ||| INVOKING Finesse.
 51665 | Depths:4 | 51665 ||| INVOKING Heroism.
 51680 | Depths:4 | Received a gift from Okawaru
 51711 | Depths:4 | Found a runed translucent door.
 51715 | Depths:4 | 51715 ||| Stepping randomly (stuck).
 51716 | Depths:4 | 51716 ||| Stepping randomly (stuck).
 51717 | Depths:4 | 51717 ||| Stepping randomly (stuck).
 51719 | Depths:4 | 51719 ||| Stepping randomly (stuck).
 51720 | Depths:4 | 51720 ||| Stepping randomly (stuck).
 51721 | Depths:4 | 51721 ||| Stepping randomly (stuck).
 51724 | Depths:4 | 51724 ||| DROPPING amulet of magic regeneration.
 51725 | Depths:4 | 51725 ||| Stepping randomly (stuck).
 51726 | Depths:4 | 51726 ||| Stepping randomly (stuck).
 51727 | Depths:4 | 51727 ||| Stepping randomly (stuck).
 51728 | Depths:4 | 51728 ||| Stepping randomly (stuck).
 51729 | Depths:4 | 51729 ||| Stepping randomly (stuck).
 51730 | Depths:4 | 51730 ||| Stepping randomly (stuck).
 51731 | Depths:4 | 51731 ||| Stepping randomly (stuck).
 51733 | Depths:4 | 51733 ||| Stepping randomly (stuck).
 51734 | Depths:4 | 51734 ||| Stepping randomly (stuck).
 51735 | Depths:4 | 51735 ||| Stepping randomly (stuck).
 51736 | Depths:4 | 51736 ||| Stepping randomly (stuck).
 51737 | Depths:4 | 51737 ||| Stepping randomly (stuck).
 51738 | Depths:4 | 51738 ||| Stepping randomly (stuck).
 51739 | Depths:4 | 51739 ||| Stepping randomly (stuck).
 51740 | Depths:4 | 51740 ||| Stepping randomly (stuck).
 51741 | Depths:4 | 51741 ||| Stepping randomly (stuck).
 51742 | Depths:4 | 51742 ||| Stepping randomly (stuck).
 51743 | Depths:4 | 51743 ||| Stepping randomly (stuck).
 51745 | Depths:4 | 51745 ||| Stepping randomly (stuck).
 51746 | Depths:4 | 51746 ||| Stepping randomly (stuck).
 51747 | Depths:4 | 51747 ||| Stepping randomly (stuck).
 51748 | Depths:4 | 51748 ||| Stepping randomly (stuck).
 51749 | Depths:4 | 51749 ||| Stepping randomly (stuck).
 51750 | Depths:4 | 51750 ||| Stepping randomly (stuck).
 51751 | Depths:4 | 51751 ||| Stepping randomly (stuck).
 51752 | Depths:4 | 51752 ||| Stepping randomly (stuck).
 51754 | Depths:4 | 51754 ||| Stepping randomly (stuck).
 51756 | Depths:4 | 51756 ||| Stepping randomly (stuck).
 51758 | Depths:4 | 51758 ||| Stepping randomly (stuck).
 51760 | Depths:4 | 51760 ||| Stepping randomly (stuck).
 51762 | Depths:4 | 51762 ||| Stepping randomly (stuck).
 51764 | Depths:4 | 51764 ||| Stepping randomly (stuck).
 51766 | Depths:4 | 51766 ||| Stepping randomly (stuck).
 51767 | Depths:4 | 51767 ||| Stepping randomly (stuck).
 51768 | Depths:4 | 51768 ||| Stepping randomly (stuck).
 51769 | Depths:4 | 51769 ||| Stepping randomly (stuck).
 51770 | Depths:4 | 51770 ||| Stepping randomly (stuck).
 51771 | Depths:4 | 51771 ||| Stepping randomly (stuck).
 51772 | Depths:4 | 51772 ||| Stepping ~*~*~tactically~*~*~ (hiding).
 51773 | Depths:4 | 51773 ||| Stepping ~*~*~tactically~*~*~ (hiding).
 51784 | Depths:4 | 51784 ||| Stepping randomly (stuck).
 51785 | Depths:4 | 51785 ||| Stepping randomly (stuck).
 51788 | Depths:4 | 51788 ||| Stepping randomly (stuck).
 51789 | Depths:4 | 51789 ||| Stepping randomly (stuck).
 51791 | Depths:4 | 51791 ||| Stepping randomly (stuck).
 51792 | Depths:4 | 51792 ||| Stepping randomly (stuck).
 51794 | Depths:4 | 51794 ||| Stepping randomly (stuck).
 51795 | Depths:4 | 51795 ||| Stepping randomly (stuck).
 51801 | Depths:4 | 51801 ||| Stepping randomly (stuck).
 51802 | Depths:4 | 51802 ||| Stepping randomly (stuck).
 51803 | Depths:4 | 51803 ||| Stepping randomly (stuck).
 51804 | Depths:4 | 51804 ||| Stepping randomly (stuck).
 51805 | Depths:4 | 51805 ||| Stepping randomly (stuck).
 51806 | Depths:4 | 51806 ||| Stepping randomly (stuck).
 51807 | Depths:4 | 51807 ||| Stepping randomly (stuck).
 51810 | Depths:4 | 51810 ||| Stepping randomly (stuck).
 51811 | Depths:4 | 51811 ||| Stepping randomly (stuck).
 51812 | Depths:4 | 51812 ||| Stepping randomly (stuck).
 51813 | Depths:4 | 51813 ||| Stepping randomly (stuck).
 51814 | Depths:4 | 51814 ||| Stepping randomly (stuck).
 51815 | Depths:4 | 51815 ||| Stepping randomly (stuck).
 51816 | Depths:4 | 51816 ||| Stepping randomly (stuck).
 51817 | Depths:4 | 51817 ||| Stepping randomly (stuck).
 51818 | Depths:4 | 51818 ||| Stepping randomly (stuck).
 51819 | Depths:4 | 51819 ||| Stepping randomly (stuck).
 51820 | Depths:4 | 51820 ||| Stepping randomly (stuck).
 51821 | Depths:4 | 51821 ||| Stepping randomly (stuck).
 51822 | Depths:4 | 51822 ||| Stepping randomly (stuck).
 51823 | Depths:4 | 51823 ||| Stepping randomly (stuck).
 51824 | Depths:4 | 51824 ||| Stepping randomly (stuck).
 51825 | Depths:4 | 51825 ||| Stepping randomly (stuck).
 51826 | Depths:4 | 51826 ||| Stepping randomly (stuck).
 51827 | Depths:4 | 51827 ||| Stepping randomly (stuck).
 52021 | Depths:4 | 52021 ||| INVOKING Heroism.
 52059 | Depths:4 | 52059 ||| INVOKING Heroism.
 52194 | Depths:4 | 52194 ||| PLANNING VAULTS:5
 52194 | Depths:4 | 52194 ||| UPGRADING to +0 pair of gloves of Anarchy {rElec
                  | Will+ rCorr Str-2}.
 52536 | Vaults:5 | Entered Level 5 of the Vaults
 52537 | Vaults:5 | 52537 ||| INVOKING Heroism.
 52538 | Vaults:5 | 52538 ||| STAIRDANCE
 52549 | Vaults:4 | Reached skill level 21 in Fighting
 52553 | Vaults:5 | 52553 ||| STAIRDANCE
 52592 | Vaults:5 | 52592 ||| STAIRDANCE
 52594 | Vaults:4 | 52594 ||| INVOKING Heroism.
 52620 | Vaults:5 | 52620 ||| STAIRDANCE
 52651 | Vaults:5 | Received a gift from Okawaru
 52657 | Vaults:5 | Reached skill level 12 in Throwing
 52659 | Vaults:5 | 52659 ||| INVOKING Heroism.
 52675 | Vaults:5 | Received a gift from Okawaru
 52689 | Vaults:5 | 52689 ||| INVOKING Finesse.
 52705 | Vaults:5 | Noticed a dread lich
 52731 | Vaults:5 | Killed a dread lich
 52762 | Vaults:5 | 52762 ||| INVOKING Heroism.
 52771 | Vaults:5 | Received a gift from Okawaru
 52776 | Vaults:5 | 52776 ||| Stepping ~*~*~tactically~*~*~ (stealth).
 52785 | Vaults:5 | 52785 ||| INVOKING Finesse.
 52792 | Vaults:5 | 52792 ||| INVOKING Heroism.
 52794 | Vaults:5 | 52794 ||| Stepping ~*~*~tactically~*~*~ (stealth).
 52826 | Vaults:5 | 52826 ||| Stepping ~*~*~tactically~*~*~ (stealth).
 52827 | Vaults:5 | 52827 ||| Stepping ~*~*~tactically~*~*~ (stealth).
 52838 | Vaults:5 | 52838 ||| Stepping ~*~*~tactically~*~*~ (stealth).
 52883 | Vaults:5 | 52883 ||| INVOKING Heroism.
 52884 | Vaults:5 | 52884 ||| INVOKING Finesse.
 52886 | Vaults:5 | Identified the +1 robe of Uxiakhigewn {MP+9}
 52963 | Vaults:5 | 52963 ||| Stepping ~*~*~tactically~*~*~ (hiding).
 52965 | Vaults:5 | 52965 ||| Stepping ~*~*~tactically~*~*~ (hiding).
 52968 | Vaults:5 | 52968 ||| Stepping ~*~*~tactically~*~*~ (hiding).
 53011 | Vaults:5 | 53011 ||| Stepping ~*~*~tactically~*~*~ (stealth).
 53023 | Vaults:5 | 53023 ||| INVOKING Heroism.
 53037 | Vaults:5 | Received a gift from Okawaru
 53054 | Vaults:5 | 53054 ||| Stepping ~*~*~tactically~*~*~ (hiding).
 53061 | Vaults:5 | 53061 ||| Stepping ~*~*~tactically~*~*~ (hiding).
 53062 | Vaults:5 | 53062 ||| INVOKING Finesse.
 53069 | Vaults:5 | 53069 ||| INVOKING Heroism.
 53114 | Vaults:5 | 53114 ||| Stepping ~*~*~tactically~*~*~ (stealth).
 53127 | Vaults:5 | Received a gift from Okawaru
 53184 | Vaults:5 | 53184 ||| Stepping ~*~*~tactically~*~*~ (stealth).
 53185 | Vaults:5 | 53185 ||| Stepping ~*~*~tactically~*~*~ (stealth).
 53203 | Vaults:5 | 53203 ||| Stepping ~*~*~tactically~*~*~ (hiding).
 53215 | Vaults:5 | Reached XP level 24. HP: 168/168 MP: 30/30
 53298 | Vaults:5 | 53298 ||| INVOKING Heroism.
 53337 | Vaults:5 | 53337 ||| Stepping ~*~*~tactically~*~*~ (hiding).
 53339 | Vaults:5 | 53339 ||| Stepping ~*~*~tactically~*~*~ (hiding).
 53340 | Vaults:5 | 53340 ||| Stepping ~*~*~tactically~*~*~ (hiding).
 53371 | Vaults:5 | 53371 ||| Stepping ~*~*~tactically~*~*~ (hiding).
 53372 | Vaults:5 | 53372 ||| Stepping ~*~*~tactically~*~*~ (hiding).
 53376 | Vaults:5 | 53376 ||| INVOKING Heroism.
 53466 | Vaults:5 | 53466 ||| Stepping ~*~*~tactically~*~*~ (stealth).
 53493 | Vaults:5 | 53493 ||| FLEEEEING.
 53494 | Vaults:5 | 53494 ||| FLEEEEING.
 53495 | Vaults:5 | 53495 ||| INVOKING Heroism.
 53570 | Vaults:5 | 53570 ||| INVOKING Heroism.
 53573 | Vaults:5 | Received a gift from Okawaru
 53767 | Vaults:5 | Got a silver rune of Zot
 53806 | Vaults:5 | Identified the +1 plate armour of the Arena {rF+}
 53850 | Vaults:5 | 53850 ||| READING scroll of enchant weapon.
 53850 | Vaults:5 | 53850 ||| ENCHANTING +8 vampiric broad axe.
 53851 | Vaults:5 | 53851 ||| DROPPING +9 broad axe of Truth {venom, rPois
                  | Str+3 Int+5}.
 54238 | Vaults:5 | 54238 ||| PLANNING SHOPPING SPREE
 54238 | Vaults:5 | 54238 ||| UPGRADING to +2 pair of gloves.
 54248 | Vaults:5 | 54248 ||| DROPPING +2 pair of gloves.
 54249 | Vaults:5 | 54249 ||| DROPPING scarf of shadows.
 54250 | Vaults:5 | 54250 ||| DROPPING ring of magical power.
 54300 | Vaults:4 | 54300 ||| Stepping ~*~*~tactically~*~*~ (hiding).
 54821 | D:1      | 54821 ||| BUYING scroll of teleportation (36 gold).
 54821 | D:1      | Bought a scroll of teleportation for 36 gold pieces
 54821 | D:1      | 54821 ||| BUYING scroll of teleportation (36 gold).
 54821 | D:1      | Bought a scroll of teleportation for 36 gold pieces
 54836 | D:1      | 54836 ||| BUYING potion of attraction (39 gold).
 54836 | D:1      | Bought a potion of attraction for 39 gold pieces
 54836 | D:1      | 54836 ||| BUYING potion of curing (39 gold).
 54836 | D:1      | Bought a potion of curing for 39 gold pieces
 54836 | D:1      | 54836 ||| BUYING potion of curing (39 gold).
 54836 | D:1      | Bought a potion of curing for 39 gold pieces
 54836 | D:1      | 54836 ||| BUYING potion of haste (130 gold).
 54836 | D:1      | Bought a potion of haste for 130 gold pieces
 54836 | D:1      | 54836 ||| BUYING potion of heal wounds (65 gold).
 54836 | D:1      | Bought a potion of heal wounds for 65 gold pieces
 54836 | D:1      | 54836 ||| BUYING potion of might (52 gold).
 54836 | D:1      | Bought a potion of might for 52 gold pieces
 54836 | D:1      | 54836 ||| BUYING potion of mutation (104 gold).
 54836 | D:1      | Bought a potion of mutation for 104 gold pieces
 54885 | D:1      | 54885 ||| BUYING potion of cancellation (168 gold).
 54885 | D:1      | Bought a potion of cancellation for 168 gold pieces
 54885 | D:1      | 54885 ||| BUYING scroll of brand weapon (199 gold).
 54885 | D:1      | Bought a scroll of brand weapon for 199 gold pieces
 54931 | D:1      | 54931 ||| PLANNING ZOT:1-4
 55316 | Zot:1    | Entered Level 1 of the Realm of Zot
 55431 | Zot:1    | 55431 ||| INVOKING Heroism.
 55446 | Zot:1    | Identified the -1 cloak "Qiddub" {-Cast Harm Str+9 Slay-6}
                  | (Okawaru gifted it to you on level 1 of the Realm of Zot)
 55446 | Zot:1    | Received a gift from Okawaru
 55556 | Zot:1    | 55556 ||| Stepping ~*~*~tactically~*~*~ (hiding).
 55566 | Zot:1    | 55566 ||| INVOKING Heroism.
 55606 | Zot:1    | 55606 ||| Stepping ~*~*~tactically~*~*~ (hiding).
 55607 | Zot:1    | 55607 ||| Stepping ~*~*~tactically~*~*~ (hiding).
 55613 | Zot:1    | 55613 ||| Stepping ~*~*~tactically~*~*~ (hiding).
 55621 | Zot:1    | 55621 ||| Stepping ~*~*~tactically~*~*~ (hiding).
 55765 | Zot:1    | 55765 ||| Stepping ~*~*~tactically~*~*~ (stealth).
 55865 | Zot:1    | 55865 ||| Stepping ~*~*~tactically~*~*~ (hiding).
 55869 | Zot:1    | 55869 ||| INVOKING Heroism.
 55966 | Zot:1    | 55966 ||| Stepping ~*~*~tactically~*~*~ (hiding).
 55969 | Zot:1    | 55969 ||| INVOKING Heroism.
 55996 | Zot:1    | 55996 ||| Stepping ~*~*~tactically~*~*~ (hiding).
 56016 | Zot:1    | 56016 ||| INVOKING Heroism.
 56058 | Zot:1    | 56058 ||| Stepping ~*~*~tactically~*~*~ (hiding).
 56188 | Zot:1    | 56188 ||| Stepping ~*~*~tactically~*~*~ (stealth).
 56190 | Zot:1    | 56190 ||| Stepping ~*~*~tactically~*~*~ (hiding).
 56354 | Zot:1    | 56354 ||| Stepping ~*~*~tactically~*~*~ (hiding).
 56388 | Zot:1    | 56388 ||| DROPPING +0 cloak.
 56389 | Zot:1    | 56389 ||| DROPPING -1 cloak "Qiddub" {-Cast Harm Str+9
                  | Slay-6}.
 56390 | Zot:1    | 56390 ||| DROPPING +1 cloak.
 56391 | Zot:1    | 56391 ||| DROPPING scarf of harm.
 56408 | Zot:2    | 56408 ||| INVOKING Heroism.
 57139 | Zot:3    | Noticed a Killer Klown
 57181 | Zot:3    | 57181 ||| Stepping ~*~*~tactically~*~*~ (hiding).
 57191 | Zot:3    | Reached skill level 24 in Fighting
 57191 | Zot:3    | 57191 ||| INVOKING Heroism.
 57202 | Zot:3    | 57202 ||| Stepping ~*~*~tactically~*~*~ (hiding).
 57219 | Zot:3    | 57219 ||| Stepping ~*~*~tactically~*~*~ (hiding).
 57361 | Zot:3    | Noticed a curse toe
 57362 | Zot:3    | 57362 ||| INVOKING Heroism.
 57371 | Zot:3    | Noticed a curse toe
 57389 | Zot:3    | Killed a curse toe
 57399 | Zot:3    | Killed a curse toe
 57491 | Zot:3    | 57491 ||| INVOKING Heroism.
 57492 | Zot:3    | 57492 ||| INVOKING Finesse.
 57493 | Zot:3    | 57493 ||| Stepping ~*~*~tactically~*~*~ (stealth).
 57499 | Zot:3    | Killed a Killer Klown
 57565 | Zot:3    | You are sucked into a shaft and drop 1 floor!
 57566 | Zot:4    | 57566 ||| INVOKING Heroism.
 57573 | Zot:4    | Reached XP level 25. HP: 161/178 MP: 29/30
 57580 | Zot:4    | Received a gift from Okawaru
 57717 | Zot:4    | 57717 ||| INVOKING Heroism.
 57726 | Zot:4    | 57726 ||| Stepping ~*~*~tactically~*~*~ (hiding).
 57738 | Zot:4    | 57738 ||| INVOKING Heroism.
 57741 | Zot:4    | 57741 ||| Stepping ~*~*~tactically~*~*~ (hiding).
 57757 | Zot:4    | Received a gift from Okawaru
 57768 | Zot:4    | 57768 ||| Stepping ~*~*~tactically~*~*~ (hiding).
 57780 | Zot:4    | 57780 ||| Stepping ~*~*~tactically~*~*~ (hiding).
 57796 | Zot:4    | 57796 ||| INVOKING Heroism.
 57805 | Zot:4    | Received a gift from Okawaru
 58081 | Zot:3    | 58081 ||| Stepping ~*~*~tactically~*~*~ (hiding).
 58083 | Zot:3    | 58083 ||| Stepping ~*~*~tactically~*~*~ (hiding).
 58389 | Zot:3    | Noticed Vv
 58390 | Zot:3    | 58390 ||| DRINKING 2 potions of resistance.
 58391 | Zot:3    | 58391 ||| INVOKING Heroism.
 58392 | Zot:3    | 58392 ||| INVOKING Finesse.
 58422 | Zot:3    | Killed Vv
 58770 | Zot:4    | 58770 ||| STAIRDANCE
 58835 | Zot:4    | 58835 ||| INVOKING Heroism.
 58836 | Zot:4    | 58836 ||| INVOKING Finesse.
 58874 | Zot:4    | 58874 ||| INVOKING Heroism.
 58875 | Zot:4    | 58875 ||| INVOKING Finesse.
 58922 | Zot:4    | 58922 ||| INVOKING Heroism.
 59210 | Zot:4    | 59210 ||| INVOKING Heroism.
 59390 | Zot:4    | Noticed a Killer Klown
 59391 | Zot:4    | 59391 ||| INVOKING Heroism.
 59409 | Zot:4    | Killed a Killer Klown
 59678 | Zot:4    | 59678 ||| PLANNING THE SHINING ONE WORSHIP
 59678 | Zot:4    | 59678 ||| UPGRADING to +2 cloak.
 60103 | Temple   | Fell from the grace of Okawaru
 60103 | Temple   | Became a worshipper of the Shining One
 60104 | Temple   | 60104 ||| PLANNING CRYPT
 60433 | Crypt:1  | Entered Level 1 of the Crypt
 60434 | Crypt:1  | 60434 ||| SWAPPING to +0 war axe.
 60435 | Crypt:1  | 60435 ||| READING 4 scrolls of brand weapon.
 60435 | Crypt:1  | 60435 ||| BRANDING +0 war axe.
 60436 | Crypt:1  | 60436 ||| READING 3 scrolls of brand weapon.
 60436 | Crypt:1  | 60436 ||| BRANDING +0 vorpal war axe.
 60437 | Crypt:1  | 60437 ||| READING 2 scrolls of brand weapon.
 60437 | Crypt:1  | 60437 ||| BRANDING +0 war axe of protection.
 60438 | Crypt:1  | 60438 ||| READING scroll of brand weapon.
 60438 | Crypt:1  | 60438 ||| BRANDING +0 war axe of electrocution.
 60539 | Crypt:1  | Reached * piety under the Shining One
 60540 | Crypt:1  | 60540 ||| Stepping ~*~*~tactically~*~*~ (stealth).
 60542 | Crypt:1  | 60542 ||| Stepping ~*~*~tactically~*~*~ (stealth).
 60675 | Crypt:1  | 60675 ||| Stepping ~*~*~tactically~*~*~ (stealth).
 60712 | Crypt:1  | Reached ** piety under the Shining One
 60822 | Crypt:1  | 60822 ||| Stepping ~*~*~tactically~*~*~ (stealth).
 61076 | Crypt:1  | Reached *** piety under the Shining One
 61083 | Crypt:1  | 61083 ||| INVOKING Cleansing Flame.
 61084 | Crypt:1  | 61084 ||| INVOKING Cleansing Flame.
 61091 | Crypt:1  | 61091 ||| INVOKING Cleansing Flame.
 61100 | Crypt:1  | Reached skill level 12 in Invocations
 61215 | Crypt:1  | 61215 ||| Stepping ~*~*~tactically~*~*~ (stealth).
 61424 | Crypt:1  | 61424 ||| INVOKING Cleansing Flame.
 61425 | Crypt:1  | 61425 ||| INVOKING Cleansing Flame.
 61776 | Crypt:1  | Reached **** piety under the Shining One
 62025 | Crypt:2  | 62025 ||| Stepping ~*~*~tactically~*~*~ (stealth).
 62079 | Crypt:2  | 62079 ||| Stepping ~*~*~tactically~*~*~ (hiding).
 62080 | Crypt:2  | 62080 ||| Stepping ~*~*~tactically~*~*~ (hiding).
 62209 | Crypt:2  | 62209 ||| Stepping ~*~*~tactically~*~*~ (stealth).
 62216 | Crypt:2  | 62216 ||| Stepping ~*~*~tactically~*~*~ (hiding).
 62229 | Crypt:2  | Reached ***** piety under the Shining One
 62241 | Crypt:2  | 62241 ||| Stepping ~*~*~tactically~*~*~ (hiding).
 62667 | Crypt:2  | 62667 ||| Stepping ~*~*~tactically~*~*~ (stealth).
 62668 | Crypt:2  | 62668 ||| Stepping ~*~*~tactically~*~*~ (stealth).
 62671 | Crypt:2  | 62671 ||| Stepping ~*~*~tactically~*~*~ (stealth).
 62672 | Crypt:2  | 62672 ||| Stepping ~*~*~tactically~*~*~ (stealth).
 62674 | Crypt:2  | 62674 ||| FLEEEEING.
 62676 | Crypt:2  | 62676 ||| FLEEEEING.
 62677 | Crypt:2  | 62677 ||| FLEEEEING.
 62680 | Crypt:2  | 62680 ||| FLEEEEING.
 62681 | Crypt:2  | 62681 ||| FLEEEEING.
 62682 | Crypt:2  | 62682 ||| FLEEEEING.
 62683 | Crypt:2  | 62683 ||| FLEEEEING.
 62684 | Crypt:2  | 62684 ||| FLEEEEING.
 62696 | Crypt:2  | 62696 ||| FLEEEEING.
 62832 | Crypt:2  | 62832 ||| INVOKING Summon Divine Warrior.
 62836 | Crypt:2  | 62836 ||| INVOKING Cleansing Flame.
 62840 | Crypt:2  | 62840 ||| Stepping ~*~*~tactically~*~*~ (cloud).
 63237 | Crypt:3  | Entered Level 3 of the Crypt
 63385 | Crypt:3  | 63385 ||| Stepping ~*~*~tactically~*~*~ (stealth).
 63387 | Crypt:3  | 63387 ||| Stepping ~*~*~tactically~*~*~ (hiding).
 63450 | Crypt:3  | 63450 ||| INVOKING Cleansing Flame.
 63451 | Crypt:3  | 63451 ||| INVOKING Cleansing Flame.
 63463 | Crypt:3  | Reached ****** piety under the Shining One
 63499 | Crypt:3  | 63499 ||| INVOKING Brand Weapon With Holy Wrath.
 63499 | Crypt:3  | Identified a +9 broad axe of holy wrath (a +9 vampiric
                  | broad axe blessed by the Shining One)
 63499 | Crypt:3  | Received a gift from the Shining One
 63500 | Crypt:3  | 63500 ||| SWAPPING to +9 broad axe of holy wrath.
 63501 | Crypt:3  | 63501 ||| DROPPING +0 war axe of protection.
 63888 | Crypt:3  | 63888 ||| Stepping ~*~*~tactically~*~*~ (stealth).
 63977 | Crypt:3  | Found a staircase to the Tomb.
 64092 | Crypt:3  | Reached XP level 26. HP: 188/188 MP: 33/33
 64102 | Crypt:3  | 64102 ||| INVOKING Summon Divine Warrior.
 64107 | Crypt:3  | 64107 ||| INVOKING Cleansing Flame.
 64108 | Crypt:3  | 64108 ||| INVOKING Cleansing Flame.
 64109 | Crypt:3  | 64109 ||| INVOKING Cleansing Flame.
 64110 | Crypt:3  | 64110 ||| INVOKING Cleansing Flame.
 64110 | Crypt:3  | Paralysed by a vampire knight for 4 turns
 64122 | Crypt:3  | 64122 ||| INVOKING Cleansing Flame.
 64156 | Crypt:3  | Identified the +6 mace of Internal Strife {vorpal, rPois}
 64164 | Crypt:3  | 64164 ||| INVOKING Cleansing Flame.
 64165 | Crypt:3  | 64165 ||| INVOKING Cleansing Flame.
 64199 | Crypt:3  | Found a basalt altar of Yredelemnul.
 64232 | Crypt:3  | Found an ancient bone altar of Kikubaaqudgha.
 64243 | Crypt:3  | Identified the +6 scale mail "Lachuqo" {rF+}
 64246 | Crypt:3  | Identified the +4 bardiche of Moral Flaws {drain, *Corrode
                  | rF+ Dex+2 Stlth+}
 64283 | Crypt:3  | Found the +7 lajatang of Order {silver, rMut}
 64401 | Crypt:3  | 64401 ||| PLANNING TOMB
 64445 | Tomb:1   | Entered Level 1 of the Tomb of the Ancients
 64526 | Tomb:1   | Reached skill level 15 in Invocations
 64601 | Tomb:1   | Was forgiven by Okawaru
 64608 | Tomb:1   | 64608 ||| INVOKING Cleansing Flame.
 64710 | Tomb:1   | 64710 ||| INVOKING Cleansing Flame.
 64724 | Tomb:1   | 64724 ||| INVOKING Cleansing Flame.
 64725 | Tomb:1   | 64725 ||| INVOKING Cleansing Flame.
 64740 | Tomb:1   | 64740 ||| INVOKING Cleansing Flame.
 64743 | Tomb:1   | 64743 ||| INVOKING Cleansing Flame.
 64744 | Tomb:1   | 64744 ||| INVOKING Cleansing Flame.
 64841 | Tomb:1   | 64841 ||| Stepping ~*~*~tactically~*~*~ (hiding).
 64846 | Tomb:1   | 64846 ||| Stepping ~*~*~tactically~*~*~ (hiding).
 64873 | Tomb:1   | 64873 ||| INVOKING Cleansing Flame.
 64908 | Tomb:1   | 64908 ||| Stepping ~*~*~tactically~*~*~ (stealth).
 64909 | Tomb:1   | 64909 ||| Stepping ~*~*~tactically~*~*~ (hiding).
 64916 | Tomb:1   | 64916 ||| INVOKING Cleansing Flame.
 64917 | Tomb:1   | 64917 ||| INVOKING Cleansing Flame.
 64925 | Tomb:1   | Noticed a royal mummy
 64926 | Tomb:1   | 64926 ||| Stepping ~*~*~tactically~*~*~ (hiding).
 64927 | Tomb:1   | 64927 ||| Stepping ~*~*~tactically~*~*~ (hiding).
 64928 | Tomb:1   | 64928 ||| Stepping ~*~*~tactically~*~*~ (hiding).
 64929 | Tomb:1   | 64929 ||| Stepping ~*~*~tactically~*~*~ (hiding).
 64931 | Tomb:1   | 64931 ||| INVOKING Summon Divine Warrior.
 64933 | Tomb:1   | 64933 ||| INVOKING Cleansing Flame.
 64934 | Tomb:1   | 64934 ||| INVOKING Cleansing Flame.
 64940 | Tomb:1   | Killed a royal mummy
 64943 | Tomb:1   | 64943 ||| INVOKING Cleansing Flame.
 64961 | Tomb:1   | 64961 ||| Stepping randomly (cloudy).
 64965 | Tomb:1   | 64965 ||| Stepping ~*~*~tactically~*~*~ (cloud).
 65569 | Tomb:2   | 65569 ||| DRINKING 12 potions of haste.
 65570 | Tomb:2   | 65570 ||| DRINKING 9 potions of attraction.
 65571 | Tomb:2   | 65571 ||| INVOKING Cleansing Flame.
 65571 | Tomb:2   | Noticed a royal mummy
 65571 | Tomb:2   | Noticed a royal mummy
 65571 | Tomb:2   | Noticed a royal mummy
 65572 | Tomb:2   | 65572 ||| INVOKING Cleansing Flame.
 65572 | Tomb:2   | Noticed a royal mummy
 65573 | Tomb:2   | 65573 ||| INVOKING Cleansing Flame.
 65574 | Tomb:2   | 65574 ||| INVOKING Cleansing Flame.
 65575 | Tomb:2   | 65575 ||| INVOKING Cleansing Flame.
 65576 | Tomb:2   | 65576 ||| INVOKING Cleansing Flame.
 65577 | Tomb:2   | 65577 ||| INVOKING Summon Divine Warrior.
 65578 | Tomb:2   | Killed a royal mummy
 65578 | Tomb:2   | Killed a royal mummy
 65581 | Tomb:2   | Killed a royal mummy
 65583 | Tomb:2   | Killed a royal mummy
 65599 | Tomb:2   | 65599 ||| INVOKING Cleansing Flame.
 65982 | Tomb:1   | 65982 ||| INVOKING Cleansing Flame.
 65983 | Tomb:1   | 65983 ||| INVOKING Cleansing Flame.
 65986 | Tomb:1   | 65986 ||| INVOKING Cleansing Flame.
 65989 | Tomb:1   | Noticed a royal mummy
 65990 | Tomb:1   | 65990 ||| INVOKING Summon Divine Warrior.
 65996 | Tomb:1   | 65996 ||| INVOKING Cleansing Flame.
 65997 | Tomb:1   | 65997 ||| INVOKING Cleansing Flame.
 65998 | Tomb:1   | 65998 ||| INVOKING Cleansing Flame.
 65999 | Tomb:1   | 65999 ||| DRINKING 4 potions of magic.
 66000 | Tomb:1   | 66000 ||| INVOKING Summon Divine Warrior.
 66002 | Tomb:1   | Killed a royal mummy
 66100 | Tomb:1   | Noticed a royal mummy
 66103 | Tomb:1   | Noticed a royal mummy
 66108 | Tomb:1   | Killed a royal mummy
 66109 | Tomb:1   | Reached skill level 18 in Invocations
 66111 | Tomb:1   | 66111 ||| INVOKING Cleansing Flame.
 66112 | Tomb:1   | 66112 ||| INVOKING Cleansing Flame.
 66113 | Tomb:1   | Killed a royal mummy
 66192 | Tomb:1   | Noticed a royal mummy
 66201 | Tomb:1   | Killed a royal mummy
 66240 | Tomb:1   | Noticed a royal mummy
 66242 | Tomb:1   | 66242 ||| INVOKING Summon Divine Warrior.
 66247 | Tomb:1   | Killed a royal mummy
 66285 | Tomb:1   | Noticed a royal mummy
 66286 | Tomb:1   | Noticed a royal mummy
 66286 | Tomb:1   | Noticed a royal mummy
 66287 | Tomb:1   | 66287 ||| INVOKING Summon Divine Warrior.
 66290 | Tomb:1   | Noticed a royal mummy
 66290 | Tomb:1   | Killed a royal mummy
 66294 | Tomb:1   | Noticed a royal mummy
 66296 | Tomb:1   | Killed a royal mummy
 66301 | Tomb:1   | Killed a royal mummy
 66302 | Tomb:1   | 66302 ||| INVOKING Cleansing Flame.
 66303 | Tomb:1   | 66303 ||| INVOKING Cleansing Flame.
 66304 | Tomb:1   | 66304 ||| INVOKING Cleansing Flame.
 66304 | Tomb:1   | Killed a royal mummy
 66304 | Tomb:1   | HP: 44/188 [torment (8)]
 66305 | Tomb:1   | 66305 ||| READING 7 scrolls of teleportation.
 66306 | Tomb:1   | 66306 ||| DRINKING 12 potions of heal wounds.
 66307 | Tomb:1   | 66307 ||| INVOKING Cleansing Flame.
 66308 | Tomb:1   | 66308 ||| INVOKING Cleansing Flame.
 66308 | Tomb:1   | Killed a royal mummy
 66442 | Tomb:1   | Noticed a royal mummy
 66443 | Tomb:1   | 66443 ||| INVOKING Summon Divine Warrior.
 66447 | Tomb:1   | 66447 ||| INVOKING Cleansing Flame.
 66448 | Tomb:1   | 66448 ||| INVOKING Cleansing Flame.
 66449 | Tomb:1   | 66449 ||| INVOKING Cleansing Flame.
 66450 | Tomb:1   | 66450 ||| INVOKING Cleansing Flame.
 66450 | Tomb:1   | Killed a royal mummy
 66564 | Tomb:1   | Noticed a royal mummy
 66565 | Tomb:1   | 66565 ||| Stepping ~*~*~tactically~*~*~ (stealth).
 66575 | Tomb:1   | 66575 ||| INVOKING Cleansing Flame.
 66576 | Tomb:1   | 66576 ||| INVOKING Cleansing Flame.
 66582 | Tomb:1   | Killed a royal mummy
 66828 | Tomb:2   | 66828 ||| INVOKING Cleansing Flame.
 66830 | Tomb:2   | 66830 ||| INVOKING Cleansing Flame.
 66838 | Tomb:2   | 66838 ||| Stepping ~*~*~tactically~*~*~ (hiding).
 66840 | Tomb:2   | 66840 ||| INVOKING Cleansing Flame.
 67145 | Tomb:3   | Entered Level 3 of the Tomb of the Ancients
 67146 | Tomb:3   | 67146 ||| DRINKING 11 potions of haste.
 67147 | Tomb:3   | 67147 ||| DRINKING 9 potions of attraction.
 67151 | Tomb:3   | 67151 ||| INVOKING Cleansing Flame.
 67152 | Tomb:3   | Reached XP level 27. HP: 193/193 MP: 31/36
 67152 | Tomb:3   | 67152 ||| INVOKING Cleansing Flame.
 67154 | Tomb:3   | 67154 ||| INVOKING Cleansing Flame.
 67159 | Tomb:3   | Noticed a royal mummy
 67159 | Tomb:3   | Noticed a royal mummy
 67160 | Tomb:3   | 67160 ||| INVOKING Summon Divine Warrior.
 67161 | Tomb:3   | 67161 ||| INVOKING Cleansing Flame.
 67165 | Tomb:3   | 67165 ||| INVOKING Cleansing Flame.
 67170 | Tomb:3   | Killed a royal mummy
 67171 | Tomb:3   | 67171 ||| INVOKING Cleansing Flame.
 67171 | Tomb:3   | Noticed a royal mummy
 67172 | Tomb:3   | 67172 ||| INVOKING Cleansing Flame.
 67172 | Tomb:3   | Noticed a royal mummy
 67173 | Tomb:3   | 67173 ||| INVOKING Cleansing Flame.
 67174 | Tomb:3   | 67174 ||| INVOKING Cleansing Flame.
 67176 | Tomb:3   | Killed a royal mummy
 67177 | Tomb:3   | 67177 ||| INVOKING Cleansing Flame.
 67178 | Tomb:3   | Reached skill level 21 in Invocations
 67181 | Tomb:3   | 67181 ||| INVOKING Cleansing Flame.
 67182 | Tomb:3   | 67182 ||| INVOKING Cleansing Flame.
 67182 | Tomb:3   | Killed a royal mummy
 67183 | Tomb:3   | 67183 ||| INVOKING Cleansing Flame.
 67183 | Tomb:3   | Noticed a royal mummy
 67185 | Tomb:3   | Killed a royal mummy
 67186 | Tomb:3   | 67186 ||| INVOKING Cleansing Flame.
 67186 | Tomb:3   | Noticed a royal mummy
 67187 | Tomb:3   | 67187 ||| INVOKING Cleansing Flame.
 67188 | Tomb:3   | 67188 ||| DRINKING 3 potions of magic.
 67189 | Tomb:3   | 67189 ||| INVOKING Cleansing Flame.
 67189 | Tomb:3   | Killed a royal mummy
 67191 | Tomb:3   | Noticed a royal mummy
 67192 | Tomb:3   | Noticed a royal mummy
 67194 | Tomb:3   | HP: 42/193 [royal mummy/divine providence (9)]
 67195 | Tomb:3   | 67195 ||| READING 6 scrolls of teleportation.
 67196 | Tomb:3   | 67196 ||| DRINKING 11 potions of heal wounds.
 67197 | Tomb:3   | 67197 ||| DRINKING 10 potions of heal wounds.
 67212 | Tomb:3   | 67212 ||| INVOKING Summon Divine Warrior.
 67228 | Tomb:3   | Noticed a royal mummy
 67229 | Tomb:3   | 67229 ||| INVOKING Cleansing Flame.
 67230 | Tomb:3   | 67230 ||| INVOKING Cleansing Flame.
 67231 | Tomb:3   | 67231 ||| INVOKING Cleansing Flame.
 67232 | Tomb:3   | 67232 ||| INVOKING Cleansing Flame.
 67233 | Tomb:3   | 67233 ||| INVOKING Cleansing Flame.
 67233 | Tomb:3   | Killed a royal mummy
 67246 | Tomb:3   | 67246 ||| Stepping ~*~*~tactically~*~*~ (hiding).
 67256 | Tomb:3   | 67256 ||| INVOKING Cleansing Flame.
 67311 | Tomb:3   | 67311 ||| Stepping ~*~*~tactically~*~*~ (stealth).
 67317 | Tomb:3   | 67317 ||| Stepping ~*~*~tactically~*~*~ (stealth).
 67384 | Tomb:3   | 67384 ||| INVOKING Summon Divine Warrior.
 67389 | Tomb:3   | 67389 ||| INVOKING Cleansing Flame.
 67393 | Tomb:3   | Killed a royal mummy
 67397 | Tomb:3   | Killed a royal mummy
 67427 | Tomb:3   | 67427 ||| INVOKING Cleansing Flame.
 67429 | Tomb:3   | 67429 ||| INVOKING Cleansing Flame.
 67430 | Tomb:3   | 67430 ||| INVOKING Cleansing Flame.
 67431 | Tomb:3   | 67431 ||| INVOKING Cleansing Flame.
 67431 | Tomb:3   | Killed a royal mummy
 67856 | Tomb:3   | Got a golden rune of Zot
 67893 | Tomb:3   | Found the +7 Singing Sword {vorpal, sonic wave}
 67908 | Tomb:3   | Identified the +0 leather armour "Acsaadeypn" {-Cast *Slow
                  | rPois rN+++}
 67938 | Tomb:3   | Identified the +11 short sword "Umilor" {spect, MP-9 Dex+4}
 67983 | Tomb:3   | 67983 ||| PLANNING PAN
 67983 | Tomb:3   | 67983 ||| DROPPING +2 pair of boots of rampaging.
 67984 | Tomb:3   | 67984 ||| DROPPING ring of wizardry.
 68416 | Pan      | Entered Pandemonium
 68416 | Pan      | Noticed Ignacio
 68433 | Pan      | 68433 ||| INVOKING Summon Divine Warrior.
 68435 | Pan      | HP: 39/193 [smoke demon/divine providence (15)]
 68436 | Pan      | 68436 ||| READING 6 scrolls of teleportation.
 68436 | Pan      | Killed Ignacio
 68437 | Pan      | 68437 ||| DRINKING 9 potions of heal wounds.
 68443 | Pan      | 68443 ||| INVOKING Summon Divine Warrior.
 68454 | Pan      | 68454 ||| INVOKING Cleansing Flame.
 68480 | Pan      | Noticed Komomeze the pandemonium lord
 68486 | Pan      | Killed Komomeze the pandemonium lord
 68562 | Pan      | 68562 ||| INVOKING Cleansing Flame.
 68573 | Pan      | 68573 ||| INVOKING Cleansing Flame.
 68885 | Pan      | 68885 ||| INVOKING Summon Divine Warrior.
 68987 | Pan      | Gained mutation: You occasionally lose the ability to read
                  | scrolls when taking damage. [a neqoxec]
 68989 | Pan      | 68989 ||| DRINKING 11 potions of mutation.
 68989 | Pan      | Lost mutation: You occasionally lose the ability to read
                  | scrolls when taking damage. [potion of mutation]
 68989 | Pan      | Lost mutation: You occasionally shout uncontrollably at
                  | your foes. [potion of mutation]
 68989 | Pan      | Gained mutation: Your spells are a little harder to cast,
                  | but a little more powerful. [potion of mutation]
 68989 | Pan      | Gained mutation: Your magical capacity is low. (-10% MP)
                  | [potion of mutation]
 68989 | Pan      | Gained mutation: You have hidden genetic potential. [potion
                  | of mutation]
 69035 | Pan      | 69035 ||| INVOKING Cleansing Flame.
 69037 | Pan      | 69037 ||| INVOKING Cleansing Flame.
 69666 | Pan      | 69666 ||| Stepping ~*~*~tactically~*~*~ (hiding).
 69678 | Pan      | 69678 ||| INVOKING Cleansing Flame.
 69679 | Pan      | 69679 ||| INVOKING Cleansing Flame.
 69680 | Pan      | 69680 ||| INVOKING Cleansing Flame.
 69681 | Pan      | 69681 ||| INVOKING Cleansing Flame.
 69686 | Pan      | Noticed Petakoma the pandemonium lord
 69687 | Pan      | 69687 ||| INVOKING Summon Divine Warrior.
 69691 | Pan      | 69691 ||| INVOKING Cleansing Flame.
 69692 | Pan      | 69692 ||| INVOKING Cleansing Flame.
 69695 | Pan      | Killed Petakoma the pandemonium lord
 69699 | Pan      | 69699 ||| INVOKING Cleansing Flame.
 69700 | Pan      | 69700 ||| DRINKING 2 potions of magic.
 69701 | Pan      | 69701 ||| INVOKING Cleansing Flame.
 69708 | Pan      | 69708 ||| INVOKING Cleansing Flame.
 69715 | Pan      | Gained mutation: You are occasionally teleported next to
                  | monsters. [a neqoxec]
 69757 | Pan      | 69757 ||| DRINKING 10 potions of mutation.
 69757 | Pan      | Lost mutation: You have hidden genetic potential. [potion
                  | of mutation]
 69757 | Pan      | Lost mutation: You are occasionally teleported next to
                  | monsters. [potion of mutation]
 69757 | Pan      | Lost mutation: Your spells are a little harder to cast, but
                  | a little more powerful. [potion of mutation]
 69757 | Pan      | Gained mutation: You do not regenerate when monsters are
                  | visible. [potion of mutation]
 69757 | Pan      | Gained mutation: You expend magic power (3 MP) to
                  | strengthen your wands. [potion of mutation]
 69757 | Pan      | Gained mutation: You have a pair of small antennae on your
                  | head. [potion of mutation]
 69758 | Pan      | 69758 ||| DRINKING 9 potions of mutation.
 69758 | Pan      | Lost mutation: You expend magic power (3 MP) to strengthen
                  | your wands. [potion of mutation]
 69758 | Pan      | Lost mutation: Your magical capacity is low. (-10% MP)
                  | [potion of mutation]
 69758 | Pan      | Gained mutation: Your spells are a little easier to cast,
                  | but a little less powerful. [potion of mutation]
 69758 | Pan      | Gained mutation: Your flesh is heat resistant. (rF+)
                  | [potion of mutation]
 69758 | Pan      | Gained mutation: Your mind is acute. (Int +4, Str/Dex -1)
                  | [potion of mutation]
 69759 | Pan      | 69759 ||| DRINKING 8 potions of mutation.
 69759 | Pan      | Lost mutation: You have a pair of small antennae on your
                  | head. [potion of mutation]
 69759 | Pan      | Lost mutation: Your spells are a little easier to cast, but
                  | a little less powerful. [potion of mutation]
 69759 | Pan      | Gained mutation: You are partially covered in iridescent
                  | scales. (AC +2) [potion of mutation]
 69760 | Pan      | 69760 ||| DRINKING 7 potions of mutation.
 69760 | Pan      | Lost mutation: You are partially covered in iridescent
                  | scales. (AC +2) [potion of mutation]
 69760 | Pan      | Lost mutation: You do not regenerate when monsters are
                  | visible. [potion of mutation]
 69760 | Pan      | Lost mutation: Your mind is acute. (Int +4, Str/Dex -1)
                  | [potion of mutation]
 69760 | Pan      | Gained mutation: You are strong-willed. (Will+) [potion of
                  | mutation]
 69760 | Pan      | Gained mutation: You are highly strong-willed. (Will++)
                  | [potion of mutation]
 69874 | Pan      | Identified the amulet of Zumopt {Reflect rF+ rC+ Str+3
                  | Int+3 SH+5}
 69920 | Pan      | Reached skill level 24 in Invocations
 70336 | Pan      | 70336 ||| Stepping ~*~*~tactically~*~*~ (stealth).
 70394 | Pan      | 70394 ||| Stepping ~*~*~tactically~*~*~ (stealth).
 70395 | Pan      | 70395 ||| Stepping ~*~*~tactically~*~*~ (stealth).
 70396 | Pan      | 70396 ||| Stepping ~*~*~tactically~*~*~ (stealth).
 70399 | Pan      | 70399 ||| Stepping ~*~*~tactically~*~*~ (hiding).
 70582 | Pan      | 70582 ||| UPGRADING to amulet of Zumopt {Reflect rF+ rC+
                  | Str+3 Int+3 SH+5}.
 70592 | Pan      | 70592 ||| DROPPING amulet of reflection.
 70615 | Pan      | Entered the realm of Gloorx Vloq.
 70632 | Pan      | 70632 ||| Stepping ~*~*~tactically~*~*~ (stealth).
 70635 | Pan      | 70635 ||| INVOKING Cleansing Flame.
 70636 | Pan      | 70636 ||| INVOKING Cleansing Flame.
 70655 | Pan      | 70655 ||| Stepping ~*~*~tactically~*~*~ (stealth).
 70656 | Pan      | Noticed Gloorx Vloq
 70658 | Pan      | 70658 ||| Stepping ~*~*~tactically~*~*~ (stealth).
 70659 | Pan      | 70659 ||| Stepping ~*~*~tactically~*~*~ (stealth).
 70661 | Pan      | 70661 ||| Stepping ~*~*~tactically~*~*~ (hiding).
 70664 | Pan      | 70664 ||| INVOKING Cleansing Flame.
 70665 | Pan      | 70665 ||| INVOKING Cleansing Flame.
 70666 | Pan      | 70666 ||| INVOKING Summon Divine Warrior.
 70678 | Pan      | 70678 ||| INVOKING Cleansing Flame.
 70680 | Pan      | Killed Gloorx Vloq
 70715 | Pan      | Got a dark rune of Zot
 70780 | Pan      | Identified the +1 ring mail of Kahica {rCorr Str+4 Int-3
                  | Dex+2}
 70903 | Pan      | 70903 ||| Stepping ~*~*~tactically~*~*~ (stealth).
 70904 | Pan      | 70904 ||| Stepping ~*~*~tactically~*~*~ (stealth).
 70978 | Pan      | 70978 ||| Stepping ~*~*~tactically~*~*~ (stealth).
 71327 | Pan      | 71327 ||| Stepping ~*~*~tactically~*~*~ (stealth).
 71331 | Pan      | 71331 ||| Stepping ~*~*~tactically~*~*~ (stealth).
 71332 | Pan      | 71332 ||| Stepping ~*~*~tactically~*~*~ (stealth).
 71380 | Pan      | 71380 ||| Stepping ~*~*~tactically~*~*~ (stealth).
 71404 | Pan      | 71404 ||| DROPPING +0 acid dragon scales.
 71554 | Pan      | 71554 ||| Stepping ~*~*~tactically~*~*~ (hiding).
 71566 | Pan      | 71566 ||| Stepping ~*~*~tactically~*~*~ (stealth).
 71567 | Pan      | 71567 ||| Stepping ~*~*~tactically~*~*~ (stealth).
 71572 | Pan      | 71572 ||| Stepping ~*~*~tactically~*~*~ (hiding).
 71575 | Pan      | 71575 ||| Stepping ~*~*~tactically~*~*~ (stealth).
 71614 | Pan      | Gained mutation: You are frail. (-10% HP) [a neqoxec]
 71615 | Pan      | 71615 ||| Stepping ~*~*~tactically~*~*~ (hiding).
 71616 | Pan      | 71616 ||| Stepping ~*~*~tactically~*~*~ (hiding).
 71632 | Pan      | 71632 ||| Stepping ~*~*~tactically~*~*~ (hiding).
 71641 | Pan      | 71641 ||| INVOKING Cleansing Flame.
 71642 | Pan      | 71642 ||| INVOKING Summon Divine Warrior.
 71644 | Pan      | 71644 ||| DRINKING 8 potions of mutation.
 71644 | Pan      | Lost mutation: You are highly strong-willed. (Will++)
                  | [potion of mutation]
 71644 | Pan      | Lost mutation: Your flesh is heat resistant. (rF+) [potion
                  | of mutation]
 71644 | Pan      | Lost mutation: You are strong-willed. (Will+) [potion of
                  | mutation]
 71644 | Pan      | Gained mutation: You occasionally lose the ability to drink
                  | potions when taking damage. [potion of mutation]
 71645 | Pan      | 71645 ||| DRINKING 7 potions of mutation.
 71645 | Pan      | Lost mutation: You occasionally lose the ability to drink
                  | potions when taking damage. [potion of mutation]
 71645 | Pan      | Lost mutation: You are frail. (-10% HP) [potion of
                  | mutation]
 71645 | Pan      | Gained mutation: You have a pair of small antennae on your
                  | head. [potion of mutation]
 71645 | Pan      | Gained mutation: You have very sharp teeth. [potion of
                  | mutation]
 71645 | Pan      | Gained mutation: You are weak. (Str -2) [potion of
                  | mutation]
 71648 | Pan      | Noticed Cytotz the pandemonium lord
 71649 | Pan      | 71649 ||| INVOKING Cleansing Flame.
 71660 | Pan      | Killed Cytotz the pandemonium lord
 71661 | Pan      | 71661 ||| INVOKING Cleansing Flame.
 71662 | Pan      | 71662 ||| INVOKING Cleansing Flame.
 71663 | Pan      | 71663 ||| INVOKING Cleansing Flame.
 71664 | Pan      | 71664 ||| INVOKING Cleansing Flame.
 71670 | Pan      | 71670 ||| READING 6 scrolls of teleportation.
 72063 | Pan      | Gained mutation: You are very weak. (Str -4) [a neqoxec]
 72404 | Pan      | 72404 ||| Stepping ~*~*~tactically~*~*~ (hiding).
 72416 | Pan      | 72416 ||| INVOKING Summon Divine Warrior.
 72419 | Pan      | Gained mutation: Your magical capacity is low. (-10% MP) [a
                  | cacodemon]
 72420 | Pan      | Noticed Jainedgh the pandemonium lord
 72425 | Pan      | 72425 ||| INVOKING Cleansing Flame.
 72432 | Pan      | 72432 ||| INVOKING Cleansing Flame.
 72434 | Pan      | Killed Jainedgh the pandemonium lord
 72435 | Pan      | 72435 ||| INVOKING Cleansing Flame.
 72662 | Pan      | 72662 ||| Stepping ~*~*~tactically~*~*~ (stealth).
 72663 | Pan      | 72663 ||| Stepping ~*~*~tactically~*~*~ (stealth).
 72687 | Pan      | 72687 ||| Stepping ~*~*~tactically~*~*~ (hiding).
 72689 | Pan      | 72689 ||| Stepping ~*~*~tactically~*~*~ (hiding).
 72847 | Pan      | 72847 ||| Stepping ~*~*~tactically~*~*~ (hiding).
 72848 | Pan      | 72848 ||| Stepping ~*~*~tactically~*~*~ (hiding).
 73156 | Pan      | 73156 ||| Stepping ~*~*~tactically~*~*~ (hiding).
 73158 | Pan      | 73158 ||| Stepping ~*~*~tactically~*~*~ (hiding).
 73181 | Pan      | 73181 ||| Stepping ~*~*~tactically~*~*~ (stealth).
 73194 | Pan      | 73194 ||| Stepping ~*~*~tactically~*~*~ (stealth).
 73195 | Pan      | 73195 ||| Stepping ~*~*~tactically~*~*~ (stealth).
 73211 | Pan      | 73211 ||| Stepping ~*~*~tactically~*~*~ (stealth).
 73219 | Pan      | 73219 ||| Stepping ~*~*~tactically~*~*~ (stealth).
 73434 | Pan      | 73434 ||| Stepping ~*~*~tactically~*~*~ (hiding).
 73435 | Pan      | 73435 ||| Stepping ~*~*~tactically~*~*~ (hiding).
 73449 | Pan      | 73449 ||| INVOKING Summon Divine Warrior.
 73455 | Pan      | 73455 ||| INVOKING Summon Divine Warrior.
 73471 | Pan      | 73471 ||| INVOKING Cleansing Flame.
 73472 | Pan      | 73472 ||| INVOKING Cleansing Flame.
 73635 | Pan      | 73635 ||| Stepping randomly (cloudy).
 73656 | Pan      | Found an exit through the horrors of the Abyss.
 73882 | Pan      | Found a huge runed translucent gate.
 73888 | Pan      | Found a huge runed translucent gate.
 73889 | Pan      | Found a huge runed translucent gate.
 73889 | Pan      | Found a huge runed translucent gate.
 73889 | Pan      | Found a huge runed translucent gate.
 73889 | Pan      | Found a huge runed translucent gate.
 74171 | Pan      | Found a huge runed translucent gate.
 74177 | Pan      | Noticed Zachaixeu the pandemonium lord
 74178 | Pan      | 74178 ||| INVOKING Cleansing Flame.
 74180 | Pan      | Paralysed by a floating eye for 4 turns
 74187 | Pan      | Reached skill level 27 in Invocations
 74194 | Pan      | 74194 ||| INVOKING Cleansing Flame.
 74197 | Pan      | Killed Zachaixeu the pandemonium lord
 74242 | Pan      | 74242 ||| Stepping ~*~*~tactically~*~*~ (stealth).
 74244 | Pan      | 74244 ||| Stepping ~*~*~tactically~*~*~ (hiding).
 74245 | Pan      | 74245 ||| Stepping ~*~*~tactically~*~*~ (stealth).
 74246 | Pan      | 74246 ||| Stepping ~*~*~tactically~*~*~ (hiding).
 74248 | Pan      | 74248 ||| Stepping ~*~*~tactically~*~*~ (hiding).
 74302 | Pan      | 74302 ||| Stepping ~*~*~tactically~*~*~ (stealth).
 74326 | Pan      | 74326 ||| Stepping ~*~*~tactically~*~*~ (stealth).
 74372 | Pan      | 74372 ||| Stepping ~*~*~tactically~*~*~ (hiding).
 74496 | Pan      | 74496 ||| Stepping ~*~*~tactically~*~*~ (stealth).
 74501 | Pan      | 74501 ||| Stepping ~*~*~tactically~*~*~ (stealth).
 74518 | Pan      | 74518 ||| Stepping ~*~*~tactically~*~*~ (hiding).
 74576 | Pan      | 74576 ||| Stepping ~*~*~tactically~*~*~ (stealth).
 74577 | Pan      | 74577 ||| Stepping ~*~*~tactically~*~*~ (stealth).
 74582 | Pan      | 74582 ||| Stepping ~*~*~tactically~*~*~ (hiding).
 74760 | Pan      | 74760 ||| Stepping ~*~*~tactically~*~*~ (stealth).
 74819 | Pan      | 74819 ||| Stepping ~*~*~tactically~*~*~ (hiding).
 74820 | Pan      | 74820 ||| Stepping ~*~*~tactically~*~*~ (hiding).
 74961 | Pan      | 74961 ||| Stepping ~*~*~tactically~*~*~ (stealth).
 75036 | Pan      | 75036 ||| Stepping ~*~*~tactically~*~*~ (hiding).
 75045 | Pan      | 75045 ||| INVOKING Cleansing Flame.
 75046 | Pan      | 75046 ||| INVOKING Summon Divine Warrior.
 75052 | Pan      | 75052 ||| INVOKING Cleansing Flame.
 75053 | Pan      | 75053 ||| INVOKING Cleansing Flame.
 75054 | Pan      | 75054 ||| INVOKING Summon Divine Warrior.
 75056 | Pan      | Gained mutation: Your spells are a little easier to cast,
                  | but a little less powerful. [a cacodemon]
 75057 | Pan      | 75057 ||| INVOKING Cleansing Flame.
 75058 | Pan      | 75058 ||| INVOKING Cleansing Flame.
 75059 | Pan      | 75059 ||| INVOKING Cleansing Flame.
 75060 | Pan      | 75060 ||| INVOKING Cleansing Flame.
 75377 | Pan      | 75377 ||| INVOKING Summon Divine Warrior.
 75409 | Pan      | Reached skill level 24 in Armour
 75488 | Pan      | 75488 ||| Stepping ~*~*~tactically~*~*~ (hiding).
 75544 | Pan      | 75544 ||| Stepping ~*~*~tactically~*~*~ (stealth).
 75552 | Pan      | 75552 ||| Stepping ~*~*~tactically~*~*~ (hiding).
 75560 | Pan      | 75560 ||| Stepping ~*~*~tactically~*~*~ (stealth).
 75566 | Pan      | 75566 ||| READING 6 scrolls of teleportation.
 75574 | Pan      | 75574 ||| Stepping ~*~*~tactically~*~*~ (hiding).
 75577 | Pan      | 75577 ||| Stepping ~*~*~tactically~*~*~ (hiding).
 75591 | Pan      | 75591 ||| Stepping ~*~*~tactically~*~*~ (stealth).
 75704 | Pan      | 75704 ||| Stepping ~*~*~tactically~*~*~ (stealth).
 75708 | Pan      | 75708 ||| Stepping ~*~*~tactically~*~*~ (stealth).
 75722 | Pan      | 75722 ||| Stepping ~*~*~tactically~*~*~ (stealth).
 75725 | Pan      | 75725 ||| Stepping ~*~*~tactically~*~*~ (stealth).
 75726 | Pan      | 75726 ||| Stepping ~*~*~tactically~*~*~ (stealth).
 75903 | Pan      | 75903 ||| Stepping ~*~*~tactically~*~*~ (hiding).
 75959 | Pan      | 75959 ||| Stepping ~*~*~tactically~*~*~ (hiding).
 75960 | Pan      | 75960 ||| Stepping ~*~*~tactically~*~*~ (hiding).
 76090 | Pan      | 76090 ||| Stepping ~*~*~tactically~*~*~ (stealth).
 76092 | Pan      | 76092 ||| Stepping ~*~*~tactically~*~*~ (hiding).
 76108 | Pan      | 76108 ||| Stepping ~*~*~tactically~*~*~ (stealth).
 76110 | Pan      | 76110 ||| Stepping ~*~*~tactically~*~*~ (hiding).
 76145 | Pan      | 76145 ||| Stepping ~*~*~tactically~*~*~ (stealth).
 76201 | Pan      | Noticed Rastenall the pandemonium lord
 76202 | Pan      | 76202 ||| INVOKING Cleansing Flame.
 76203 | Pan      | 76203 ||| INVOKING Summon Divine Warrior.
 76216 | Pan      | Killed Rastenall the pandemonium lord
 76238 | Pan      | 76238 ||| INVOKING Cleansing Flame.
 76323 | Pan      | 76323 ||| DROPPING +1 crystal plate armour.
 76418 | Pan      | 76418 ||| Stepping ~*~*~tactically~*~*~ (hiding).
 76421 | Pan      | 76421 ||| Stepping ~*~*~tactically~*~*~ (hiding).
 76431 | Pan      | 76431 ||| DRINKING 12 potions of curing.
 76431 | Pan      | 76431 ||| (to cure confusion)
 76479 | Pan      | 76479 ||| Stepping ~*~*~tactically~*~*~ (hiding).
 76485 | Pan      | Noticed Xereerhi the pandemonium lord
 76485 | Pan      | 76485 ||| Stepping ~*~*~tactically~*~*~ (hiding).
 76491 | Pan      | 76491 ||| INVOKING Summon Divine Warrior.
 76497 | Pan      | 76497 ||| INVOKING Cleansing Flame.
 76498 | Pan      | 76498 ||| INVOKING Cleansing Flame.
 76499 | Pan      | 76499 ||| INVOKING Cleansing Flame.
 76499 | Pan      | Killed Xereerhi the pandemonium lord
 76935 | Pan      | 76935 ||| Stepping ~*~*~tactically~*~*~ (hiding).
 76997 | Pan      | 76997 ||| Stepping ~*~*~tactically~*~*~ (stealth).
 76999 | Pan      | 76999 ||| Stepping ~*~*~tactically~*~*~ (hiding).
 77094 | Pan      | 77094 ||| Stepping ~*~*~tactically~*~*~ (stealth).
 77157 | Pan      | 77157 ||| Stepping ~*~*~tactically~*~*~ (stealth).
 77280 | Pan      | 77280 ||| Stepping ~*~*~tactically~*~*~ (stealth).
 77283 | Pan      | 77283 ||| Stepping ~*~*~tactically~*~*~ (hiding).
 77429 | Pan      | 77429 ||| Stepping ~*~*~tactically~*~*~ (stealth).
 77503 | Pan      | Entered the realm of Mnoleg.
 77576 | Pan      | 77576 ||| Stepping ~*~*~tactically~*~*~ (hiding).
 77587 | Pan      | 77587 ||| Stepping ~*~*~tactically~*~*~ (stealth).
 77613 | Pan      | 77613 ||| Stepping ~*~*~tactically~*~*~ (stealth).
 77613 | Pan      | Noticed Mnoleg
 77614 | Pan      | 77614 ||| INVOKING Summon Divine Warrior.
 77620 | Pan      | 77620 ||| DRINKING 11 potions of curing.
 77620 | Pan      | 77620 ||| (to cure confusion)
 77620 | Pan      | Paralysed by a floating eye for 4 turns
 77624 | Pan      | 77624 ||| DRINKING 10 potions of curing.
 77624 | Pan      | 77624 ||| (to cure confusion)
 77625 | Pan      | 77625 ||| DRINKING 9 potions of curing.
 77625 | Pan      | 77625 ||| (to cure confusion)
 77630 | Pan      | 77630 ||| INVOKING Summon Divine Warrior.
 77630 | Pan      | Paralysed by a floating eye for 2 turns
 77632 | Pan      | 77632 ||| DRINKING 8 potions of curing.
 77632 | Pan      | 77632 ||| (to cure confusion)
 77639 | Pan      | 77639 ||| DRINKING 7 potions of curing.
 77639 | Pan      | 77639 ||| (to cure confusion)
 77639 | Pan      | Paralysed by a floating eye for 3 turns
 77642 | Pan      | 77642 ||| INVOKING Summon Divine Warrior.
 77643 | Pan      | 77643 ||| DRINKING 6 potions of curing.
 77643 | Pan      | 77643 ||| (to cure confusion)
 77644 | Pan      | 77644 ||| DRINKING 5 potions of curing.
 77644 | Pan      | 77644 ||| (to cure confusion)
 77645 | Pan      | 77645 ||| DRINKING 4 potions of curing.
 77645 | Pan      | 77645 ||| (to cure confusion)
 77646 | Pan      | Killed Mnoleg
 77646 | Pan      | Paralysed by a floating eye for 3 turns
 77650 | Pan      | 77650 ||| DRINKING 3 potions of curing.
 77650 | Pan      | 77650 ||| (to cure confusion)
 77651 | Pan      | Paralysed by a floating eye for 3 turns
 77654 | Pan      | Gained mutation: You occasionally lose the ability to read
                  | scrolls when taking damage. [a cacodemon]
 77655 | Pan      | 77655 ||| DRINKING 2 potions of curing.
 77655 | Pan      | 77655 ||| (to cure confusion)
 77663 | Pan      | Paralysed by a floating eye for 2 turns
 77667 | Pan      | Lost intelligence.
 77672 | Pan      | 77672 ||| DRINKING potion of curing.
 77672 | Pan      | 77672 ||| (to cure confusion)
 77674 | Pan      | Paralysed by a floating eye for 3 turns
 77679 | Pan      | Paralysed by a floating eye for 4 turns
 77683 | Pan      | 77683 ||| DRINKING 9 potions of mutation.
 77683 | Pan      | Lost mutation: You are very weak. (Str -4) [potion of
                  | mutation]
 77683 | Pan      | Lost mutation: You have very sharp teeth. [potion of
                  | mutation]
 77683 | Pan      | Lost mutation: You are weak. (Str -2) [potion of mutation]
 77683 | Pan      | Gained mutation: Your muscles are strong. (Str +4, Int/Dex
                  | -1) [potion of mutation]
 77683 | Pan      | Gained mutation: Your mind is acute. (Int +4, Str/Dex -1)
                  | [potion of mutation]
 77683 | Pan      | Lost mutation: Your mind is acute. (Int +4, Str/Dex -1)
                  | [potion of mutation]
 77684 | Pan      | 77684 ||| DRINKING 8 potions of mutation.
 77684 | Pan      | Lost mutation: Your muscles are strong. (Str +4, Int/Dex
                  | -1) [potion of mutation]
 77684 | Pan      | Lost mutation: You occasionally lose the ability to read
                  | scrolls when taking damage. [potion of mutation]
 77684 | Pan      | Lost mutation: Your spells are a little easier to cast, but
                  | a little less powerful. [potion of mutation]
 77684 | Pan      | Gained mutation: You occasionally shout uncontrollably at
                  | your foes. [potion of mutation]
 77731 | Pan      | Found an exit through the horrors of the Abyss.
 78117 | Pan      | 78117 ||| Stepping ~*~*~tactically~*~*~ (stealth).
 78122 | Pan      | 78122 ||| Stepping ~*~*~tactically~*~*~ (stealth).
 78329 | Pan      | 78329 ||| Stepping ~*~*~tactically~*~*~ (hiding).
 78331 | Pan      | 78331 ||| Stepping ~*~*~tactically~*~*~ (hiding).
 78333 | Pan      | 78333 ||| Stepping ~*~*~tactically~*~*~ (hiding).
 78477 | Pan      | 78477 ||| Stepping ~*~*~tactically~*~*~ (stealth).
 78486 | Pan      | 78486 ||| Stepping ~*~*~tactically~*~*~ (stealth).
 78575 | Pan      | 78575 ||| Stepping ~*~*~tactically~*~*~ (stealth).
 78599 | Pan      | Gained mutation: Your magical capacity is very low. (-20%
                  | MP) [a neqoxec]
 78627 | Pan      | 78627 ||| Stepping ~*~*~tactically~*~*~ (hiding).
 78647 | Pan      | Gained mutation: Armour fits poorly on your strangely
                  | shaped body. [a cacodemon]
 78650 | Pan      | 78650 ||| DRINKING 7 potions of mutation.
 78650 | Pan      | Lost mutation: Your magical capacity is very low. (-20% MP)
                  | [potion of mutation]
 78650 | Pan      | Lost mutation: Armour fits poorly on your strangely shaped
                  | body. [potion of mutation]
 78650 | Pan      | Gained mutation: You are somewhat resistant to further
                  | mutation. [potion of mutation]
 78650 | Pan      | Gained mutation: Your body sometimes deteriorates upon
                  | taking damage. [potion of mutation]
 78698 | Pan      | 78698 ||| Stepping ~*~*~tactically~*~*~ (stealth).
 78706 | Pan      | 78706 ||| Stepping ~*~*~tactically~*~*~ (stealth).
 78717 | Pan      | Got a glowing rune of Zot
 78808 | Pan      | 78808 ||| Stepping ~*~*~tactically~*~*~ (hiding).
 78864 | Pan      | Gained mutation: You are weak. (Str -2) [a cacodemon]
 78865 | Pan      | Gained mutation: Your body often deteriorates upon taking
                  | damage. [a cacodemon]
 78872 | Pan      | 78872 ||| DRINKING 6 potions of mutation.
 78872 | Pan      | Lost mutation: You occasionally shout uncontrollably at
                  | your foes. [potion of mutation]
 78872 | Pan      | Lost mutation: You are weak. (Str -2) [potion of mutation]
 78872 | Pan      | Lost mutation: You are somewhat resistant to further
                  | mutation. [potion of mutation]
 78872 | Pan      | Gained mutation: Your flesh is heat resistant. (rF+)
                  | [potion of mutation]
 78873 | Pan      | 78873 ||| DRINKING 5 potions of mutation.
 78873 | Pan      | Lost mutation: Your flesh is heat resistant. (rF+) [potion
                  | of mutation]
 78873 | Pan      | Lost mutation: You have a pair of small antennae on your
                  | head. [potion of mutation]
 78873 | Pan      | Gained mutation: Your magical capacity is very low. (-20%
                  | MP) [potion of mutation]
 78873 | Pan      | Gained mutation: You are partially covered in iridescent
                  | scales. (AC +2) [potion of mutation]
 78874 | Pan      | 78874 ||| DRINKING 4 potions of mutation.
 78874 | Pan      | Lost mutation: You are partially covered in iridescent
                  | scales. (AC +2) [potion of mutation]
 78874 | Pan      | Lost mutation: Your body often deteriorates upon taking
                  | damage. [potion of mutation]
 78874 | Pan      | Lost mutation: Your magical capacity is very low. (-20% MP)
                  | [potion of mutation]
 78874 | Pan      | Gained mutation: You possess an exceptional clarity of
                  | mind. [potion of mutation]
 78874 | Pan      | Gained mutation: You are partially covered in iridescent
                  | scales. (AC +2) [potion of mutation]
 78888 | Pan      | 78888 ||| Stepping ~*~*~tactically~*~*~ (hiding).
 78917 | Pan      | Paralysed by a floating eye for 4 turns
 78939 | Pan      | 78939 ||| Stepping ~*~*~tactically~*~*~ (stealth).
 79023 | Pan      | 79023 ||| Stepping ~*~*~tactically~*~*~ (hiding).
 79143 | Pan      | 79143 ||| Stepping ~*~*~tactically~*~*~ (hiding).
 79217 | Pan      | 79217 ||| Stepping ~*~*~tactically~*~*~ (stealth).
 79221 | Pan      | 79221 ||| Stepping ~*~*~tactically~*~*~ (hiding).
 79237 | Pan      | 79237 ||| Stepping ~*~*~tactically~*~*~ (stealth).
 79243 | Pan      | 79243 ||| Stepping ~*~*~tactically~*~*~ (hiding).
 79249 | Pan      | 79249 ||| Stepping randomly (cloudy).
 79262 | Pan      | 79262 ||| INVOKING Cleansing Flame.
 79263 | Pan      | 79263 ||| INVOKING Cleansing Flame.
 79287 | Pan      | 79287 ||| INVOKING Summon Divine Warrior.
 79289 | Pan      | 79289 ||| INVOKING Cleansing Flame.
 79409 | Pan      | 79409 ||| Stepping ~*~*~tactically~*~*~ (hiding).
 79410 | Pan      | 79410 ||| Stepping ~*~*~tactically~*~*~ (hiding).
 79412 | Pan      | 79412 ||| INVOKING Cleansing Flame.
 79447 | Pan      | 79447 ||| Stepping ~*~*~tactically~*~*~ (hiding).
 79448 | Pan      | 79448 ||| Stepping ~*~*~tactically~*~*~ (hiding).
 79455 | Pan      | 79455 ||| Stepping ~*~*~tactically~*~*~ (cloud).
 79462 | Pan      | 79462 ||| Stepping ~*~*~tactically~*~*~ (stealth).
 79464 | Pan      | 79464 ||| Stepping ~*~*~tactically~*~*~ (stealth).
 79500 | Pan      | Gained mutation: Your spells are a little easier to cast,
                  | but a little less powerful. [a neqoxec]
 79512 | Pan      | 79512 ||| Stepping ~*~*~tactically~*~*~ (hiding).
 79565 | Pan      | 79565 ||| Stepping ~*~*~tactically~*~*~ (stealth).
 79566 | Pan      | 79566 ||| INVOKING Summon Divine Warrior.
 79569 | Pan      | 79569 ||| INVOKING Cleansing Flame.
 79570 | Pan      | 79570 ||| INVOKING Cleansing Flame.
 79764 | Pan      | 79764 ||| INVOKING Cleansing Flame.
 79805 | Pan      | 79805 ||| Stepping ~*~*~tactically~*~*~ (stealth).
 79807 | Pan      | 79807 ||| Stepping ~*~*~tactically~*~*~ (hiding).
 79808 | Pan      | 79808 ||| Stepping ~*~*~tactically~*~*~ (hiding).
 79809 | Pan      | 79809 ||| INVOKING Summon Divine Warrior.
 79810 | Pan      | 79810 ||| INVOKING Cleansing Flame.
 79854 | Pan      | Noticed Peblott the pandemonium lord
 79865 | Pan      | Killed Peblott the pandemonium lord
 79866 | Pan      | Reached skill level 27 in Armour
 79868 | Pan      | Was placed under penance by the Shining One
 79886 | Pan      | 79886 ||| Stepping ~*~*~tactically~*~*~ (stealth).
 79888 | Pan      | 79888 ||| Stepping ~*~*~tactically~*~*~ (hiding).
 79914 | Pan      | 79914 ||| Stepping ~*~*~tactically~*~*~ (stealth).
 79916 | Pan      | 79916 ||| Stepping ~*~*~tactically~*~*~ (hiding).
 79998 | Pan      | 79998 ||| Stepping ~*~*~tactically~*~*~ (stealth).
 80076 | Pan      | 80076 ||| Stepping ~*~*~tactically~*~*~ (stealth).
 80109 | Pan      | 80109 ||| Stepping ~*~*~tactically~*~*~ (stealth).
 80111 | Pan      | 80111 ||| Stepping ~*~*~tactically~*~*~ (hiding).
 80112 | Pan      | 80112 ||| Stepping ~*~*~tactically~*~*~ (hiding).
 80114 | Pan      | 80114 ||| Stepping ~*~*~tactically~*~*~ (hiding).
 80228 | Pan      | 80228 ||| Stepping ~*~*~tactically~*~*~ (hiding).
 80229 | Pan      | 80229 ||| Stepping ~*~*~tactically~*~*~ (hiding).
 80230 | Pan      | 80230 ||| PLANNING PAN
 80230 | Pan      | 80230 ||| PLANNING PAN
 80230 | Pan      | 80230 ||| PLANNING PAN
 80250 | Pan      | 80250 ||| Stepping ~*~*~tactically~*~*~ (stealth).
 80252 | Pan      | 80252 ||| Stepping ~*~*~tactically~*~*~ (hiding).
 80255 | Pan      | 80255 ||| Stepping ~*~*~tactically~*~*~ (hiding).
 80293 | Pan      | 80293 ||| Stepping ~*~*~tactically~*~*~ (stealth).
 80320 | Pan      | 80320 ||| Stepping ~*~*~tactically~*~*~ (stealth).
 80351 | Pan      | 80351 ||| Stepping ~*~*~tactically~*~*~ (stealth).
 80352 | Pan      | 80352 ||| Stepping ~*~*~tactically~*~*~ (stealth).
 80360 | Pan      | 80360 ||| Stepping ~*~*~tactically~*~*~ (hiding).
 80362 | Pan      | 80362 ||| Stepping ~*~*~tactically~*~*~ (hiding).
 80520 | Pan      | 80520 ||| Stepping ~*~*~tactically~*~*~ (hiding).
 80522 | Pan      | 80522 ||| Stepping ~*~*~tactically~*~*~ (hiding).
 80526 | Pan      | 80526 ||| Stepping ~*~*~tactically~*~*~ (hiding).
 80589 | Pan      | Entered the realm of Cerebov.
 80594 | Pan      | Was forgiven by the Shining One
 80610 | Pan      | 80610 ||| PLANNING PAN
 80660 | Pan      | 80660 ||| Stepping ~*~*~tactically~*~*~ (stealth).
 80662 | Pan      | 80662 ||| Stepping ~*~*~tactically~*~*~ (stealth).
 80665 | Pan      | 80665 ||| Stepping ~*~*~tactically~*~*~ (hiding).
 80727 | Pan      | Identified the amulet of Hauq {Spirit -Cast +Inv rElec}
 80728 | Pan      | 80728 ||| INVOKING Summon Divine Warrior.
 80731 | Pan      | 80731 ||| INVOKING Cleansing Flame.
 80733 | Pan      | Identified the +5 halberd of World Downfall {protect, Fly
                  | rElec rC- Will-}
 80743 | Pan      | Found the +6 sword of Cerebov {flame}
 80743 | Pan      | Noticed Cerebov
 80744 | Pan      | 80744 ||| DRINKING 16 potions of haste.
 80745 | Pan      | 80745 ||| DRINKING 3 potions of resistance.
 80746 | Pan      | 80746 ||| DRINKING 16 potions of might.
 80760 | Pan      | 80760 ||| INVOKING Summon Divine Warrior.
 80763 | Pan      | Killed Cerebov
 80797 | Pan      | Identified the +5 war axe of the Pariah {venom, rElec rCorr
                  | Int+2 Dex+4}
 80799 | Pan      | Identified the +2 pair of boots "Gichiry" {Will+ Int+2}
 80801 | Pan      | Identified the +1 ring mail "Yzefei" {-Tele rPois rC+}
 80850 | Pan      | Identified the +2 robe "Damnable Contraption" {Int+5 Dex+3
                  | Stlth+}
 80891 | Pan      | Reached skill level 15 in Throwing
 80919 | Pan      | 80919 ||| INVOKING Cleansing Flame.
 80920 | Pan      | 80920 ||| INVOKING Cleansing Flame.
 80938 | Pan      | Identified the +7 arbalest "Ygoxurr" {venom, rElec rF+
                  | Str-4}
 80939 | Pan      | Identified the +5 morningstar of Sesy {vorpal, Dex+2}
 80953 | Pan      | Identified the +6 falchion of the Several Ships {vorpal,
                  | *Slow rF+ MP+9 Str+8}
 80955 | Pan      | Identified the +0 plate armour of Eternal Vigilance {-Cast
                  | rPois Will+++ Str-3}
 80998 | Pan      | Got a fiery rune of Zot
 81335 | Pan      | 81335 ||| Stepping ~*~*~tactically~*~*~ (hiding).
 81471 | Pan      | 81471 ||| UPGRADING to +2 pair of boots "Gichiry" {Will+
                  | Int+2}.
 81510 | Pan      | 81510 ||| INVOKING Summon Divine Warrior.
 81513 | Pan      | 81513 ||| INVOKING Cleansing Flame.
 81514 | Pan      | 81514 ||| INVOKING Cleansing Flame.
 81540 | Pan      | 81540 ||| Stepping randomly (cloudy).
 81587 | Pan      | Found a runed translucent door.
 81620 | Pan      | 81620 ||| INVOKING Cleansing Flame.
 81621 | Pan      | 81621 ||| INVOKING Cleansing Flame.
 81622 | Pan      | 81622 ||| INVOKING Cleansing Flame.
 81747 | Pan      | Found a runed translucent door.
 81750 | Pan      | Found a runed translucent door.
 81815 | Pan      | 81815 ||| INVOKING Cleansing Flame.
 81996 | Pan      | Found a runed translucent door.
 82085 | Pan      | Found an exit through the horrors of the Abyss.
 82183 | Pan      | Identified the ring "Lipeitz" {MP+9 Str+6}
 82210 | Pan      | 82210 ||| Stepping ~*~*~tactically~*~*~ (stealth).
 82211 | Pan      | 82211 ||| Stepping ~*~*~tactically~*~*~ (stealth).
 82231 | Pan      | 82231 ||| Stepping ~*~*~tactically~*~*~ (stealth).
 82238 | Pan      | 82238 ||| Stepping ~*~*~tactically~*~*~ (stealth).
 82239 | Pan      | 82239 ||| Stepping ~*~*~tactically~*~*~ (stealth).
 82299 | Pan      | 82299 ||| DROPPING ring "Lipeitz" {MP+9 Str+6}.
 82314 | Pan      | Noticed Letiblu Cela the pandemonium lord
 82315 | Pan      | 82315 ||| INVOKING Cleansing Flame.
 82316 | Pan      | 82316 ||| INVOKING Summon Divine Warrior.
 82324 | Pan      | Killed Letiblu Cela the pandemonium lord
 82325 | Pan      | 82325 ||| Stepping ~*~*~tactically~*~*~ (cloud).
 82326 | Pan      | 82326 ||| READING 9 scrolls of teleportation.
 82399 | Pan      | 82399 ||| READING 8 scrolls of teleportation.
 82407 | Pan      | 82407 ||| READING 7 scrolls of teleportation.
 82430 | Pan      | 82430 ||| Stepping ~*~*~tactically~*~*~ (hiding).
 82464 | Pan      | Identified the amulet "Neck" {rElec Regen+ rCorr Str-2
                  | SInv}
 82556 | Pan      | 82556 ||| Stepping ~*~*~tactically~*~*~ (hiding).
 82563 | Pan      | Gained mutation: You are clumsy. (Dex -2) [a cacodemon]
 82591 | Pan      | 82591 ||| Stepping ~*~*~tactically~*~*~ (hiding).
 82598 | Pan      | 82598 ||| Stepping ~*~*~tactically~*~*~ (hiding).
 82614 | Pan      | 82614 ||| Stepping randomly (cloudy).
 82615 | Pan      | 82615 ||| Stepping ~*~*~tactically~*~*~ (hiding).
 82617 | Pan      | 82617 ||| Stepping ~*~*~tactically~*~*~ (hiding).
 82763 | Pan      | 82763 ||| Stepping ~*~*~tactically~*~*~ (hiding).
 82771 | Pan      | Reached skill level 1 in Short Blades
 82811 | Pan      | 82811 ||| INVOKING Summon Divine Warrior.
 82814 | Pan      | 82814 ||| INVOKING Cleansing Flame.
 83097 | Pan      | 83097 ||| INVOKING Cleansing Flame.
 83198 | Pan      | 83198 ||| INVOKING Cleansing Flame.
 83199 | Pan      | 83199 ||| INVOKING Cleansing Flame.
 83200 | Pan      | Reached skill level 3 in Short Blades
 83201 | Pan      | 83201 ||| READING 6 scrolls of teleportation.
 83202 | Pan      | 83202 ||| INVOKING Cleansing Flame.
 83261 | Pan      | 83261 ||| READING 5 scrolls of teleportation.
 83269 | Pan      | 83269 ||| Stepping ~*~*~tactically~*~*~ (hiding).
 83271 | Pan      | 83271 ||| INVOKING Summon Divine Warrior.
 83321 | Pan      | 83321 ||| Stepping ~*~*~tactically~*~*~ (stealth).
 83344 | Pan      | 83344 ||| Stepping ~*~*~tactically~*~*~ (hiding).
 83345 | Pan      | 83345 ||| Stepping ~*~*~tactically~*~*~ (hiding).
 83349 | Pan      | 83349 ||| Stepping randomly (cloudy).
 83424 | Pan      | 83424 ||| Stepping ~*~*~tactically~*~*~ (stealth).
 83425 | Pan      | 83425 ||| Stepping ~*~*~tactically~*~*~ (stealth).
 83494 | Pan      | 83494 ||| INVOKING Cleansing Flame.
 83497 | Pan      | 83497 ||| INVOKING Summon Divine Warrior.
 83504 | Pan      | 83504 ||| INVOKING Cleansing Flame.
 83529 | Pan      | Gained mutation: You are frail. (-10% HP) [a cacodemon]
 83532 | Pan      | 83532 ||| DRINKING 3 potions of mutation.
 83532 | Pan      | Lost mutation: You are frail. (-10% HP) [potion of
                  | mutation]
 83532 | Pan      | Lost mutation: Your magical capacity is low. (-10% MP)
                  | [potion of mutation]
 83532 | Pan      | Lost mutation: You are clumsy. (Dex -2) [potion of
                  | mutation]
 83532 | Pan      | Gained mutation: You have sharp toenails. [potion of
                  | mutation]
 83532 | Pan      | Gained mutation: You have hidden genetic potential. [potion
                  | of mutation]
 83628 | Pan      | Got a demonic rune of Zot
 83704 | Pan      | 83704 ||| INVOKING Cleansing Flame.
 83705 | Pan      | 83705 ||| INVOKING Cleansing Flame.
 83706 | Pan      | Reached skill level 27 in Fighting
 83712 | Pan      | 83712 ||| Stepping ~*~*~tactically~*~*~ (hiding).
 83714 | Pan      | 83714 ||| Stepping ~*~*~tactically~*~*~ (hiding).
 83716 | Pan      | 83716 ||| Stepping ~*~*~tactically~*~*~ (stealth).
 83724 | Pan      | Lost mutation: You possess an exceptional clarity of mind.
                  | [a cacodemon]
 83837 | Pan      | Gained mutation: You are vulnerable to cold. (rC-) [a
                  | neqoxec]
 83838 | Pan      | 83838 ||| Stepping ~*~*~tactically~*~*~ (hiding).
 83925 | Pan      | 83925 ||| Stepping ~*~*~tactically~*~*~ (stealth).
 83926 | Pan      | 83926 ||| Stepping ~*~*~tactically~*~*~ (stealth).
 83930 | Pan      | 83930 ||| Stepping ~*~*~tactically~*~*~ (stealth).
 83962 | Pan      | 83962 ||| Stepping ~*~*~tactically~*~*~ (hiding).
 84000 | Pan      | Gained mutation: Your spells are easier to cast, but less
                  | powerful. [a neqoxec]
 84001 | Pan      | Gained mutation: You are frail. (-10% HP) [a neqoxec]
 84008 | Pan      | 84008 ||| DRINKING 2 potions of mutation.
 84008 | Pan      | Lost mutation: Your spells are easier to cast, but less
                  | powerful. [potion of mutation]
 84008 | Pan      | Lost mutation: You have hidden genetic potential. [potion
                  | of mutation]
 84008 | Pan      | Lost mutation: Your spells are a little easier to cast, but
                  | a little less powerful. [potion of mutation]
 84008 | Pan      | Gained mutation: You are clumsy. (Dex -2) [potion of
                  | mutation]
 84009 | Pan      | 84009 ||| DRINKING potion of mutation.
 84009 | Pan      | Lost mutation: You are partially covered in iridescent
                  | scales. (AC +2) [potion of mutation]
 84009 | Pan      | Lost mutation: Your body sometimes deteriorates upon taking
                  | damage. [potion of mutation]
 84009 | Pan      | Lost mutation: You are frail. (-10% HP) [potion of
                  | mutation]
 84009 | Pan      | Gained mutation: You have a pair of small horns on your
                  | head. [potion of mutation]
 84009 | Pan      | Gained mutation: You occasionally lose the ability to read
                  | scrolls when taking damage. [potion of mutation]
 84009 | Pan      | Gained mutation: You are somewhat resistant to further
                  | mutation. [potion of mutation]
 84009 | Pan      | Gained mutation: You are partially covered in iridescent
                  | scales. (AC +2) [potion of mutation]
 84038 | Pan      | Entered the realm of Lom Lobon.
 84353 | Pan      | Found an exit through the horrors of the Abyss.
 84405 | Pan      | 84405 ||| Stepping ~*~*~tactically~*~*~ (stealth).
 84411 | Pan      | 84411 ||| Stepping randomly (cloudy).
 84412 | Pan      | 84412 ||| Stepping randomly (cloudy).
 84413 | Pan      | 84413 ||| Stepping randomly (cloudy).
 84642 | Pan      | 84642 ||| Stepping ~*~*~tactically~*~*~ (hiding).
 84647 | Pan      | 84647 ||| Stepping ~*~*~tactically~*~*~ (hiding).
 84650 | Pan      | 84650 ||| Stepping ~*~*~tactically~*~*~ (hiding).
 84651 | Pan      | 84651 ||| Stepping ~*~*~tactically~*~*~ (hiding).
 84666 | Pan      | 84666 ||| Stepping ~*~*~tactically~*~*~ (stealth).
 84794 | Pan      | 84794 ||| Stepping ~*~*~tactically~*~*~ (stealth).
 84811 | Pan      | Noticed Lom Lobon
 84812 | Pan      | 84812 ||| DRINKING 15 potions of haste.
 84813 | Pan      | 84813 ||| INVOKING Summon Divine Warrior.
 84814 | Pan      | 84814 ||| DRINKING 15 potions of might.
 84817 | Pan      | 84817 ||| INVOKING Summon Divine Warrior.
 84821 | Pan      | 84821 ||| INVOKING Cleansing Flame.
 84826 | Pan      | Killed Lom Lobon
 84914 | Pan      | Got a magical rune of Zot
 85058 | Pan      | 85058 ||| PLANNING SLIME:5
 85058 | Pan      | 85058 ||| SWAPPING to +5 war axe of the Pariah {venom,
                  | rElec rCorr Int+2 Dex+4}.
 85059 | Pan      | 85059 ||| UPGRADING to +3 pair of seven-league boots
                  | {Rampage+∞}.
 85115 | Pan      | 85115 ||| Stepping ~*~*~tactically~*~*~ (hiding).
 85236 | Pan      | 85236 ||| Stepping ~*~*~tactically~*~*~ (stealth).
 85237 | Pan      | 85237 ||| Stepping ~*~*~tactically~*~*~ (stealth).
 85241 | Pan      | 85241 ||| INVOKING Summon Divine Warrior.
 85242 | Pan      | Noticed Cufuck the pandemonium lord
 85248 | Pan      | 85248 ||| INVOKING Cleansing Flame.
 85249 | Pan      | 85249 ||| INVOKING Cleansing Flame.
 85280 | Pan      | Killed Cufuck the pandemonium lord
 85456 | Pan      | 85456 ||| INVOKING Summon Divine Warrior.
 85462 | Pan      | Reached skill level 9 in Dodging
 85658 | Pan      | Found an exit through the horrors of the Abyss.
 85812 | Pan      | 85812 ||| Stepping ~*~*~tactically~*~*~ (hiding).
 86177 | Depths:2 | Escaped Pandemonium
 86442 | Slime:1  | Entered Level 1 of the Pits of Slime
 86869 | Slime:4  | 86869 ||| STAIRDANCE
 86880 | Slime:4  | 86880 ||| STAIRDANCE
 86889 | Slime:4  | 86889 ||| STAIRDANCE
 86897 | Slime:4  | 86897 ||| STAIRDANCE
 86924 | Slime:5  | Entered Level 5 of the Pits of Slime
 86999 | Slime:5  | Found a viscous altar of Jiyva.
 87000 | Slime:5  | 87000 ||| READING 5 scrolls of teleportation.
 87014 | Slime:5  | 87014 ||| DRINKING 4 potions of curing.
 87014 | Slime:5  | 87014 ||| (to cure confusion)
 87018 | Slime:5  | 87018 ||| DRINKING 3 potions of curing.
 87018 | Slime:5  | 87018 ||| (to cure confusion)
 87020 | Slime:5  | 87020 ||| DRINKING 2 potions of curing.
 87020 | Slime:5  | 87020 ||| (to cure confusion)
 87022 | Slime:5  | 87022 ||| DRINKING potion of curing.
 87022 | Slime:5  | 87022 ||| (to cure confusion)
 87032 | Slime:5  | Noticed the Royal Jelly
 87033 | Slime:5  | 87033 ||| INVOKING Summon Divine Warrior.
 87035 | Slime:5  | 87035 ||| INVOKING Summon Divine Warrior.
 87049 | Slime:5  | 87049 ||| INVOKING Summon Divine Warrior.
 87062 | Slime:5  | 87062 ||| DRINKING 5 potions of cancellation.
 87073 | Slime:5  | 87073 ||| INVOKING Summon Divine Warrior.
 87080 | Slime:5  | Killed the Royal Jelly
 87081 | Slime:5  | Reached skill level 24 in Shields
 87088 | Slime:5  | Gained mutation: You occasionally lose the ability to drink
                  | potions when taking damage. [a shining eye]
 87199 | Slime:5  | Identified the +7 morningstar of the Past {venom, rF+ rN+
                  | Str+7 Dex-3}
 87201 | Slime:5  | Got a slimy rune of Zot
 87224 | Slime:5  | Identified the +1 cloak "Japn" {Rampage *Slow rElec SInv}
 87226 | Slime:5  | Identified the +8 broad axe of Righteous Anger {protect,
                  | rC- Will+ Str+3 Int+5}
 87254 | Slime:5  | Identified the ring of Caicw {rPois rCorr Str-3 SInv}
 87256 | Slime:5  | Identified the +7 glaive of the Telling Gods {vorpal, Drain
                  | rN+++ Dex+4}
 87267 | Slime:5  | Identified the +5 lajatang "Ufeur" {drain, *Noise rElec
                  | Will+ Dex+4}
 87277 | Slime:5  | Identified the +1 scale mail of the Rose {Str+6 Slay-3}
 87284 | Slime:5  | 87284 ||| DRINKING potion of mutation.
 87284 | Slime:5  | Lost mutation: You occasionally lose the ability to read
                  | scrolls when taking damage. [potion of mutation]
 87284 | Slime:5  | Lost mutation: You have a pair of small horns on your head.
                  | [potion of mutation]
 87284 | Slime:5  | Lost mutation: You are somewhat resistant to further
                  | mutation. [potion of mutation]
 87284 | Slime:5  | Gained mutation: You sometimes lose your temper in combat.
                  | [potion of mutation]
 87284 | Slime:5  | Gained mutation: Your muscles are strong. (Str +4, Int/Dex
                  | -1) [potion of mutation]
 87302 | Slime:5  | Gained mutation: You occasionally lose the ability to read
                  | scrolls when taking damage. [a shining eye]
 87707 | Slime:5  | 87707 ||| PLANNING RUNE:COC RUNE
 87707 | Slime:5  | 87707 ||| SWAPPING to +9 broad axe of holy wrath.
 87708 | Slime:5  | 87708 ||| DROPPING +5 war axe of the Pariah {venom, rElec
                  | rCorr Int+2 Dex+4}.
 87709 | Slime:5  | 87709 ||| DROPPING +0 pair of gloves of Anarchy {rElec
                  | Will+ rCorr Str-2}.
 87710 | Slime:5  | 87710 ||| DROPPING +2 pair of boots of flying.
 87711 | Slime:5  | 87711 ||| DROPPING +1 ring mail of Kahica {rCorr Str+4
                  | Int-3 Dex+2}.
 87712 | Slime:5  | 87712 ||| UPGRADING to +2 pair of boots "Gichiry" {Will+
                  | Int+2}.
 87722 | Slime:5  | 87722 ||| DROPPING +1 cloak "Japn" {Rampage *Slow rElec
                  | SInv}.
 87723 | Slime:5  | 87723 ||| DROPPING +2 pair of gloves.
 87724 | Slime:5  | 87724 ||| DROPPING amulet "Neck" {rElec Regen+ rCorr Str-2
                  | SInv}.
 87725 | Slime:5  | 87725 ||| DROPPING ring of resist corrosion.
 87726 | Slime:5  | 87726 ||| DROPPING ring of resist corrosion.
 87727 | Slime:5  | 87727 ||| DROPPING ring of Caicw {rPois rCorr Str-3 SInv}.
 88082 | Hell     | Entered the Vestibule of Hell
 88082 | Hell     | Noticed Geryon
 88113 | Hell     | Killed Geryon
 88225 | Hell     | 88225 ||| INVOKING Cleansing Flame.
 88226 | Hell     | 88226 ||| INVOKING Cleansing Flame.
 88227 | Hell     | 88227 ||| INVOKING Summon Divine Warrior.
 88233 | Hell     | Found a gateway to the decaying netherworld of Tartarus.
 88354 | Hell     | Found a gateway to the ashen valley of Gehenna.
 88678 | Hell     | Found a gateway to the Iron City of Dis.
 88988 | Hell     | Found a gateway to the freezing wastes of Cocytus.
 88996 | Coc:1    | Entered Level 1 of Cocytus
 89150 | Coc:2    | 89150 ||| Stepping ~*~*~tactically~*~*~ (stealth).
 89179 | Coc:2    | 89179 ||| Stepping ~*~*~tactically~*~*~ (stealth).
 89313 | Coc:3    | 89313 ||| INVOKING Cleansing Flame.
 89322 | Coc:3    | 89322 ||| INVOKING Cleansing Flame.
 89481 | Coc:4    | Paralysed by a wendigo for 1 turns
 89490 | Coc:4    | 89490 ||| INVOKING Cleansing Flame.
 89496 | Coc:4    | 89496 ||| INVOKING Summon Divine Warrior.
 89499 | Coc:4    | 89499 ||| INVOKING Cleansing Flame.
 89516 | Coc:5    | 89516 ||| INVOKING Summon Divine Warrior.
 89520 | Coc:5    | 89520 ||| INVOKING Summon Divine Warrior.
 89520 | Coc:5    | Identified the +1 tower shield of the Lion {rN+ MP+9}
 89525 | Coc:5    | 89525 ||| INVOKING Summon Divine Warrior.
 89527 | Coc:5    | 89527 ||| INVOKING Summon Divine Warrior.
 89528 | Coc:5    | 89528 ||| INVOKING Summon Divine Warrior.
 89583 | Coc:5    | Paralysed by a wendigo for 1 turns
 89585 | Coc:5    | Paralysed by a wendigo for 1 turns
 89658 | Coc:5    | 89658 ||| INVOKING Cleansing Flame.
 89684 | Coc:5    | 89684 ||| Stepping ~*~*~tactically~*~*~ (stealth).
 89685 | Coc:5    | 89685 ||| Stepping ~*~*~tactically~*~*~ (stealth).
 89696 | Coc:6    | 89696 ||| INVOKING Summon Divine Warrior.
 89700 | Coc:6    | 89700 ||| INVOKING Cleansing Flame.
 89701 | Coc:6    | 89701 ||| INVOKING Summon Divine Warrior.
 89702 | Coc:6    | 89702 ||| INVOKING Cleansing Flame.
 89706 | Coc:6    | 89706 ||| INVOKING Cleansing Flame.
 89707 | Coc:6    | 89707 ||| INVOKING Summon Divine Warrior.
 89710 | Coc:6    | 89710 ||| INVOKING Summon Divine Warrior.
 89711 | Coc:6    | 89711 ||| INVOKING Cleansing Flame.
 89712 | Coc:6    | 89712 ||| INVOKING Cleansing Flame.
 89713 | Coc:6    | 89713 ||| INVOKING Cleansing Flame.
 89720 | Coc:6    | 89720 ||| INVOKING Summon Divine Warrior.
 89724 | Coc:6    | 89724 ||| INVOKING Summon Divine Warrior.
 89725 | Coc:6    | 89725 ||| INVOKING Cleansing Flame.
 89733 | Coc:6    | 89733 ||| INVOKING Cleansing Flame.
 89911 | Coc:7    | Entered Level 7 of Cocytus
 89912 | Coc:7    | 89912 ||| INVOKING Summon Divine Warrior.
 89917 | Coc:7    | Reached skill level 21 in Axes
 89917 | Coc:7    | 89917 ||| INVOKING Cleansing Flame.
 89926 | Coc:7    | 89926 ||| INVOKING Cleansing Flame.
 89928 | Coc:7    | 89928 ||| INVOKING Cleansing Flame.
 89929 | Coc:7    | 89929 ||| INVOKING Cleansing Flame.
 89930 | Coc:7    | 89930 ||| INVOKING Cleansing Flame.
 89931 | Coc:7    | 89931 ||| INVOKING Cleansing Flame.
 89978 | Coc:7    | 89978 ||| INVOKING Cleansing Flame.
 90093 | Coc:7    | 90093 ||| INVOKING Summon Divine Warrior.
 90165 | Coc:7    | 90165 ||| INVOKING Summon Divine Warrior.
 90193 | Coc:7    | 90193 ||| INVOKING Summon Divine Warrior.
 90224 | Coc:7    | 90224 ||| INVOKING Summon Divine Warrior.
 90224 | Coc:7    | Paralysed by a wendigo for 1 turns
 90232 | Coc:7    | 90232 ||| INVOKING Cleansing Flame.
 90241 | Coc:7    | 90241 ||| INVOKING Cleansing Flame.
 90520 | Coc:7    | 90520 ||| Stepping ~*~*~tactically~*~*~ (hiding).
 90533 | Coc:7    | 90533 ||| Stepping ~*~*~tactically~*~*~ (stealth).
 90536 | Coc:7    | 90536 ||| Stepping ~*~*~tactically~*~*~ (hiding).
 90562 | Coc:7    | 90562 ||| Stepping ~*~*~tactically~*~*~ (stealth).
 90573 | Coc:7    | 90573 ||| Stepping ~*~*~tactically~*~*~ (stealth).
 90591 | Coc:7    | 90591 ||| Stepping ~*~*~tactically~*~*~ (stealth).
 90594 | Coc:7    | 90594 ||| Stepping ~*~*~tactically~*~*~ (hiding).
 90595 | Coc:7    | 90595 ||| Stepping ~*~*~tactically~*~*~ (hiding).
 90596 | Coc:7    | 90596 ||| Stepping ~*~*~tactically~*~*~ (hiding).
 90597 | Coc:7    | 90597 ||| Stepping ~*~*~tactically~*~*~ (hiding).
 90599 | Coc:7    | 90599 ||| INVOKING Summon Divine Warrior.
 90600 | Coc:7    | 90600 ||| INVOKING Cleansing Flame.
 90601 | Coc:7    | 90601 ||| INVOKING Cleansing Flame.
 90609 | Coc:7    | Paralysed by a wendigo for 1 turns
 90735 | Coc:7    | Paralysed by a wendigo for 1 turns
 90978 | Coc:7    | 90978 ||| INVOKING Summon Divine Warrior.
 91502 | Coc:7    | 91502 ||| INVOKING Summon Divine Warrior.
 91507 | Coc:7    | Noticed Antaeus
 91508 | Coc:7    | 91508 ||| INVOKING Cleansing Flame.
 91509 | Coc:7    | 91509 ||| INVOKING Cleansing Flame.
 91540 | Coc:7    | Killed Antaeus
 91546 | Coc:7    | 91546 ||| INVOKING Cleansing Flame.
 91547 | Coc:7    | 91547 ||| INVOKING Summon Divine Warrior.
 91551 | Coc:7    | 91551 ||| INVOKING Cleansing Flame.
 91558 | Coc:7    | 91558 ||| INVOKING Cleansing Flame.
 91653 | Coc:7    | Identified the +1 plate armour of Unaneuju {Int+6}
 91688 | Coc:7    | Got an icy rune of Zot
 91751 | Coc:7    | 91751 ||| PLANNING RUNE:TAR RUNE
 91751 | Coc:7    | 91751 ||| DROPPING +4 war axe of Bile {vorpal, Fragile
                  | rC+++ Dex-3 Stlth+}.
 91752 | Coc:7    | 91752 ||| DROPPING ring of protection from cold.
 91753 | Coc:7    | 91753 ||| DROPPING ring of protection from cold.
 91865 | Tar:1    | Entered Level 1 of Tartarus
 91877 | Tar:1    | 91877 ||| DRINKING 2 potions of mutation.
 91877 | Tar:1    | Lost mutation: You are partially covered in iridescent
                  | scales. (AC +2) [potion of mutation]
 91877 | Tar:1    | Lost mutation: You are vulnerable to cold. (rC-) [potion of
                  | mutation]
 91877 | Tar:1    | Gained mutation: You are vulnerable to cold. (rC-) [potion
                  | of mutation]
 91877 | Tar:1    | Lost mutation: You sometimes lose your temper in combat.
                  | [potion of mutation]
 91877 | Tar:1    | Gained mutation: You are robust. (+10% HP) [potion of
                  | mutation]
 91891 | Tar:1    | 91891 ||| Stepping ~*~*~tactically~*~*~ (hiding).
 91894 | Tar:1    | 91894 ||| Stepping ~*~*~tactically~*~*~ (hiding).
 91907 | Tar:1    | 91907 ||| DRINKING potion of mutation.
 91907 | Tar:1    | Lost mutation: You occasionally lose the ability to drink
                  | potions when taking damage. [potion of mutation]
 91907 | Tar:1    | Lost mutation: Your muscles are strong. (Str +4, Int/Dex
                  | -1) [potion of mutation]
 91907 | Tar:1    | Lost mutation: You are vulnerable to cold. (rC-) [potion of
                  | mutation]
 91907 | Tar:1    | Gained mutation: Armour fits poorly on your strangely
                  | shaped body. [potion of mutation]
 91907 | Tar:1    | Gained mutation: You are partially covered in iridescent
                  | scales. (AC +2) [potion of mutation]
 91918 | Tar:1    | 91918 ||| Stepping ~*~*~tactically~*~*~ (stealth).
 91931 | Tar:1    | 91931 ||| Stepping ~*~*~tactically~*~*~ (stealth).
 91948 | Tar:1    | Noticed an ancient lich
 91949 | Tar:1    | 91949 ||| INVOKING Summon Divine Warrior.
 91960 | Tar:1    | 91960 ||| INVOKING Cleansing Flame.
 91961 | Tar:1    | 91961 ||| INVOKING Cleansing Flame.
 91963 | Tar:1    | Killed an ancient lich
 92013 | Tar:2    | 92013 ||| INVOKING Summon Divine Warrior.
 92030 | Tar:2    | 92030 ||| INVOKING Cleansing Flame.
 92134 | Tar:4    | 92134 ||| INVOKING Summon Divine Warrior.
 92137 | Tar:4    | 92137 ||| INVOKING Cleansing Flame.
 92149 | Tar:4    | 92149 ||| INVOKING Cleansing Flame.
 92151 | Tar:4    | 92151 ||| INVOKING Cleansing Flame.
 92154 | Tar:4    | Reached skill level 18 in Throwing
 92351 | Tar:5    | 92351 ||| INVOKING Summon Divine Warrior.
 92354 | Tar:5    | 92354 ||| INVOKING Cleansing Flame.
 92361 | Tar:5    | 92361 ||| INVOKING Cleansing Flame.
 92383 | Tar:5    | 92383 ||| INVOKING Cleansing Flame.
 92384 | Tar:5    | 92384 ||| INVOKING Cleansing Flame.
 92397 | Tar:5    | 92397 ||| INVOKING Cleansing Flame.
 92580 | Tar:6    | 92580 ||| INVOKING Summon Divine Warrior.
 92584 | Tar:6    | 92584 ||| INVOKING Cleansing Flame.
 92623 | Tar:6    | 92623 ||| INVOKING Cleansing Flame.
 92707 | Tar:7    | Entered Level 7 of Tartarus
 92725 | Tar:7    | 92725 ||| INVOKING Cleansing Flame.
 92736 | Tar:7    | Reached skill level 24 in Axes
 92796 | Tar:7    | 92796 ||| INVOKING Summon Divine Warrior.
 92797 | Tar:7    | 92797 ||| INVOKING Cleansing Flame.
 92798 | Tar:7    | 92798 ||| INVOKING Cleansing Flame.
 92864 | Tar:7    | Noticed a dread lich
 92867 | Tar:7    | 92867 ||| INVOKING Cleansing Flame.
 92868 | Tar:7    | 92868 ||| INVOKING Cleansing Flame.
 92869 | Tar:7    | 92869 ||| INVOKING Cleansing Flame.
 92870 | Tar:7    | Killed a dread lich
 93016 | Tar:7    | 93016 ||| INVOKING Cleansing Flame.
 93144 | Tar:7    | 93144 ||| INVOKING Cleansing Flame.
 93160 | Tar:7    | 93160 ||| INVOKING Cleansing Flame.
 93212 | Tar:7    | 93212 ||| INVOKING Cleansing Flame.
 93255 | Tar:7    | 93255 ||| INVOKING Cleansing Flame.
 93256 | Tar:7    | Reached skill level 21 in Throwing
 93475 | Tar:7    | 93475 ||| INVOKING Cleansing Flame.
 93528 | Tar:7    | Identified the +1 scale mail of Niwkicac {Contam rPois
                  | rF+++ Str-5}
 93623 | Tar:7    | 93623 ||| INVOKING Cleansing Flame.
 93717 | Tar:7    | 93717 ||| INVOKING Summon Divine Warrior.
 93718 | Tar:7    | 93718 ||| INVOKING Cleansing Flame.
 94188 | Tar:7    | 94188 ||| Stepping ~*~*~tactically~*~*~ (hiding).
 94190 | Tar:7    | 94190 ||| Stepping ~*~*~tactically~*~*~ (hiding).
 94191 | Tar:7    | 94191 ||| INVOKING Summon Divine Warrior.
 94256 | Tar:7    | 94256 ||| INVOKING Cleansing Flame.
 94257 | Tar:7    | 94257 ||| INVOKING Cleansing Flame.
 94258 | Tar:7    | 94258 ||| INVOKING Cleansing Flame.
 94397 | Tar:7    | 94397 ||| Stepping ~*~*~tactically~*~*~ (stealth).
 94398 | Tar:7    | 94398 ||| Stepping ~*~*~tactically~*~*~ (stealth).
 94399 | Tar:7    | 94399 ||| Stepping ~*~*~tactically~*~*~ (stealth).
 94403 | Tar:7    | 94403 ||| Stepping ~*~*~tactically~*~*~ (hiding).
 94405 | Tar:7    | 94405 ||| Stepping ~*~*~tactically~*~*~ (hiding).
 94407 | Tar:7    | 94407 ||| INVOKING Summon Divine Warrior.
 94409 | Tar:7    | 94409 ||| INVOKING Cleansing Flame.
 94410 | Tar:7    | 94410 ||| INVOKING Cleansing Flame.
 94699 | Tar:7    | Noticed Ereshkigal
 94700 | Tar:7    | 94700 ||| INVOKING Summon Divine Warrior.
 94716 | Tar:7    | HP: 53/218 [profane servitor/+1 whip (2)]
 94717 | Tar:7    | 94717 ||| DRINKING 11 potions of heal wounds.
 94722 | Tar:7    | Paralysed by Ereshkigal for 5 turns
 94725 | Tar:7    | HP: 54/218 [??? (10)]
 94727 | Tar:7    | HP: 26/218 [Ereshkigal/bolt of cold (3)]
 94728 | Tar:7    | 94728 ||| DRINKING 10 potions of heal wounds.
 94729 | Tar:7    | 94729 ||| DRINKING 9 potions of heal wounds.
 94729 | Tar:7    | HP: 11/218 [profane servitor/+2 demon whip of venom (18)]
 94729 | Tar:7    | Slain by an eidolon

Levels and vault maps discovered:
D:1:      ldierk_walled_garden, layout_rooms, serial_shops,
          nicolae_diamond_shop, shop, nicolae_shop_trees, nicolae_shop_crystal
D:2:      layout_basic, shapermc_ecumenical_altar_mp_ritualfount,
          kennysheep_generic_room_14
D:3:      layout_loops_ring
D:4:      layout_loops_ring, minmay_temple_entry_statues_pillars,
          portal_sewer_entry_a, uniq_edmund
D:5:      layout_gridville, kennysheep_small_spiral,
          ebering_dispersal_statue_hall, kennysheep_generic_room_5, uniq_sigmund
D:6:      layout_loops_ring, minmay_quadrilaterals
D:7:      layout_gridville, mainiacjoe_overflow_24_doors, serial_shops,
          nicolae_shop_statue_plus, uniq_joseph
D:8:      layout_basic, dpeg_lair_monsters, enter_bailey_3, uniq_maurice,
          uniq_prince_ribbit1, uniq_psyche
D:9:      layout_long_grid, biasface_ghost_orc_armoury, special_room
          [special_room_orc], kennysheep_generic_room_15, uniq_erolcha
D:10:     layout_irregular_city, kennysheep_orc_monster_closet_entryway
D:11:     layout_loops_ring
D:12:     layout_cross, minmay_puff
D:13:     minmay_blocky_corners, layout_loops_ring,
          nicolae_ru_sacrificial_ziggurat
D:14:     layout_layer_cave, david_vaults_2, serial_park_square3
          [serial_park_minivault_5x5_6], statue_in_the_mist_lemuel,
          minmay_statue_bubble
D:15:     hangedman_depths_entry_civil_slaughter, layout_basic,
          grunt_decor_fettered, serial_shops, shop, uniq_rupert
Temple:   mainiacjoe_temple_hex_bubbles
Lair:1:   layout_loops_ring, serial_bayou_shore_b, infiniplex_staircase_pool,
          uniq_gastronok
Lair:2:   lemuel_reptile_caves, layout_regular_city,
          hellmonk_spider_entry_not_the_bees, st_stairs_4
Lair:3:   layout_regular_city, swamp_mist_pool,
          nicolae_lair_run_with_the_wolves, lemuel_fruit_tree,
          grunt_megastairs_3
Lair:4:   lemuel_slime, layout_regular_city, minmay_slime_entry_oklob_open,
          nicolae_volcano_entry_s_turn, grunt_forest_large_clearings,
          uniq_nessos, uniq_kirke, uniq_snorg
Lair:5:   grunt_lair_end_beastmaster, layout_hall_layers, minmay_lindwurm_lava,
          serial_bayou_shore_a
Swamp:1:  layout_falls_marsh, gammafunk_ghost_split,
          nicolae_swamp_trees_clearing, swamp_pool1, uniq_josephine,
          uniq_frances
Swamp:2:  layout_basic_swamp, evilmike_swamp_ruin_rubble_1
Swamp:3:  layout_falls_marsh, evilmike_swamp_ruin_house_5, swamp_pool3,
          uniq_bai_suzhen
Swamp:4:  swamp_basic_johnstein, layout_basic_swamp, uniq_aizul
Spider:1: layout_chambers, spiders_nest_hornet_nest
Spider:2: layout_chambers, drop_trap, uniq_louise
Spider:3: layout_chambers, nicolae_spider_circle_web, uniq_arachne
Spider:4: grunt_spider_rune_island
Slime:1:  layout_caves
Slime:2:  layout_caves, nicolae_slime_barrier
Slime:3:  layout_caves, nicolae_slime_phagocytosis
Slime:4:  layout_caves
Slime:5
Orc:1:    layout_diamond_mine, mines2_david
Orc:2:    grunt_orc_gardens, layout_caves, grunt_orc_garden, grunt_orc_garden,
          grunt_orc_garden, grunt_orc_garden, serial_shops, nicolae_shop_trees
Vaults:1: gammafunk_its_a_trap, hangedman_vaults_maws, v_misc_8,
          vaults_dpeg_spiral, ontoclasm_vaults_ring_square,
          dpeg_vaults_monster_row, nicolae_vaults_little_squares_3, v_misc_27,
          vaults_dpeg_ring, nicolae_vaults_specimen_jars,
          vaults_dpeg_emergency_exit, v_misc_22, layout_vaults_omnibox,
          uniq_nikola
Vaults:2: ontoclasm_vaults_ring_small, hangedman_vaults_stitches,
          vaults_room_glass_cross, nicolae_vaults_little_squares_3,
          vaults_room_pools, vaults_mumra_chevron_long, hangedman_vaults_slice,
          ontoclasm_vaults_pinch, vaults_dpeg_encased_lava,
          nicolae_vaults_mini_display_case, layout_vaults_chaotic_city
Vaults:3: gammafunk_ghost_tricky_traps, vaults_mumra_minichess,
          nicolae_vaults_network_quinsquares
          [nicolae_vaults_network_quincunx_subvault,
          nicolae_vaults_network_quincunx_subvault,
          nicolae_vaults_network_quincunx_subvault,
          nicolae_vaults_network_quincunx_subvault], v_pattern_2,
          minmay_crypt_entry_skeletal_spiral, hangedman_vaults_nails,
          v_alt_pattern_6, vaults_room_boxed, nicolae_vaults_hallways_thing,
          nicolae_vaults_little_squares_6, vaults_mumra_chevron,
          special_room_vaults [special_room_orc], layout_vaults_ring,
          uniq_xtahua, uniq_frederick
Vaults:4: portal_desolation_entry_garden, nicolae_vaults_holding_cells,
          ontoclasm_vaults_ring_square, nicolae_vaults_gold_heap, v_misc_12,
          v_misc_14, v_misc_15, vaults_room_corners, layout_vaults_omnicross,
          uniq_margery, uniq_jory, uniq_zenata
Vaults:5: serial_shops
Crypt:1:  layout_catacombs, amcnicky_mini_rare_corridor_liquid
Crypt:2:  layout_basic, grunt_megastairs_5
Crypt:3:  lightli_unholy_cathedral, layout_chaotic_city, minivault_24,
          feat_on_display
Tomb:1
Tomb:2
Tomb:3
Depths:1: layout_long_grid, hell_entry, minmay_misc_feat_diagonals,
          roderic_roman_lattice, nicolae_uskayaw_suspiria, minmay_shop_grove
Depths:2: gammafunk_corrupted_shrine, layout_cave_shapes, serial_column_ruins,
          column_ruins_portal_hut, column_ruins_square_small,
          column_ruins_temple_circle, column_ruins_grid_1, column_ruins_grid_3,
          column_ruins_grid_1, column_ruins_open_medium, rand_demon_pan_entry_8,
          hell_entry, minmay_misc_feat_encased, lemuel_freeze_loot_1,
          minmay_staircase_statues, uniq_saint_roka, uniq_enchantress
Depths:3: hangedman_cross_veins, layout_long_grid, enter_ziggurat_f,
          kennysheep_pointless_box, abyss_entry, pf_hell_entry_tar_spiral,
          infiniplex_staircase_pool_2, uniq_sojobo, uniq_mennas
Depths:4: grunt_zot_entry_pinwheel, layout_cave_shapes,
          nicolae_gozag_seed_capital, grunt_hell_entry_demonic_statue,
          hangedman_abyss_entry_splay, minmay_hidden_floor
Hell
Coc:1:    layout_ice_bergs, nicolae_hells_seeping_fissure
Coc:2:    layout_cocytus_delve
Coc:3:    layout_ice_bergs
Coc:4:    layout_cocytus_delve
Coc:5:    layout_ice_bergs
Coc:6:    layout_ice_bergs
Coc:7:    coc_grunt_cove [coc_grunt_cove_antaeus, coc_grunt_cove_fiend,
          coc_grunt_cove_fiend, coc_grunt_cove_fiend, coc_grunt_cove_fiend]
Tar:1:    layout_grid_maze, nicolae_tar_just_some_guys
Tar:2:    layout_grid_maze
Tar:3:    layout_catacombs, nicolae_tar_grid_combs
Tar:4:    layout_grid_maze, nicolae_tar_cuneiform_three
Tar:5:    layout_cathedral_of_symmetry
Tar:6:    layout_honeycomb
Tar:7:    tar_mu [tar_mu_maze]
Zot:1:    layout_gridlike, grunt_megastairs_2
Zot:2:    layout_gridlike, hangedman_zot_decor_unnerving_road
Zot:3:    kennysheep_ambush_hall, layout_basic, lemuel_elevator, uniq_vv
Zot:4:    evilmike_crystal_ball_defense, layout_misc_corridors,
          grunt_megastairs_4

Skill      XL: |  1  2  3  4  5  6  7  8  9 10 11 12 13 14 15 16 17 18 19 20 21 22 23 24 25 26 27 |
---------------+----------------------------------------------------------------------------------+-----
Axes           | 2 3 4 5 6 7 8 9 11 12 14 15 17 18 24 | 24.0
Fighting       | 4 5 6 7 8 10 12 13 14 15 17 18 20 22 24 25 27 | 27.0
Armour         | 4 5 6 7 9 10 11 12 15 18 19 20 22 23 27 | 27.0
Dodging        | 2 4 5 6 11 | 11.0
Invocations    | 3 4 7 10 14 19 27 | 27.0
Shields        | 6 10 12 13 14 15 16 17 18 19 20 21 22 25 | 25.4
Throwing       | 2 3 4 5 7 8 9 10 11 12 13 14 21 | 21.8
Short Blades   | 5 |  5.2

Action                   |  1- 3 |  4- 6 |  7- 9 | 10-12 | 13-15 | 16-18 | 19-21 | 22-24 | 25-27 || total
-------------------------+-------+-------+-------+-------+-------+-------+-------+-------+-------++-------
Melee: War axe           |   100 |   128 |    85 |       |       |       |       |       |  1346 ||  1659
       Hand axe          |       |       |   193 |   424 |    31 |    10 |       |       |       ||   658
       Broad axe         |       |       |       |    88 |  1087 |  2042 |  1728 |  1656 |  3483 || 10084
       Flail             |       |       |       |       |    25 |       |       |       |       ||    25
       Headbutt          |       |       |       |       |       |       |       |       |   279 ||   279
       Bite              |       |       |       |       |       |       |       |       |    93 ||    93
Throw: Boomerang         |       |       |       |    40 |    39 |   171 |   129 |    14 |    61 ||   454
       Javelin           |       |       |       |    27 |    86 |    81 |    37 |   100 |   408 ||   739
Invok: Heroism           |       |       |     6 |    22 |    50 |    52 |    36 |    46 |     9 ||   221
       Finesse           |       |       |       |     1 |    16 |    15 |    11 |    15 |     3 ||    61
       Cleansing Flame   |       |       |       |       |       |       |       |       |   220 ||   220
       Summon Divine War |       |       |       |       |       |       |       |       |    79 ||    79
       Brand Weapon With |       |       |       |       |       |       |       |       |     1 ||     1
  Use: Scroll            |     7 |     6 |    10 |     1 |     9 |    10 |     3 |     2 |    15 ||    63
       Potion            |     1 |       |     6 |       |     6 |     8 |     3 |     1 |    56 ||    81
 Stab: Distracted        |       |       |       |       |       |     1 |     1 |     1 |       ||     3
       Confused          |       |       |       |       |       |       |       |     2 |     1 ||     3
Armor: Scale mail        |    45 |    30 |       |       |       |       |       |       |       ||    75
       Plate armour      |       |    50 |   121 |   109 |   447 |   964 |       |       |       ||  1691
       Crystal plate arm |       |       |       |       |       |   144 |   565 |   697 |  2830 ||  4236
Dodge: Dodged            |    40 |    40 |    36 |    39 |   160 |   526 |   193 |   242 |   760 ||  2036
Block: Buckler           |     7 |    24 |    33 |       |       |       |       |       |       ||    64
       Tower shield      |       |       |    17 |   423 |  1205 |  2160 |  1916 |  1754 |  5739 || 13214
       Reflection        |       |       |       |    15 |    26 |    48 |    60 |    47 |   147 ||   343

Table legend:
 A = Non-vault XP
 B = Vault XP
 C = Vault XP percentage of total XP
 D = Non-vault monster count
 E = Vault monster count
 F = Vault count percentage of total count
                 A         B        C        D         E       F
            +---------+---------+-------+---------+---------+-------
      Total | 1479088 | 1126916 |  43.2 |    2388 |    1376 |  36.6
            +---------+---------+-------+---------+---------+-------
        D:1 |      36 |       0 |   0.0 |      20 |       0 |   0.0
        D:2 |      32 |       1 |   3.0 |      16 |       1 |   5.9
        D:3 |     265 |       0 |   0.0 |      18 |       0 |   0.0
        D:4 |     583 |     183 |  23.9 |      13 |       7 |  35.0
        D:5 |     602 |     344 |  36.4 |      18 |       5 |  21.7
        D:6 |     708 |     181 |  20.4 |      13 |       5 |  27.8
        D:7 |     559 |     460 |  45.1 |      15 |       1 |   6.2
        D:8 |    1324 |    4328 |  76.6 |      22 |      14 |  38.9
        D:9 |     425 |    1684 |  79.8 |      15 |      23 |  60.5
       D:10 |    5068 |    1644 |  24.5 |      22 |      20 |  47.6
       D:11 |    4807 |       0 |   0.0 |      18 |       0 |   0.0
       D:12 |    6450 |     526 |   7.5 |      16 |       3 |  15.8
       D:13 |    4320 |    4301 |  49.9 |      10 |       6 |  37.5
       D:14 |    3235 |    4572 |  58.6 |       7 |       8 |  53.3
       D:15 |    5846 |    6104 |  51.1 |      14 |       7 |  33.3
     Lair:1 |    1344 |    1528 |  53.2 |       5 |       1 |  16.7
     Lair:2 |    8994 |    4594 |  33.8 |      35 |      44 |  55.7
     Lair:3 |   15152 |    6108 |  28.7 |      35 |      40 |  53.3
     Lair:4 |    7976 |    6864 |  46.3 |      16 |      32 |  66.7
     Lair:5 |   13816 |   10736 |  43.7 |      36 |      20 |  35.7
    Swamp:1 |    7621 |    4946 |  39.4 |      20 |       8 |  28.6
    Swamp:2 |   10649 |       0 |   0.0 |      19 |       0 |   0.0
    Swamp:3 |   13045 |    3152 |  19.5 |      25 |       1 |   3.8
    Swamp:4 |    9873 |   20690 |  67.7 |      16 |      34 |  68.0
   Spider:1 |   14112 |       0 |   0.0 |      44 |       0 |   0.0
   Spider:2 |   24657 |    1194 |   4.6 |      65 |       1 |   1.5
   Spider:3 |   19019 |    2115 |  10.0 |      47 |       1 |   2.1
   Spider:4 |   21075 |   20653 |  49.5 |      44 |      34 |  43.6
    Slime:1 |   14896 |       0 |   0.0 |      19 |       0 |   0.0
    Slime:2 |    1878 |       0 |   0.0 |       4 |       0 |   0.0
    Slime:3 |    7212 |       0 |   0.0 |      17 |       0 |   0.0
    Slime:4 |     537 |       0 |   0.0 |       2 |       0 |   0.0
    Slime:5 |   22191 |   25855 |  53.8 |      53 |      18 |  25.4
      Orc:1 |    3721 |      21 |   0.6 |      35 |       7 |  16.7
      Orc:2 |     798 |    8132 |  91.1 |      15 |      27 |  64.3
   Vaults:1 |   16390 |   15398 |  48.4 |      36 |      19 |  34.5
   Vaults:2 |   35518 |   14255 |  28.6 |      61 |      19 |  23.8
   Vaults:3 |   34694 |   41015 |  54.2 |      49 |      70 |  58.8
   Vaults:4 |   31286 |   41133 |  56.8 |      50 |      46 |  47.9
   Vaults:5 |   21876 |   86957 |  79.9 |      31 |      75 |  70.8
    Crypt:1 |   38472 |       0 |   0.0 |      56 |       0 |   0.0
    Crypt:2 |   15947 |    6457 |  28.8 |      26 |       7 |  21.2
    Crypt:3 |   19781 |   35483 |  64.2 |      29 |      36 |  55.4
     Tomb:1 |   12758 |   76893 |  85.8 |      30 |      53 |  63.9
     Tomb:2 |    4985 |   25406 |  83.6 |      31 |      44 |  58.7
     Tomb:3 |   12494 |   70600 |  85.0 |      17 |      82 |  82.8
   Depths:1 |   30890 |       0 |   0.0 |      39 |       0 |   0.0
   Depths:2 |   41333 |   13689 |  24.9 |      50 |      24 |  32.4
   Depths:3 |   31126 |   35030 |  53.0 |      34 |      24 |  41.4
   Depths:4 |   36107 |   33724 |  48.3 |      39 |      34 |  46.6
       Hell |   23132 |   30672 |  57.0 |      36 |      40 |  52.6
      Coc:1 |    2741 |       0 |   0.0 |       3 |       0 |   0.0
      Coc:2 |   10530 |       0 |   0.0 |      24 |       0 |   0.0
      Coc:3 |   11320 |       0 |   0.0 |      14 |       0 |   0.0
      Coc:4 |    8753 |       0 |   0.0 |      11 |       0 |   0.0
      Coc:5 |   38162 |       0 |   0.0 |      32 |       0 |   0.0
      Coc:6 |   28787 |       0 |   0.0 |      27 |       0 |   0.0
      Coc:7 |   31980 |  110178 |  77.5 |      32 |      66 |  67.3
      Tar:1 |    8707 |   11016 |  55.9 |       6 |      13 |  68.4
      Tar:2 |   14531 |       0 |   0.0 |      11 |       0 |   0.0
      Tar:3 |     307 |       0 |   0.0 |       1 |       0 |   0.0
      Tar:4 |   32387 |       0 |   0.0 |      23 |       0 |   0.0
      Tar:5 |   36860 |       0 |   0.0 |      25 |       0 |   0.0
      Tar:6 |   26754 |       0 |   0.0 |      19 |       0 |   0.0
      Tar:7 |   44878 |   66494 |  59.7 |      28 |      48 |  63.2
      Zot:1 |   44915 |    6323 |  12.3 |      39 |       6 |  13.3
      Zot:2 |    5388 |       0 |   0.0 |       4 |       0 |   0.0
      Zot:3 |   16900 |   16337 |  49.2 |      13 |      10 |  43.5
      Zot:4 |   40864 |    6544 |  13.8 |      36 |      12 |  25.0
        Pan |  414709 |  242270 |  36.9 |     637 |     258 |  28.8
      Sewer |       0 |     126 | 100.0 |       0 |      22 | 100.0
            +---------+---------+-------+---------+---------+-------
